Workbook
Name Auxiliar: #REF!
Name Auxiliar: #REF!
Name Auxiliar: #REF!
Name Auxiliar: #REF!
Name Auxiliar: #REF!
Name Auxiliar: #REF!
Name Auxiliar: #REF!
Name Auxiliar: #REF!
Name Auxiliar: #REF!
Name Auxiliar: #REF!
Name Auxiliar: #REF!
Name Auxiliar: #REF!
Name Auxiliar: #REF!
Name Auxiliar: #REF!
Name Auxiliar: #REF!
Name Auxiliar: #REF!
Name CUSTO_VALE_TRANSPORTE: #REF!
Name CUSTO_VALE_TRANSPORTE: #REF!
Name CUSTO_VALE_TRANSPORTE: #REF!
Name CUSTO_VALE_TRANSPORTE: #REF!
Name CUSTO_VALE_TRANSPORTE: #REF!
Name CUSTO_VALE_TRANSPORTE: #REF!
Name CUSTO_VALE_TRANSPORTE: #REF!
Name CUSTO_VALE_TRANSPORTE: #REF!
Name CUSTO_VALE_TRANSPORTE: #REF!
Name CUSTO_VALE_TRANSPORTE: #REF!
Name CUSTO_VALE_TRANSPORTE: #REF!
Name CUSTO_VALE_TRANSPORTE: #REF!
Name CUSTO_VALE_TRANSPORTE: #REF!
Name CUSTO_VALE_TRANSPORTE: #REF!
Name CUSTO_VALE_TRANSPORTE: #REF!
Name CUSTO_VALE_TRANSPORTE: #REF!
Name ecwece4c: #REF!
Name ecwece4c: #REF!
Name ecwece4c: #REF!
Name ecwece4c: #REF!
Name ecwece4c: #REF!
Name ecwece4c: #REF!
Name ecwece4c: #REF!
Name ecwece4c: #REF!
Name ecwece4c: #REF!
Name ecwece4c: #REF!
Name ecwece4c: #REF!
Name ecwece4c: #REF!
Name ecwece4c: #REF!
Name ecwece4c: #REF!
Name ecwece4c: #REF!
Name ecwece4c: #REF!
Name MOMB4: '[1]SERVENTE MANUTENCAO'!$I$144
Name MONA1: #REF!
Name MONA1: #REF!
Name MONA1: #REF!
Name MONA1: #REF!
Name MONA1: #REF!
Name MONA1: #REF!
Name MONA1: #REF!
Name MONA1: #REF!
Name MONA1: #REF!
Name MONA1: #REF!
Name MONA1: #REF!

Sheet Almoxarife
A1: PLANILHA DE CUSTOS E FORMAÇÃO DE PREÇOS DE SERVIÇOS CONTINUADOS COM DEDICAÇÃO EXCLUSIVA DE MÃO DE OBRA (ANEXO III - DECRETO 52.768 de 15.12.2015)
A2: PROCESSO: | C2: 23/1244-0039138-3 | E2: REGIME DE TRIBUTAÇÃO: LUCRO REAL
A3: LICITAÇÃO/EDITAL | E3: ABERTURA:
A5: Cargo/Função: | D5: Almoxarife | G5: =IF(D6="12x36","Regime de trabalho:","Quantidade de HORAS/MÊS") -> Quantidade de HORAS/MÊS | I5: =IF(D6="12x36",D6,5*D6) -> 200
A6: =IF(D6="12x36","Regime de trabalho:","Regime de trabalho (horas semanais):") -> Regime de trabalho (horas semanais): | D6: 40
A7: Convenção Coletiva de Trabalho: | D7: RS002811/2024 | G7: INSALUBRIDADE (10%, 20%, 40%) | I7: Não aplicável
A8: Origem do salário: | D8: RS002811/2024
A9: Cidade: | D9: Porto Alegre | G9: PERICULOSIDADE (30%) | I9: Não aplicável
A10: Salário Normativo | G10: Vlr. do salário e nº de horas correspondentes | H10: 220 | I10: 2228.6
A11: ISS | G11: =D9 -> Porto Alegre | H11: Alíquota | I11: 0.05
A12: Tarifa Transporte | G12: CCT | H12: Vr. Unitário | I12: 4.8
H13: Dias | I13: 22
H14: Desconto | I14: 0.03
A15: Vale Alimentação | G15: CCT | H15: Vr. Unitário | I15: 343
H16: Mês | I16: 1
H17: Desconto | I17: 0.2
A18: Auxílio Lanche | G18: CCT | H18: Vr. Unitário | I18: 0
H19: Dias | I19: 0
H20: Desconto | I20: 0
A21: Outros | G21: CCT | H21: Valor mensal | I21: Não aplicável
A22: Adicional de Supervisor (37%) | H22: Porcentagem | I22: Não aplicável
A23: Base de cálculo da insalubridade | H23: Valor | I23: Não aplicável
A24: Quantitativo de horas trabalhadas em feriados no mês (estimado) - Não aplicável para postos 12x36 | H24: Horas por mês | I24: Não aplicável
H25: Acréscimo da hora extra | I25: Não aplicável
A26: Hora Intervalar (somente para postos 12x36, quando for o caso) | H26: Horas por mês | I26: Não aplicável
A27: Sem fornecimento de materiais ou apenas fornecimento de EPIs ou uniformes, utilizar 10%. Com fornecimento de materiais ou equipamentos, utilizar 20%. (Decreto 52.768/2015, alterado pelo Decreto 53.424/2017) | H27: Porcentagem | I27: 0.2
A29: MONTANTE A
A30: I | B30: Remuneração - Grupo I | H30: % | I30: Valor Mensal/unidade de serviço (R$)
A31: 1 | B31: Salário | H31: =I31/$I$40 -> 1 | I31: =IF(D6="12x36",I10,I10/H10*I5) -> 2026
A32: =A31+1 -> 2 | B32: Adicional Periculosidade 30% (Ver súmulas 364, 132 e 191 do TST) | H32: =I32/$I$40 -> 0 | I32: =IF(I9=30%,I31*I9,0) -> 0
A33: =A32+1 -> 3 | B33: Adicional Insalubridade 10% (Ver súmula 228 e 139 TST) | H33: =I33/$I$40 -> 0 | I33: =IF(I7=10%,I23*I7,0) -> 0
A34: =A33+1 -> 4 | B34: Adicional Insalubridade 20% (Ver súmula 228 e 139 TST) | H34: =I34/$I$40 -> 0 | I34: =IF(I7=20%,I23*I7,0) -> 0
A35: =A34+1 -> 5 | B35: Adicional Insalubridade 40% (Ver súmula 228 e 139 TST) | H35: =I35/$I$40 -> 0 | I35: =IF(I7=40%,I23*I7,0) -> 0
A36: =A35+1 -> 6 | B36: Adicional de Supervisor (IN 05/2017 MPOG SLTI) | H36: =I36/$I$40 -> 0 | I36: =IF(I22="Não aplicável",0,I31*I22) -> 0
A37: =A36+1 -> 7 | B37: Feriados | H37: =I37/$I$40 -> 0 | I37: =IF(I24="Não aplicável",0,(I31+I32+I33+I34+I35+I36+I39)/I5*I24*(1+I25)) -> 0
A38: =A37+1 -> 8 | B38: DSR = número total das horas extras do mês / número de dias úteis X domingos e feriados do mês X valor da hora extra com acréscimo | H38: =I38/$I$40 -> 0 | I38: =IF(I24="Não aplicável",0,I24/I13*5*(I10/H10*(1+I25))) -> 0
A39: =A38+1 -> 9 | B39: =IF(D6="12x36","Para postos 12x36 os feriados são considerados compensados, conforme parágrafo único, Art. 59-A da CLT","Outros") -> Outros | H39: =I39/$I$40 -> 0 | I39: 0
A40: Total de Remuneração | H40: =SUM(H31:H39) -> 1 | I40: =SUM(I31:I39) -> 2026
A42: II | B42: Encargos Sociais - Grupo II: Obrigações Sociais | H42: % | I42: Valor Mensal/unidade de serviço (R$)
A43: 1 | B43: INSS (art. 22, inc. I, Lei nº 8.212/91) | H43: 0.2 | I43: =$I$40*H43 -> 405.2
A44: 2 | B44: SESI ou SESC (art. 30, Lei nº 8.036/90) | H44: 0.015 | I44: =$I$40*H44 -> 30.39
A45: 3 | B45: SENAI ou SENAC (Decreto-Lei nº 2.318/86) | H45: 0.01 | I45: =$I$40*H45 -> 20.26
A46: 4 | B46: INCRA (art. 15I, Lei Complementar nº 011/71) | H46: 0.002 | I46: =$I$40*H46 -> 4.052
A47: 5 | B47: SALÁRIO EDUCAÇÃO (art. , inc. I, Decreto nº 87.043/82) | H47: 0.025 | I47: =$I$40*H47 -> 50.65
A48: 6 | B48: FGTS (art. 15, Lei nº 8.036/90) | H48: 0.08 | I48: =$I$40*H48 -> 162.08
A49: 7 | B49: SEG. ACIDENTE DO TRABALHO 1%, 2% e 3% (art. 22, inc. II, alíneas "b" e "c", da Lei nº 8.212/91) | H49: 0.03 | I49: =$I$40*H49 -> 60.78
A50: 8 | B50: SEBRAE (§ 3º, art. 8º, Lei nº 8.029/90) | H50: 0.006 | I50: =$I$40*H50 -> 12.156
A51: Total do Grupo II | H51: =SUM(H43:H50) -> 0.368 | I51: =SUM(I43:I50) -> 745.568
A52: Os percentuais para o SAT podem variar de 0,50% a 6,00% em função do Fator de Acidente Previdenciário (FAP), Decreto nº 6.957/2009
A53: Deverá obrigatoriamente acompanhar a proposta de preços e a planilha de custos e formação de preços a prova do Fator Acidentário de Prevenção – FAP por meio de impressão de consulta ao site do Ministério da Previdência Social (que pode ser obtido no endereço eletrônico http://www2.dataprev.gov.br/fap/fap.htm), independentemente de alteração da alíquota da parcela do Seguro Acidente de Trabalho disposta no Quadro II da referida planilha.
A54: III | B54: Encargos Sociais - Grupo III: Tempo Não Trabalhado | H54: % | I54: Valor Mensal/unidade de serviço (R$)
A55: 1 | B55: FÉRIAS GOZADAS + ADICIONAL DE FÉRIAS | H55: 0.119314 | I55: =$I$40*H55 -> 241.73016
A56: 2 | B56: FALTAS ABONADAS (3) | H56: 0.020479 | I56: =$I$40*H56 -> 41.490454
A57: 3 | B57: FALTAS LEGAIS (4) | H57: 0.012123 | I57: =$I$40*H57 -> 24.561198
A58: 4 | B58: LICENÇA MATERNIDADE | H58: 0.011436 | I58: =$I$40*H58 -> 23.169336
A59: 5 | B59: LICENÇA PATERNIDADE | H59: 0.000174 | I59: =$I$40*H59 -> 0.352524
A60: 6 | B60: ACIDENTE DE TRABALHO | H60: 0.000442 | I60: =$I$40*H60 -> 0.895492
A61: 7 | B61: AVISO PRÉVIO TRABALHADO | H61: 0.000185 | I61: =$I$40*H61 -> 0.37481
A62: 8 | B62: 13º SALÁRIO | H62: 0.09079 | I62: =$I$40*H62 -> 183.94054
A63: Total do Grupo III | H63: =SUM(H55:H62) -> 0.254943 | I63: =SUM(I55:I62) -> 516.51452
A64: (3) | B64: Faltas Justificadas por Auxílio Doença
A65: (4) | B65: Faltas Legais - Art. 473 CLT
A66: IV | B66: Encargos Sociais - Grupo IV: Indenizações | H66: % | I66: Valor Mensal/unidade de serviço (R$)
A67: 1 | B67: INDENIZAÇÕES | H67: 0.023627 | I67: =$I$40*H67 -> 47.868302
A68: 2 | B68: FGTS SOBRE INDENIZAÇÕES | H68: 0.001717 | I68: =$I$40*H68 -> 3.478642
A69: 3 | B69: INDENIZAÇÃO COMPENSATÓRIA POR DEMISSÃO SEM JUSTA CAUSA | H69: 0.009451 | I69: =$I$40*H69 -> 19.147726
A70: Total do Grupo IV | H70: =SUM(H67:H69) -> 0.034795 | I70: =SUM(I67:I69) -> 70.49467
A72: V | B72: Encargos Sociais - Grupo V: Incidências | H72: % | I72: Valor Mensal/unidade de serviço (R$)
A73: 1 | B73: INCIDÊNCIA GRUPO II (Obrigações Sociais) X GRUPO III (Tempo Não Trabalhado) | H73: =(H51*H63) -> 0.093819024 | I73: =$I$40*H73 -> 190.07734
A74: Total do Grupo V | H74: =SUM(H73:H73) -> 0.093819024 | I74: =I73 -> 190.07734
A76: TOTAL DOS ENCAGOS SOCIAIS (II + III + IV + V) | H76: =H51+H63+H70+H74 -> 0.75155702 | I76: =I51+I63+I70+I74 -> 1522.6545
A78: VI | B78: Demais custos relativos à Norma Coletiva ou Disposições Legais - Grupo VI | H78: % | I78: Valor Mensal/unidade de serviço (R$)
A79: 1 | B79: Auxílio Alimentação | H79: =I79/$I$40 -> 0.13543929 | I79: =I97 -> 274.4
A80: =A79+1 -> 2 | B80: Auxílio Lanche | H80: =I80/$I$40 -> 0 | I80: =I93 -> 0
A81: =A80+1 -> 3 | B81: Plano de Saúde | H81: =I81/$I$40 -> 0 | I81: 0
A82: =A81+1 -> 4 | B82: Vale-Transporte⁽⁵⁾ | H82: =I82/$I$40 -> 0.074244817 | I82: =I89 -> 150.42
A83: =A82+1 -> 5 | B83: Adicional Intervalar | H83: =I83/$I$40 -> 0 | I83: =IF(I26="Não aplicável",0,((I10/H10)*1.5*I26)) -> 0
A84: =A83+1 -> 6 | B84: Outros | H84: =I84/$I$40 -> 0 | I84: =IF(I21="Não aplicável",0,I21) -> 0
A85: Total do Grupo VI | H85: =SUM(H79:H84) -> 0.20968411 | I85: =SUM(I79:I84) -> 424.82
A86: (5) | B86: O valor do vale-transporte pode variar de acordo com o modal fornecido pelo empregador.
A87: MEMÓRIA DE CÁLCULO DO VALE TRANSPORTE
A88: Valor Unitário | C88: Dias de Trabalho | D88: Vale p/dia | E88: Custo total | F88: Base de cálculo | G88: Percentual de desconto | H88: Valor desconto | I88: Custo efetivo
A89: =I12 -> 4.8 | C89: =I13 -> 22 | D89: 2 | E89: =A89*C89*D89 -> 211.2 | F89: =I31 -> 2026 | G89: =I14 -> 0.03 | H89: =F89*G89 -> 60.78 | I89: =IF((E89-H89)>0,E89-H89,0) -> 150.42
A91: MEMÓRIA DE CÁLCULO DO VALE LANCHE
A92: Valor Unitário | C92: Dias por mês | D92: Vale p/dia | E92: Custo total | F92: Base de cálculo | G92: Percentual de desconto | H92: Valor desconto | I92: Custo efetivo
A93: =I18 -> 0 | C93: =I19 -> 0 | D93: 1 | E93: =A93*C93*D93 -> 0 | F93: =E93 -> 0 | G93: =I20 -> 0 | H93: =F93*G93 -> 0 | I93: =E93-H93 -> 0
A95: MEMÓRIA DE CÁLCULO DO | F95: =A15 -> Vale Alimentação
A96: Valor Unitário | C96: Dias por mês | D96: Vale p/dia | E96: Custo total | F96: Base de cálculo | G96: Percentual de desconto | H96: =H88 -> Valor desconto | I96: Custo efetivo
A97: =I15 -> 343 | C97: =I16 -> 1 | D97: 1 | E97: =A97*C97*D97 -> 343 | F97: =E97 -> 343 | G97: =I17 -> 0.2 | H97: =F97*G97 -> 68.6 | I97: =E97-H97 -> 274.4
A99: TOTAL DO MONTANTE A (I + II + III+ IV + V +VI) | H99: =H40+H76+H85 -> 1.9612411 | I99: =I40+I76+I85 -> 3973.4745
A101: MONTANTE B
A102: I | B102: Despesas Diretas | H102: % | I102: Valor Mensal/unidade de serviço (R$)
A103: 1 | B103: Transporte (6) | H103: =I103/$I$114 -> 0 | I103: 0
A104: 2 | B104: Uniformes/EPI (6a) | H104: =I104/$I$114 -> 0 | I104: =IF(F112=10%,G112,0) -> 0
A105: 3 | B105: Seguro de vida | H105: =I105/$I$114 -> 0 | I105: 0
A106: 4 | B106: Materiais/Equipamentos | H106: =I106/$I$114 -> 0 | I106: 0
A107: 5 | B107: Mobilização (7) | H107: =I107/$I$114 -> 0 | I107: 0
A108: 6 | B108: Outros (especificar) | H108: =I108/$I$114 -> 0 | I108: 0
A109: Total de Despesas Diretas | H109: =H103+H104+H105+H106+H107+H108 -> 0 | I109: =SUM(I103:I108) -> 0
B110: (6) Somente será preenchido quando o licitante fornecer transporte próprio (6a) EPI - Equipamento de Proteção Individual (7) Tais custos de mobilização não são renováveis, devendo ser eliminados após o primeiro ano de contrato caso haja prorrogação
...

Sheet MarcenCarpint
A1: PLANILHA DE CUSTOS E FORMAÇÃO DE PREÇOS DE SERVIÇOS CONTINUADOS COM DEDICAÇÃO EXCLUSIVA DE MÃO DE OBRA (ANEXO III - DECRETO 52.768 de 15.12.2015)
A2: PROCESSO: | C2: 23/1244-0039138-3 | E2: REGIME DE TRIBUTAÇÃO: LUCRO REAL
A3: LICITAÇÃO/EDITAL | E3: ABERTURA:
A5: Cargo/Função: | D5: Marceneiro/Carpinteiro | G5: =IF(D6="12x36","Regime de trabalho:","Quantidade de HORAS/MÊS") -> Quantidade de HORAS/MÊS | I5: =IF(D6="12x36",D6,5*D6) -> 200
A6: =IF(D6="12x36","Regime de trabalho:","Regime de trabalho (horas semanais):") -> Regime de trabalho (horas semanais): | D6: 40
A7: Convenção Coletiva de Trabalho: | D7: RS002811/2024 | G7: INSALUBRIDADE (10%, 20%, 40%) | I7: Não aplicável
A8: Origem do salário: | D8: RS002811/2024
A9: Cidade: | D9: Porto Alegre | G9: PERICULOSIDADE (30%) | I9: Não aplicável
A10: Salário Normativo | G10: Vlr. do salário e nº de horas correspondentes | H10: 220 | I10: 2228.6
A11: ISS | G11: =D9 -> Porto Alegre | H11: Alíquota | I11: 0.05
A12: Tarifa Transporte | G12: CCT | H12: Vr. Unitário | I12: 4.8
H13: Dias | I13: 22
H14: Desconto | I14: 0.03
A15: Vale Alimentação | G15: CCT | H15: Vr. Unitário | I15: 343
H16: Mês | I16: 1
H17: Desconto | I17: 0.2
A18: Auxílio Lanche | G18: CCT | H18: Vr. Unitário | I18: 0
H19: Dias | I19: 0
H20: Desconto | I20: 0
A21: Outros | G21: CCT | H21: Valor mensal | I21: Não aplicável
A22: Adicional de Supervisor (37%) | H22: Porcentagem | I22: Não aplicável
A23: Base de cálculo da insalubridade | H23: Valor | I23: Não aplicável
A24: Quantitativo de horas trabalhadas em feriados no mês (estimado) - Não aplicável para postos 12x36 | H24: Horas por mês | I24: Não aplicável
H25: Acréscimo da hora extra | I25: Não aplicável
A26: Hora Intervalar (somente para postos 12x36, quando for o caso) | H26: Horas por mês | I26: Não aplicável
A27: Sem fornecimento de materiais ou apenas fornecimento de EPIs ou uniformes, utilizar 10%. Com fornecimento de materiais ou equipamentos, utilizar 20%. (Decreto 52.768/2015, alterado pelo Decreto 53.424/2017) | H27: Porcentagem | I27: 0.2
A29: MONTANTE A
A30: I | B30: Remuneração - Grupo I | H30: % | I30: Valor Mensal/unidade de serviço (R$)
A31: 1 | B31: Salário | H31: =I31/$I$40 -> 1 | I31: =IF(D6="12x36",I10,I10/H10*I5) -> 2026
A32: =A31+1 -> 2 | B32: Adicional Periculosidade 30% (Ver súmulas 364, 132 e 191 do TST) | H32: =I32/$I$40 -> 0 | I32: =IF(I9=30%,I31*I9,0) -> 0
A33: =A32+1 -> 3 | B33: Adicional Insalubridade 10% (Ver súmula 228 e 139 TST) | H33: =I33/$I$40 -> 0 | I33: =IF(I7=10%,I23*I7,0) -> 0
A34: =A33+1 -> 4 | B34: Adicional Insalubridade 20% (Ver súmula 228 e 139 TST) | H34: =I34/$I$40 -> 0 | I34: =IF(I7=20%,I23*I7,0) -> 0
A35: =A34+1 -> 5 | B35: Adicional Insalubridade 40% (Ver súmula 228 e 139 TST) | H35: =I35/$I$40 -> 0 | I35: =IF(I7=40%,I23*I7,0) -> 0
A36: =A35+1 -> 6 | B36: Adicional de Supervisor (IN 05/2017 MPOG SLTI) | H36: =I36/$I$40 -> 0 | I36: =IF(I22="Não aplicável",0,I31*I22) -> 0
A37: =A36+1 -> 7 | B37: Feriados | H37: =I37/$I$40 -> 0 | I37: =IF(I24="Não aplicável",0,(I31+I32+I33+I34+I35+I36+I39)/I5*I24*(1+I25)) -> 0
A38: =A37+1 -> 8 | B38: DSR = número total das horas extras do mês / número de dias úteis X domingos e feriados do mês X valor da hora extra com acréscimo | H38: =I38/$I$40 -> 0 | I38: =IF(I24="Não aplicável",0,I24/I13*5*(I10/H10*(1+I25))) -> 0
A39: =A38+1 -> 9 | B39: =IF(D6="12x36","Para postos 12x36 os feriados são considerados compensados, conforme parágrafo único, Art. 59-A da CLT","Outros") -> Outros | H39: =I39/$I$40 -> 0 | I39: 0
A40: Total de Remuneração | H40: =SUM(H31:H39) -> 1 | I40: =SUM(I31:I39) -> 2026
A42: II | B42: Encargos Sociais - Grupo II: Obrigações Sociais | H42: % | I42: Valor Mensal/unidade de serviço (R$)
A43: 1 | B43: INSS (art. 22, inc. I, Lei nº 8.212/91) | H43: 0.2 | I43: =$I$40*H43 -> 405.2
A44: 2 | B44: SESI ou SESC (art. 30, Lei nº 8.036/90) | H44: 0.015 | I44: =$I$40*H44 -> 30.39
A45: 3 | B45: SENAI ou SENAC (Decreto-Lei nº 2.318/86) | H45: 0.01 | I45: =$I$40*H45 -> 20.26
A46: 4 | B46: INCRA (art. 15I, Lei Complementar nº 011/71) | H46: 0.002 | I46: =$I$40*H46 -> 4.052
A47: 5 | B47: SALÁRIO EDUCAÇÃO (art. , inc. I, Decreto nº 87.043/82) | H47: 0.025 | I47: =$I$40*H47 -> 50.65
A48: 6 | B48: FGTS (art. 15, Lei nº 8.036/90) | H48: 0.08 | I48: =$I$40*H48 -> 162.08
A49: 7 | B49: SEG. ACIDENTE DO TRABALHO 1%, 2% e 3% (art. 22, inc. II, alíneas "b" e "c", da Lei nº 8.212/91) | H49: 0.03 | I49: =$I$40*H49 -> 60.78
A50: 8 | B50: SEBRAE (§ 3º, art. 8º, Lei nº 8.029/90) | H50: 0.006 | I50: =$I$40*H50 -> 12.156
A51: Total do Grupo II | H51: =SUM(H43:H50) -> 0.368 | I51: =SUM(I43:I50) -> 745.568
A52: Os percentuais para o SAT podem variar de 0,50% a 6,00% em função do Fator de Acidente Previdenciário (FAP), Decreto nº 6.957/2009
A53: Deverá obrigatoriamente acompanhar a proposta de preços e a planilha de custos e formação de preços a prova do Fator Acidentário de Prevenção – FAP por meio de impressão de consulta ao site do Ministério da Previdência Social (que pode ser obtido no endereço eletrônico http://www2.dataprev.gov.br/fap/fap.htm), independentemente de alteração da alíquota da parcela do Seguro Acidente de Trabalho disposta no Quadro II da referida planilha.
A54: III | B54: Encargos Sociais - Grupo III: Tempo Não Trabalhado | H54: % | I54: Valor Mensal/unidade de serviço (R$)
A55: 1 | B55: FÉRIAS GOZADAS + ADICIONAL DE FÉRIAS | H55: 0.119314 | I55: =$I$40*H55 -> 241.73016
A56: 2 | B56: FALTAS ABONADAS (3) | H56: 0.020479 | I56: =$I$40*H56 -> 41.490454
A57: 3 | B57: FALTAS LEGAIS (4) | H57: 0.012123 | I57: =$I$40*H57 -> 24.561198
A58: 4 | B58: LICENÇA MATERNIDADE | H58: 0.011436 | I58: =$I$40*H58 -> 23.169336
A59: 5 | B59: LICENÇA PATERNIDADE | H59: 0.000174 | I59: =$I$40*H59 -> 0.352524
A60: 6 | B60: ACIDENTE DE TRABALHO | H60: 0.000442 | I60: =$I$40*H60 -> 0.895492
A61: 7 | B61: AVISO PRÉVIO TRABALHADO | H61: 0.000185 | I61: =$I$40*H61 -> 0.37481
A62: 8 | B62: 13º SALÁRIO | H62: 0.09079 | I62: =$I$40*H62 -> 183.94054
A63: Total do Grupo III | H63: =SUM(H55:H62) -> 0.254943 | I63: =SUM(I55:I62) -> 516.51452
A64: (3) | B64: Faltas Justificadas por Auxílio Doença
A65: (4) | B65: Faltas Legais - Art. 473 CLT
A66: IV | B66: Encargos Sociais - Grupo IV: Indenizações | H66: % | I66: Valor Mensal/unidade de serviço (R$)
A67: 1 | B67: INDENIZAÇÕES | H67: 0.023627 | I67: =$I$40*H67 -> 47.868302
A68: 2 | B68: FGTS SOBRE INDENIZAÇÕES | H68: 0.001717 | I68: =$I$40*H68 -> 3.478642
A69: 3 | B69: INDENIZAÇÃO COMPENSATÓRIA POR DEMISSÃO SEM JUSTA CAUSA | H69: 0.009451 | I69: =$I$40*H69 -> 19.147726
A70: Total do Grupo IV | H70: =SUM(H67:H69) -> 0.034795 | I70: =SUM(I67:I69) -> 70.49467
A72: V | B72: Encargos Sociais - Grupo V: Incidências | H72: % | I72: Valor Mensal/unidade de serviço (R$)
A73: 1 | B73: INCIDÊNCIA GRUPO II (Obrigações Sociais) X GRUPO III (Tempo Não Trabalhado) | H73: =(H51*H63) -> 0.093819024 | I73: =$I$40*H73 -> 190.07734
A74: Total do Grupo V | H74: =SUM(H73:H73) -> 0.093819024 | I74: =I73 -> 190.07734
A76: TOTAL DOS ENCAGOS SOCIAIS (II + III + IV + V) | H76: =H51+H63+H70+H74 -> 0.75155702 | I76: =I51+I63+I70+I74 -> 1522.6545
A78: VI | B78: Demais custos relativos à Norma Coletiva ou Disposições Legais - Grupo VI | H78: % | I78: Valor Mensal/unidade de serviço (R$)
A79: 1 | B79: Auxílio Alimentação | H79: =I79/$I$40 -> 0.13543929 | I79: =I97 -> 274.4
A80: =A79+1 -> 2 | B80: Auxílio Lanche | H80: =I80/$I$40 -> 0 | I80: =I93 -> 0
A81: =A80+1 -> 3 | B81: Plano de Saúde | H81: =I81/$I$40 -> 0 | I81: 0
A82: =A81+1 -> 4 | B82: Vale-Transporte⁽⁵⁾ | H82: =I82/$I$40 -> 0.074244817 | I82: =I89 -> 150.42
A83: =A82+1 -> 5 | B83: Adicional Intervalar | H83: =I83/$I$40 -> 0 | I83: =IF(I26="Não aplicável",0,((I10/H10)*1.5*I26)) -> 0
A84: =A83+1 -> 6 | B84: Outros | H84: =I84/$I$40 -> 0 | I84: =IF(I21="Não aplicável",0,I21) -> 0
A85: Total do Grupo VI | H85: =SUM(H79:H84) -> 0.20968411 | I85: =SUM(I79:I84) -> 424.82
A86: (5) | B86: O valor do vale-transporte pode variar de acordo com o modal fornecido pelo empregador.
A87: MEMÓRIA DE CÁLCULO DO VALE TRANSPORTE
A88: Valor Unitário | C88: Dias de Trabalho | D88: Vale p/dia | E88: Custo total | F88: Base de cálculo | G88: Percentual de desconto | H88: Valor desconto | I88: Custo efetivo
A89: =I12 -> 4.8 | C89: =I13 -> 22 | D89: 2 | E89: =A89*C89*D89 -> 211.2 | F89: =I31 -> 2026 | G89: =I14 -> 0.03 | H89: =F89*G89 -> 60.78 | I89: =IF((E89-H89)>0,E89-H89,0) -> 150.42
A91: MEMÓRIA DE CÁLCULO DO VALE LANCHE
A92: Valor Unitário | C92: Dias por mês | D92: Vale p/dia | E92: Custo total | F92: Base de cálculo | G92: Percentual de desconto | H92: Valor desconto | I92: Custo efetivo
A93: =I18 -> 0 | C93: =I19 -> 0 | D93: 1 | E93: =A93*C93*D93 -> 0 | F93: =E93 -> 0 | G93: =I20 -> 0 | H93: =F93*G93 -> 0 | I93: =E93-H93 -> 0
A95: MEMÓRIA DE CÁLCULO DO | F95: =A15 -> Vale Alimentação
A96: Valor Unitário | C96: Dias por mês | D96: Vale p/dia | E96: Custo total | F96: Base de cálculo | G96: Percentual de desconto | H96: =H88 -> Valor desconto | I96: Custo efetivo
A97: =I15 -> 343 | C97: =I16 -> 1 | D97: 1 | E97: =A97*C97*D97 -> 343 | F97: =E97 -> 343 | G97: =I17 -> 0.2 | H97: =F97*G97 -> 68.6 | I97: =E97-H97 -> 274.4
A99: TOTAL DO MONTANTE A (I + II + III+ IV + V +VI) | H99: =H40+H76+H85 -> 1.9612411 | I99: =I40+I76+I85 -> 3973.4745
A101: MONTANTE B
A102: I | B102: Despesas Diretas | H102: % | I102: Valor Mensal/unidade de serviço (R$)
A103: 1 | B103: Transporte (6) | H103: =I103/$I$114 -> 0 | I103: 0
A104: 2 | B104: Uniformes/EPI (6a) | H104: =I104/$I$114 -> 0 | I104: =IF(F112=10%,G112,0) -> 0
A105: 3 | B105: Seguro de vida | H105: =I105/$I$114 -> 0 | I105: 0
A106: 4 | B106: Materiais/Equipamentos | H106: =I106/$I$114 -> 0 | I106: 0
A107: 5 | B107: Mobilização (7) | H107: =I107/$I$114 -> 0 | I107: 0
A108: 6 | B108: Outros (especificar) | H108: =I108/$I$114 -> 0 | I108: 0
A109: Total de Despesas Diretas | H109: =H103+H104+H105+H106+H107+H108 -> 0 | I109: =SUM(I103:I108) -> 0
B110: (6) Somente será preenchido quando o licitante fornecer transporte próprio (6a) EPI - Equipamento de Proteção Individual (7) Tais custos de mobilização não são renováveis, devendo ser eliminados após o primeiro ano de contrato caso haja prorrogação
...

Sheet Pedreiro
A1: PLANILHA DE CUSTOS E FORMAÇÃO DE PREÇOS DE SERVIÇOS CONTINUADOS COM DEDICAÇÃO EXCLUSIVA DE MÃO DE OBRA (ANEXO III - DECRETO 52.768 de 15.12.2015)
A2: PROCESSO: | C2: 23/1244-0039138-3 | E2: REGIME DE TRIBUTAÇÃO: LUCRO REAL
A3: LICITAÇÃO/EDITAL | E3: ABERTURA:
A5: Cargo/Função: | D5: Pedreiro | G5: =IF(D6="12x36","Regime de trabalho:","Quantidade de HORAS/MÊS") -> Quantidade de HORAS/MÊS | I5: =IF(D6="12x36",D6,5*D6) -> 200
A6: =IF(D6="12x36","Regime de trabalho:","Regime de trabalho (horas semanais):") -> Regime de trabalho (horas semanais): | D6: 40
A7: Convenção Coletiva de Trabalho: | D7: RS002811/2024 | G7: INSALUBRIDADE (10%, 20%, 40%) | I7: Não aplicável
A8: Origem do salário: | D8: RS002811/2024
A9: Cidade: | D9: Porto Alegre | G9: PERICULOSIDADE (30%) | I9: Não aplicável
A10: Salário Normativo | G10: Vlr. do salário e nº de horas correspondentes | H10: 220 | I10: 2228.6
A11: ISS | G11: =D9 -> Porto Alegre | H11: Alíquota | I11: 0.05
A12: Tarifa Transporte | G12: CCT | H12: Vr. Unitário | I12: 4.8
H13: Dias | I13: 22
H14: Desconto | I14: 0.03
A15: Vale Alimentação | G15: CCT | H15: Vr. Unitário | I15: 343
H16: Mês | I16: 1
H17: Desconto | I17: 0.2
A18: Auxílio Lanche | G18: CCT | H18: Vr. Unitário | I18: 0
H19: Dias | I19: 0
H20: Desconto | I20: 0
A21: Outros | G21: CCT | H21: Valor mensal | I21: Não aplicável
A22: Adicional de Supervisor (37%) | H22: Porcentagem | I22: Não aplicável
A23: Base de cálculo da insalubridade | H23: Valor | I23: Não aplicável
A24: Quantitativo de horas trabalhadas em feriados no mês (estimado) - Não aplicável para postos 12x36 | H24: Horas por mês | I24: Não aplicável
H25: Acréscimo da hora extra | I25: Não aplicável
A26: Hora Intervalar (somente para postos 12x36, quando for o caso) | H26: Horas por mês | I26: Não aplicável
A27: Sem fornecimento de materiais ou apenas fornecimento de EPIs ou uniformes, utilizar 10%. Com fornecimento de materiais ou equipamentos, utilizar 20%. (Decreto 52.768/2015, alterado pelo Decreto 53.424/2017) | H27: Porcentagem | I27: 0.2
A29: MONTANTE A
A30: I | B30: Remuneração - Grupo I | H30: % | I30: Valor Mensal/unidade de serviço (R$)
A31: 1 | B31: Salário | H31: =I31/$I$40 -> 1 | I31: =IF(D6="12x36",I10,I10/H10*I5) -> 2026
A32: =A31+1 -> 2 | B32: Adicional Periculosidade 30% (Ver súmulas 364, 132 e 191 do TST) | H32: =I32/$I$40 -> 0 | I32: =IF(I9=30%,I31*I9,0) -> 0
A33: =A32+1 -> 3 | B33: Adicional Insalubridade 10% (Ver súmula 228 e 139 TST) | H33: =I33/$I$40 -> 0 | I33: =IF(I7=10%,I23*I7,0) -> 0
A34: =A33+1 -> 4 | B34: Adicional Insalubridade 20% (Ver súmula 228 e 139 TST) | H34: =I34/$I$40 -> 0 | I34: =IF(I7=20%,I23*I7,0) -> 0
A35: =A34+1 -> 5 | B35: Adicional Insalubridade 40% (Ver súmula 228 e 139 TST) | H35: =I35/$I$40 -> 0 | I35: =IF(I7=40%,I23*I7,0) -> 0
A36: =A35+1 -> 6 | B36: Adicional de Supervisor (IN 05/2017 MPOG SLTI) | H36: =I36/$I$40 -> 0 | I36: =IF(I22="Não aplicável",0,I31*I22) -> 0
A37: =A36+1 -> 7 | B37: Feriados | H37: =I37/$I$40 -> 0 | I37: =IF(I24="Não aplicável",0,(I31+I32+I33+I34+I35+I36+I39)/I5*I24*(1+I25)) -> 0
A38: =A37+1 -> 8 | B38: DSR = número total das horas extras do mês / número de dias úteis X domingos e feriados do mês X valor da hora extra com acréscimo | H38: =I38/$I$40 -> 0 | I38: =IF(I24="Não aplicável",0,I24/I13*5*(I10/H10*(1+I25))) -> 0
A39: =A38+1 -> 9 | B39: =IF(D6="12x36","Para postos 12x36 os feriados são considerados compensados, conforme parágrafo único, Art. 59-A da CLT","Outros") -> Outros | H39: =I39/$I$40 -> 0 | I39: 0
A40: Total de Remuneração | H40: =SUM(H31:H39) -> 1 | I40: =SUM(I31:I39) -> 2026
A42: II | B42: Encargos Sociais - Grupo II: Obrigações Sociais | H42: % | I42: Valor Mensal/unidade de serviço (R$)
A43: 1 | B43: INSS (art. 22, inc. I, Lei nº 8.212/91) | H43: 0.2 | I43: =$I$40*H43 -> 405.2
A44: 2 | B44: SESI ou SESC (art. 30, Lei nº 8.036/90) | H44: 0.015 | I44: =$I$40*H44 -> 30.39
A45: 3 | B45: SENAI ou SENAC (Decreto-Lei nº 2.318/86) | H45: 0.01 | I45: =$I$40*H45 -> 20.26
A46: 4 | B46: INCRA (art. 15I, Lei Complementar nº 011/71) | H46: 0.002 | I46: =$I$40*H46 -> 4.052
A47: 5 | B47: SALÁRIO EDUCAÇÃO (art. , inc. I, Decreto nº 87.043/82) | H47: 0.025 | I47: =$I$40*H47 -> 50.65
A48: 6 | B48: FGTS (art. 15, Lei nº 8.036/90) | H48: 0.08 | I48: =$I$40*H48 -> 162.08
A49: 7 | B49: SEG. ACIDENTE DO TRABALHO 1%, 2% e 3% (art. 22, inc. II, alíneas "b" e "c", da Lei nº 8.212/91) | H49: 0.03 | I49: =$I$40*H49 -> 60.78
A50: 8 | B50: SEBRAE (§ 3º, art. 8º, Lei nº 8.029/90) | H50: 0.006 | I50: =$I$40*H50 -> 12.156
A51: Total do Grupo II | H51: =SUM(H43:H50) -> 0.368 | I51: =SUM(I43:I50) -> 745.568
A52: Os percentuais para o SAT podem variar de 0,50% a 6,00% em função do Fator de Acidente Previdenciário (FAP), Decreto nº 6.957/2009
A53: Deverá obrigatoriamente acompanhar a proposta de preços e a planilha de custos e formação de preços a prova do Fator Acidentário de Prevenção – FAP por meio de impressão de consulta ao site do Ministério da Previdência Social (que pode ser obtido no endereço eletrônico http://www2.dataprev.gov.br/fap/fap.htm), independentemente de alteração da alíquota da parcela do Seguro Acidente de Trabalho disposta no Quadro II da referida planilha.
A54: III | B54: Encargos Sociais - Grupo III: Tempo Não Trabalhado | H54: % | I54: Valor Mensal/unidade de serviço (R$)
A55: 1 | B55: FÉRIAS GOZADAS + ADICIONAL DE FÉRIAS | H55: 0.119314 | I55: =$I$40*H55 -> 241.73016
A56: 2 | B56: FALTAS ABONADAS (3) | H56: 0.020479 | I56: =$I$40*H56 -> 41.490454
A57: 3 | B57: FALTAS LEGAIS (4) | H57: 0.012123 | I57: =$I$40*H57 -> 24.561198
A58: 4 | B58: LICENÇA MATERNIDADE | H58: 0.011436 | I58: =$I$40*H58 -> 23.169336
A59: 5 | B59: LICENÇA PATERNIDADE | H59: 0.000174 | I59: =$I$40*H59 -> 0.352524
A60: 6 | B60: ACIDENTE DE TRABALHO | H60: 0.000442 | I60: =$I$40*H60 -> 0.895492
A61: 7 | B61: AVISO PRÉVIO TRABALHADO | H61: 0.000185 | I61: =$I$40*H61 -> 0.37481
A62: 8 | B62: 13º SALÁRIO | H62: 0.09079 | I62: =$I$40*H62 -> 183.94054
A63: Total do Grupo III | H63: =SUM(H55:H62) -> 0.254943 | I63: =SUM(I55:I62) -> 516.51452
A64: (3) | B64: Faltas Justificadas por Auxílio Doença
A65: (4) | B65: Faltas Legais - Art. 473 CLT
A66: IV | B66: Encargos Sociais - Grupo IV: Indenizações | H66: % | I66: Valor Mensal/unidade de serviço (R$)
A67: 1 | B67: INDENIZAÇÕES | H67: 0.023627 | I67: =$I$40*H67 -> 47.868302
A68: 2 | B68: FGTS SOBRE INDENIZAÇÕES | H68: 0.001717 | I68: =$I$40*H68 -> 3.478642
A69: 3 | B69: INDENIZAÇÃO COMPENSATÓRIA POR DEMISSÃO SEM JUSTA CAUSA | H69: 0.009451 | I69: =$I$40*H69 -> 19.147726
A70: Total do Grupo IV | H70: =SUM(H67:H69) -> 0.034795 | I70: =SUM(I67:I69) -> 70.49467
A72: V | B72: Encargos Sociais - Grupo V: Incidências | H72: % | I72: Valor Mensal/unidade de serviço (R$)
A73: 1 | B73: INCIDÊNCIA GRUPO II (Obrigações Sociais) X GRUPO III (Tempo Não Trabalhado) | H73: =(H51*H63) -> 0.093819024 | I73: =$I$40*H73 -> 190.07734
A74: Total do Grupo V | H74: =SUM(H73:H73) -> 0.093819024 | I74: =I73 -> 190.07734
A76: TOTAL DOS ENCAGOS SOCIAIS (II + III + IV + V) | H76: =H51+H63+H70+H74 -> 0.75155702 | I76: =I51+I63+I70+I74 -> 1522.6545
A78: VI | B78: Demais custos relativos à Norma Coletiva ou Disposições Legais - Grupo VI | H78: % | I78: Valor Mensal/unidade de serviço (R$)
A79: 1 | B79: Auxílio Alimentação | H79: =I79/$I$40 -> 0.13543929 | I79: =I97 -> 274.4
A80: =A79+1 -> 2 | B80: Auxílio Lanche | H80: =I80/$I$40 -> 0 | I80: =I93 -> 0
A81: =A80+1 -> 3 | B81: Plano de Saúde | H81: =I81/$I$40 -> 0 | I81: 0
A82: =A81+1 -> 4 | B82: Vale-Transporte⁽⁵⁾ | H82: =I82/$I$40 -> 0.074244817 | I82: =I89 -> 150.42
A83: =A82+1 -> 5 | B83: Adicional Intervalar | H83: =I83/$I$40 -> 0 | I83: =IF(I26="Não aplicável",0,((I10/H10)*1.5*I26)) -> 0
A84: =A83+1 -> 6 | B84: Outros | H84: =I84/$I$40 -> 0 | I84: =IF(I21="Não aplicável",0,I21) -> 0
A85: Total do Grupo VI | H85: =SUM(H79:H84) -> 0.20968411 | I85: =SUM(I79:I84) -> 424.82
A86: (5) | B86: O valor do vale-transporte pode variar de acordo com o modal fornecido pelo empregador.
A87: MEMÓRIA DE CÁLCULO DO VALE TRANSPORTE
A88: Valor Unitário | C88: Dias de Trabalho | D88: Vale p/dia | E88: Custo total | F88: Base de cálculo | G88: Percentual de desconto | H88: Valor desconto | I88: Custo efetivo
A89: =I12 -> 4.8 | C89: =I13 -> 22 | D89: 2 | E89: =A89*C89*D89 -> 211.2 | F89: =I31 -> 2026 | G89: =I14 -> 0.03 | H89: =F89*G89 -> 60.78 | I89: =IF((E89-H89)>0,E89-H89,0) -> 150.42
A91: MEMÓRIA DE CÁLCULO DO VALE LANCHE
A92: Valor Unitário | C92: Dias por mês | D92: Vale p/dia | E92: Custo total | F92: Base de cálculo | G92: Percentual de desconto | H92: Valor desconto | I92: Custo efetivo
A93: =I18 -> 0 | C93: =I19 -> 0 | D93: 1 | E93: =A93*C93*D93 -> 0 | F93: =E93 -> 0 | G93: =I20 -> 0 | H93: =F93*G93 -> 0 | I93: =E93-H93 -> 0
A95: MEMÓRIA DE CÁLCULO DO | F95: =A15 -> Vale Alimentação
A96: Valor Unitário | C96: Dias por mês | D96: Vale p/dia | E96: Custo total | F96: Base de cálculo | G96: Percentual de desconto | H96: =H88 -> Valor desconto | I96: Custo efetivo
A97: =I15 -> 343 | C97: =I16 -> 1 | D97: 1 | E97: =A97*C97*D97 -> 343 | F97: =E97 -> 343 | G97: =I17 -> 0.2 | H97: =F97*G97 -> 68.6 | I97: =E97-H97 -> 274.4
A99: TOTAL DO MONTANTE A (I + II + III+ IV + V +VI) | H99: =H40+H76+H85 -> 1.9612411 | I99: =I40+I76+I85 -> 3973.4745
A101: MONTANTE B
A102: I | B102: Despesas Diretas | H102: % | I102: Valor Mensal/unidade de serviço (R$)
A103: 1 | B103: Transporte (6) | H103: =I103/$I$114 -> 0 | I103: 0
A104: 2 | B104: Uniformes/EPI (6a) | H104: =I104/$I$114 -> 0 | I104: =IF(F112=10%,G112,0) -> 0
A105: 3 | B105: Seguro de vida | H105: =I105/$I$114 -> 0 | I105: 0
A106: 4 | B106: Materiais/Equipamentos | H106: =I106/$I$114 -> 0 | I106: 0
A107: 5 | B107: Mobilização (7) | H107: =I107/$I$114 -> 0 | I107: 0
A108: 6 | B108: Outros (especificar) | H108: =I108/$I$114 -> 0 | I108: 0
A109: Total de Despesas Diretas | H109: =H103+H104+H105+H106+H107+H108 -> 0 | I109: =SUM(I103:I108) -> 0
B110: (6) Somente será preenchido quando o licitante fornecer transporte próprio (6a) EPI - Equipamento de Proteção Individual (7) Tais custos de mobilização não são renováveis, devendo ser eliminados após o primeiro ano de contrato caso haja prorrogação
...

Sheet Aux de Manutenção
A1: PLANILHA DE CUSTOS E FORMAÇÃO DE PREÇOS DE SERVIÇOS CONTINUADOS COM DEDICAÇÃO EXCLUSIVA DE MÃO DE OBRA (ANEXO III - DECRETO 52.768 de 15.12.2015)
A2: PROCESSO: | C2: 23/1244-0039138-3 | E2: REGIME DE TRIBUTAÇÃO: LUCRO REAL
A3: LICITAÇÃO/EDITAL | E3: ABERTURA:
A5: Cargo/Função: | D5: Aux de Manutenção | G5: =IF(D6="12x36","Regime de trabalho:","Quantidade de HORAS/MÊS") -> Quantidade de HORAS/MÊS | I5: =IF(D6="12x36",D6,5*D6) -> 200
A6: =IF(D6="12x36","Regime de trabalho:","Regime de trabalho (horas semanais):") -> Regime de trabalho (horas semanais): | D6: 40
A7: Convenção Coletiva de Trabalho: | D7: RS002811/2024 | G7: INSALUBRIDADE (10%, 20%, 40%) | I7: 0.4
A8: Origem do salário: | D8: RS002811/2024
A9: Cidade: | D9: Porto Alegre | G9: PERICULOSIDADE (30%) | I9: Não aplicável
A10: Salário Normativo | G10: Vlr. do salário e nº de horas correspondentes | H10: 220 | I10: 1751.2
A11: ISS | G11: =D9 -> Porto Alegre | H11: Alíquota | I11: 0.05
A12: Tarifa Transporte | G12: CCT | H12: Vr. Unitário | I12: 4.8
H13: Dias | I13: 22
H14: Desconto | I14: 0.03
A15: Vale Alimentação | G15: CCT | H15: Vr. Unitário | I15: 343
H16: Mês | I16: 1
H17: Desconto | I17: 0.2
A18: Auxílio Lanche | G18: CCT | H18: Vr. Unitário | I18: 0
H19: Dias | I19: 0
H20: Desconto | I20: 0
A21: Outros | G21: CCT | H21: Valor mensal | I21: Não aplicável
A22: Adicional de Supervisor (37%) | H22: Porcentagem | I22: Não aplicável
A23: Base de cálculo da insalubridade | H23: Valor | I23: 1573.89
A24: Quantitativo de horas trabalhadas em feriados no mês (estimado) - Não aplicável para postos 12x36 | H24: Horas por mês | I24: Não aplicável
H25: Acréscimo da hora extra | I25: Não aplicável
A26: Hora Intervalar (somente para postos 12x36, quando for o caso) | H26: Horas por mês | I26: Não aplicável
A27: Sem fornecimento de materiais ou apenas fornecimento de EPIs ou uniformes, utilizar 10%. Com fornecimento de materiais ou equipamentos, utilizar 20%. (Decreto 52.768/2015, alterado pelo Decreto 53.424/2017) | H27: Porcentagem | I27: 0.2
A29: MONTANTE A
A30: I | B30: Remuneração - Grupo I | H30: % | I30: Valor Mensal/unidade de serviço (R$)
A31: 1 | B31: Salário | H31: =I31/$I$40 -> 0.71661484 | I31: =IF(D6="12x36",I10,I10/H10*I5) -> 1592
A32: =A31+1 -> 2 | B32: Adicional Periculosidade 30% (Ver súmulas 364, 132 e 191 do TST) | H32: =I32/$I$40 -> 0 | I32: =IF(I9=30%,I31*I9,0) -> 0
A33: =A32+1 -> 3 | B33: Adicional Insalubridade 10% (Ver súmula 228 e 139 TST) | H33: =I33/$I$40 -> 0 | I33: =IF(I7=10%,I23*I7,0) -> 0
A34: =A33+1 -> 4 | B34: Adicional Insalubridade 20% (Ver súmula 228 e 139 TST) | H34: =I34/$I$40 -> 0 | I34: =IF(I7=20%,I23*I7,0) -> 0
A35: =A34+1 -> 5 | B35: Adicional Insalubridade 40% (Ver súmula 228 e 139 TST) | H35: =I35/$I$40 -> 0.28338516 | I35: =IF(I7=40%,I23*I7,0) -> 629.556
A36: =A35+1 -> 6 | B36: Adicional de Supervisor (IN 05/2017 MPOG SLTI) | H36: =I36/$I$40 -> 0 | I36: =IF(I22="Não aplicável",0,I31*I22) -> 0
A37: =A36+1 -> 7 | B37: Feriados | H37: =I37/$I$40 -> 0 | I37: =IF(I24="Não aplicável",0,(I31+I32+I33+I34+I35+I36+I39)/I5*I24*(1+I25)) -> 0
A38: =A37+1 -> 8 | B38: DSR = número total das horas extras do mês / número de dias úteis X domingos e feriados do mês X valor da hora extra com acréscimo | H38: =I38/$I$40 -> 0 | I38: =IF(I24="Não aplicável",0,I24/I13*5*(I10/H10*(1+I25))) -> 0
A39: =A38+1 -> 9 | B39: =IF(D6="12x36","Para postos 12x36 os feriados são considerados compensados, conforme parágrafo único, Art. 59-A da CLT","Outros") -> Outros | H39: =I39/$I$40 -> 0 | I39: 0
A40: Total de Remuneração | H40: =SUM(H31:H39) -> 1 | I40: =SUM(I31:I39) -> 2221.556
A42: II | B42: Encargos Sociais - Grupo II: Obrigações Sociais | H42: % | I42: Valor Mensal/unidade de serviço (R$)
A43: 1 | B43: INSS (art. 22, inc. I, Lei nº 8.212/91) | H43: 0.2 | I43: =$I$40*H43 -> 444.3112
A44: 2 | B44: SESI ou SESC (art. 30, Lei nº 8.036/90) | H44: 0.015 | I44: =$I$40*H44 -> 33.32334
A45: 3 | B45: SENAI ou SENAC (Decreto-Lei nº 2.318/86) | H45: 0.01 | I45: =$I$40*H45 -> 22.21556
A46: 4 | B46: INCRA (art. 15I, Lei Complementar nº 011/71) | H46: 0.002 | I46: =$I$40*H46 -> 4.443112
A47: 5 | B47: SALÁRIO EDUCAÇÃO (art. , inc. I, Decreto nº 87.043/82) | H47: 0.025 | I47: =$I$40*H47 -> 55.5389
A48: 6 | B48: FGTS (art. 15, Lei nº 8.036/90) | H48: 0.08 | I48: =$I$40*H48 -> 177.72448
A49: 7 | B49: SEG. ACIDENTE DO TRABALHO 1%, 2% e 3% (art. 22, inc. II, alíneas "b" e "c", da Lei nº 8.212/91) | H49: 0.03 | I49: =$I$40*H49 -> 66.64668
A50: 8 | B50: SEBRAE (§ 3º, art. 8º, Lei nº 8.029/90) | H50: 0.006 | I50: =$I$40*H50 -> 13.329336
A51: Total do Grupo II | H51: =SUM(H43:H50) -> 0.368 | I51: =SUM(I43:I50) -> 817.53261
A52: Os percentuais para o SAT podem variar de 0,50% a 6,00% em função do Fator de Acidente Previdenciário (FAP), Decreto nº 6.957/2009
A53: Deverá obrigatoriamente acompanhar a proposta de preços e a planilha de custos e formação de preços a prova do Fator Acidentário de Prevenção – FAP por meio de impressão de consulta ao site do Ministério da Previdência Social (que pode ser obtido no endereço eletrônico http://www2.dataprev.gov.br/fap/fap.htm), independentemente de alteração da alíquota da parcela do Seguro Acidente de Trabalho disposta no Quadro II da referida planilha.
A54: III | B54: Encargos Sociais - Grupo III: Tempo Não Trabalhado | H54: % | I54: Valor Mensal/unidade de serviço (R$)
A55: 1 | B55: FÉRIAS GOZADAS + ADICIONAL DE FÉRIAS | H55: 0.119314 | I55: =$I$40*H55 -> 265.06273
A56: 2 | B56: FALTAS ABONADAS (3) | H56: 0.020479 | I56: =$I$40*H56 -> 45.495245
A57: 3 | B57: FALTAS LEGAIS (4) | H57: 0.012123 | I57: =$I$40*H57 -> 26.931923
A58: 4 | B58: LICENÇA MATERNIDADE | H58: 0.011436 | I58: =$I$40*H58 -> 25.405714
A59: 5 | B59: LICENÇA PATERNIDADE | H59: 0.000174 | I59: =$I$40*H59 -> 0.38655074
A60: 6 | B60: ACIDENTE DE TRABALHO | H60: 0.000442 | I60: =$I$40*H60 -> 0.98192775
A61: 7 | B61: AVISO PRÉVIO TRABALHADO | H61: 0.000185 | I61: =$I$40*H61 -> 0.41098786
A62: 8 | B62: 13º SALÁRIO | H62: 0.09079 | I62: =$I$40*H62 -> 201.69507
A63: Total do Grupo III | H63: =SUM(H55:H62) -> 0.254943 | I63: =SUM(I55:I62) -> 566.37015
A64: (3) | B64: Faltas Justificadas por Auxílio Doença
A65: (4) | B65: Faltas Legais - Art. 473 CLT
A66: IV | B66: Encargos Sociais - Grupo IV: Indenizações | H66: % | I66: Valor Mensal/unidade de serviço (R$)
A67: 1 | B67: INDENIZAÇÕES | H67: 0.023627 | I67: =$I$40*H67 -> 52.488704
A68: 2 | B68: FGTS SOBRE INDENIZAÇÕES | H68: 0.001717 | I68: =$I$40*H68 -> 3.8144117
A69: 3 | B69: INDENIZAÇÃO COMPENSATÓRIA POR DEMISSÃO SEM JUSTA CAUSA | H69: 0.009451 | I69: =$I$40*H69 -> 20.995926
A70: Total do Grupo IV | H70: =SUM(H67:H69) -> 0.034795 | I70: =SUM(I67:I69) -> 77.299041
A72: V | B72: Encargos Sociais - Grupo V: Incidências | H72: % | I72: Valor Mensal/unidade de serviço (R$)
A73: 1 | B73: INCIDÊNCIA GRUPO II (Obrigações Sociais) X GRUPO III (Tempo Não Trabalhado) | H73: =(H51*H63) -> 0.093819024 | I73: =$I$40*H73 -> 208.42422
A74: Total do Grupo V | H74: =SUM(H73:H73) -> 0.093819024 | I74: =I73 -> 208.42422
A76: TOTAL DOS ENCAGOS SOCIAIS (II + III + IV + V) | H76: =H51+H63+H70+H74 -> 0.75155702 | I76: =I51+I63+I70+I74 -> 1669.626
A78: VI | B78: Demais custos relativos à Norma Coletiva ou Disposições Legais - Grupo VI | H78: % | I78: Valor Mensal/unidade de serviço (R$)
A79: 1 | B79: Auxílio Alimentação | H79: =I79/$I$40 -> 0.12351703 | I79: =I97 -> 274.4
A80: =A79+1 -> 2 | B80: Auxílio Lanche | H80: =I80/$I$40 -> 0 | I80: =I93 -> 0
A81: =A80+1 -> 3 | B81: Plano de Saúde | H81: =I81/$I$40 -> 0 | I81: 0
A82: =A81+1 -> 4 | B82: Vale-Transporte⁽⁵⁾ | H82: =I82/$I$40 -> 0.073570056 | I82: =I89 -> 163.44
A83: =A82+1 -> 5 | B83: Adicional Intervalar | H83: =I83/$I$40 -> 0 | I83: =IF(I26="Não aplicável",0,((I10/H10)*1.5*I26)) -> 0
A84: =A83+1 -> 6 | B84: Outros | H84: =I84/$I$40 -> 0 | I84: =IF(I21="Não aplicável",0,I21) -> 0
A85: Total do Grupo VI | H85: =SUM(H79:H84) -> 0.19708709 | I85: =SUM(I79:I84) -> 437.84
A86: (5) | B86: O valor do vale-transporte pode variar de acordo com o modal fornecido pelo empregador.
A87: MEMÓRIA DE CÁLCULO DO VALE TRANSPORTE
A88: Valor Unitário | C88: Dias de Trabalho | D88: Vale p/dia | E88: Custo total | F88: Base de cálculo | G88: Percentual de desconto | H88: Valor desconto | I88: Custo efetivo
A89: =I12 -> 4.8 | C89: =I13 -> 22 | D89: 2 | E89: =A89*C89*D89 -> 211.2 | F89: =I31 -> 1592 | G89: =I14 -> 0.03 | H89: =F89*G89 -> 47.76 | I89: =IF((E89-H89)>0,E89-H89,0) -> 163.44
A91: MEMÓRIA DE CÁLCULO DO VALE LANCHE
A92: Valor Unitário | C92: Dias por mês | D92: Vale p/dia | E92: Custo total | F92: Base de cálculo | G92: Percentual de desconto | H92: Valor desconto | I92: Custo efetivo
A93: =I18 -> 0 | C93: =I19 -> 0 | D93: 1 | E93: =A93*C93*D93 -> 0 | F93: =E93 -> 0 | G93: =I20 -> 0 | H93: =F93*G93 -> 0 | I93: =E93-H93 -> 0
A95: MEMÓRIA DE CÁLCULO DO | F95: =A15 -> Vale Alimentação
A96: Valor Unitário | C96: Dias por mês | D96: Vale p/dia | E96: Custo total | F96: Base de cálculo | G96: Percentual de desconto | H96: =H88 -> Valor desconto | I96: Custo efetivo
A97: =I15 -> 343 | C97: =I16 -> 1 | D97: 1 | E97: =A97*C97*D97 -> 343 | F97: =E97 -> 343 | G97: =I17 -> 0.2 | H97: =F97*G97 -> 68.6 | I97: =E97-H97 -> 274.4
A99: TOTAL DO MONTANTE A (I + II + III+ IV + V +VI) | H99: =H40+H76+H85 -> 1.9486441 | I99: =I40+I76+I85 -> 4329.022
A101: MONTANTE B
A102: I | B102: Despesas Diretas | H102: % | I102: Valor Mensal/unidade de serviço (R$)
A103: 1 | B103: Transporte (6) | H103: =I103/$I$114 -> 0 | I103: 0
A104: 2 | B104: Uniformes/EPI (6a) | H104: =I104/$I$114 -> 0 | I104: =IF(F112=10%,G112,0) -> 0
A105: 3 | B105: Seguro de vida | H105: =I105/$I$114 -> 0 | I105: 0
A106: 4 | B106: Materiais/Equipamentos | H106: =I106/$I$114 -> 0 | I106: 0
A107: 5 | B107: Mobilização (7) | H107: =I107/$I$114 -> 0 | I107: 0
A108: 6 | B108: Outros (especificar) | H108: =I108/$I$114 -> 0 | I108: 0
A109: Total de Despesas Diretas | H109: =H103+H104+H105+H106+H107+H108 -> 0 | I109: =SUM(I103:I108) -> 0
B110: (6) Somente será preenchido quando o licitante fornecer transporte próprio (6a) EPI - Equipamento de Proteção Individual (7) Tais custos de mobilização não são renováveis, devendo ser eliminados após o primeiro ano de contrato caso haja prorrogação
...

Sheet Pintor
A1: PLANILHA DE CUSTOS E FORMAÇÃO DE PREÇOS DE SERVIÇOS CONTINUADOS COM DEDICAÇÃO EXCLUSIVA DE MÃO DE OBRA (ANEXO III - DECRETO 52.768 de 15.12.2015)
A2: PROCESSO: | C2: 23/1244-0039138-3 | E2: REGIME DE TRIBUTAÇÃO: LUCRO REAL
A3: LICITAÇÃO/EDITAL | E3: ABERTURA:
A5: Cargo/Função: | D5: Pintor | G5: =IF(D6="12x36","Regime de trabalho:","Quantidade de HORAS/MÊS") -> Quantidade de HORAS/MÊS | I5: =IF(D6="12x36",D6,5*D6) -> 200
A6: =IF(D6="12x36","Regime de trabalho:","Regime de trabalho (horas semanais):") -> Regime de trabalho (horas semanais): | D6: 40
A7: Convenção Coletiva de Trabalho: | D7: RS002811/2024 | G7: INSALUBRIDADE (10%, 20%, 40%) | I7: Não aplicável
A8: Origem do salário: | D8: RS002811/2024
A9: Cidade: | D9: Porto Alegre | G9: PERICULOSIDADE (30%) | I9: Não aplicável
A10: Salário Normativo | G10: Vlr. do salário e nº de horas correspondentes | H10: 220 | I10: 2228.6
A11: ISS | G11: =D9 -> Porto Alegre | H11: Alíquota | I11: 0.05
A12: Tarifa Transporte | G12: CCT | H12: Vr. Unitário | I12: 4.8
H13: Dias | I13: 22
H14: Desconto | I14: 0.03
A15: Vale Alimentação | G15: CCT | H15: Vr. Unitário | I15: 343
H16: Mês | I16: 1
H17: Desconto | I17: 0.2
A18: Auxílio Lanche | G18: CCT | H18: Vr. Unitário | I18: 0
H19: Dias | I19: 0
H20: Desconto | I20: 0
A21: Outros | G21: CCT | H21: Valor mensal | I21: Não aplicável
A22: Adicional de Supervisor (37%) | H22: Porcentagem | I22: Não aplicável
A23: Base de cálculo da insalubridade | H23: Valor | I23: Não aplicável
A24: Quantitativo de horas trabalhadas em feriados no mês (estimado) - Não aplicável para postos 12x36 | H24: Horas por mês | I24: Não aplicável
H25: Acréscimo da hora extra | I25: Não aplicável
A26: Hora Intervalar (somente para postos 12x36, quando for o caso) | H26: Horas por mês | I26: Não aplicável
A27: Sem fornecimento de materiais ou apenas fornecimento de EPIs ou uniformes, utilizar 10%. Com fornecimento de materiais ou equipamentos, utilizar 20%. (Decreto 52.768/2015, alterado pelo Decreto 53.424/2017) | H27: Porcentagem | I27: 0.2
A29: MONTANTE A
A30: I | B30: Remuneração - Grupo I | H30: % | I30: Valor Mensal/unidade de serviço (R$)
A31: 1 | B31: Salário | H31: =I31/$I$40 -> 1 | I31: =IF(D6="12x36",I10,I10/H10*I5) -> 2026
A32: =A31+1 -> 2 | B32: Adicional Periculosidade 30% (Ver súmulas 364, 132 e 191 do TST) | H32: =I32/$I$40 -> 0 | I32: =IF(I9=30%,I31*I9,0) -> 0
A33: =A32+1 -> 3 | B33: Adicional Insalubridade 10% (Ver súmula 228 e 139 TST) | H33: =I33/$I$40 -> 0 | I33: =IF(I7=10%,I23*I7,0) -> 0
A34: =A33+1 -> 4 | B34: Adicional Insalubridade 20% (Ver súmula 228 e 139 TST) | H34: =I34/$I$40 -> 0 | I34: =IF(I7=20%,I23*I7,0) -> 0
A35: =A34+1 -> 5 | B35: Adicional Insalubridade 40% (Ver súmula 228 e 139 TST) | H35: =I35/$I$40 -> 0 | I35: =IF(I7=40%,I23*I7,0) -> 0
A36: =A35+1 -> 6 | B36: Adicional de Supervisor (IN 05/2017 MPOG SLTI) | H36: =I36/$I$40 -> 0 | I36: =IF(I22="Não aplicável",0,I31*I22) -> 0
A37: =A36+1 -> 7 | B37: Feriados | H37: =I37/$I$40 -> 0 | I37: =IF(I24="Não aplicável",0,(I31+I32+I33+I34+I35+I36+I39)/I5*I24*(1+I25)) -> 0
A38: =A37+1 -> 8 | B38: DSR = número total das horas extras do mês / número de dias úteis X domingos e feriados do mês X valor da hora extra com acréscimo | H38: =I38/$I$40 -> 0 | I38: =IF(I24="Não aplicável",0,I24/I13*5*(I10/H10*(1+I25))) -> 0
A39: =A38+1 -> 9 | B39: =IF(D6="12x36","Para postos 12x36 os feriados são considerados compensados, conforme parágrafo único, Art. 59-A da CLT","Outros") -> Outros | H39: =I39/$I$40 -> 0 | I39: 0
A40: Total de Remuneração | H40: =SUM(H31:H39) -> 1 | I40: =SUM(I31:I39) -> 2026
A42: II | B42: Encargos Sociais - Grupo II: Obrigações Sociais | H42: % | I42: Valor Mensal/unidade de serviço (R$)
A43: 1 | B43: INSS (art. 22, inc. I, Lei nº 8.212/91) | H43: 0.2 | I43: =$I$40*H43 -> 405.2
A44: 2 | B44: SESI ou SESC (art. 30, Lei nº 8.036/90) | H44: 0.015 | I44: =$I$40*H44 -> 30.39
A45: 3 | B45: SENAI ou SENAC (Decreto-Lei nº 2.318/86) | H45: 0.01 | I45: =$I$40*H45 -> 20.26
A46: 4 | B46: INCRA (art. 15I, Lei Complementar nº 011/71) | H46: 0.002 | I46: =$I$40*H46 -> 4.052
A47: 5 | B47: SALÁRIO EDUCAÇÃO (art. , inc. I, Decreto nº 87.043/82) | H47: 0.025 | I47: =$I$40*H47 -> 50.65
A48: 6 | B48: FGTS (art. 15, Lei nº 8.036/90) | H48: 0.08 | I48: =$I$40*H48 -> 162.08
A49: 7 | B49: SEG. ACIDENTE DO TRABALHO 1%, 2% e 3% (art. 22, inc. II, alíneas "b" e "c", da Lei nº 8.212/91) | H49: 0.03 | I49: =$I$40*H49 -> 60.78
A50: 8 | B50: SEBRAE (§ 3º, art. 8º, Lei nº 8.029/90) | H50: 0.006 | I50: =$I$40*H50 -> 12.156
A51: Total do Grupo II | H51: =SUM(H43:H50) -> 0.368 | I51: =SUM(I43:I50) -> 745.568
A52: Os percentuais para o SAT podem variar de 0,50% a 6,00% em função do Fator de Acidente Previdenciário (FAP), Decreto nº 6.957/2009
A53: Deverá obrigatoriamente acompanhar a proposta de preços e a planilha de custos e formação de preços a prova do Fator Acidentário de Prevenção – FAP por meio de impressão de consulta ao site do Ministério da Previdência Social (que pode ser obtido no endereço eletrônico http://www2.dataprev.gov.br/fap/fap.htm), independentemente de alteração da alíquota da parcela do Seguro Acidente de Trabalho disposta no Quadro II da referida planilha.
A54: III | B54: Encargos Sociais - Grupo III: Tempo Não Trabalhado | H54: % | I54: Valor Mensal/unidade de serviço (R$)
A55: 1 | B55: FÉRIAS GOZADAS + ADICIONAL DE FÉRIAS | H55: 0.119314 | I55: =$I$40*H55 -> 241.73016
A56: 2 | B56: FALTAS ABONADAS (3) | H56: 0.020479 | I56: =$I$40*H56 -> 41.490454
A57: 3 | B57: FALTAS LEGAIS (4) | H57: 0.012123 | I57: =$I$40*H57 -> 24.561198
A58: 4 | B58: LICENÇA MATERNIDADE | H58: 0.011436 | I58: =$I$40*H58 -> 23.169336
A59: 5 | B59: LICENÇA PATERNIDADE | H59: 0.000174 | I59: =$I$40*H59 -> 0.352524
A60: 6 | B60: ACIDENTE DE TRABALHO | H60: 0.000442 | I60: =$I$40*H60 -> 0.895492
A61: 7 | B61: AVISO PRÉVIO TRABALHADO | H61: 0.000185 | I61: =$I$40*H61 -> 0.37481
A62: 8 | B62: 13º SALÁRIO | H62: 0.09079 | I62: =$I$40*H62 -> 183.94054
A63: Total do Grupo III | H63: =SUM(H55:H62) -> 0.254943 | I63: =SUM(I55:I62) -> 516.51452
A64: (3) | B64: Faltas Justificadas por Auxílio Doença
A65: (4) | B65: Faltas Legais - Art. 473 CLT
A66: IV | B66: Encargos Sociais - Grupo IV: Indenizações | H66: % | I66: Valor Mensal/unidade de serviço (R$)
A67: 1 | B67: INDENIZAÇÕES | H67: 0.023627 | I67: =$I$40*H67 -> 47.868302
A68: 2 | B68: FGTS SOBRE INDENIZAÇÕES | H68: 0.001717 | I68: =$I$40*H68 -> 3.478642
A69: 3 | B69: INDENIZAÇÃO COMPENSATÓRIA POR DEMISSÃO SEM JUSTA CAUSA | H69: 0.009451 | I69: =$I$40*H69 -> 19.147726
A70: Total do Grupo IV | H70: =SUM(H67:H69) -> 0.034795 | I70: =SUM(I67:I69) -> 70.49467
A72: V | B72: Encargos Sociais - Grupo V: Incidências | H72: % | I72: Valor Mensal/unidade de serviço (R$)
A73: 1 | B73: INCIDÊNCIA GRUPO II (Obrigações Sociais) X GRUPO III (Tempo Não Trabalhado) | H73: =(H51*H63) -> 0.093819024 | I73: =$I$40*H73 -> 190.07734
A74: Total do Grupo V | H74: =SUM(H73:H73) -> 0.093819024 | I74: =I73 -> 190.07734
A76: TOTAL DOS ENCAGOS SOCIAIS (II + III + IV + V) | H76: =H51+H63+H70+H74 -> 0.75155702 | I76: =I51+I63+I70+I74 -> 1522.6545
A78: VI | B78: Demais custos relativos à Norma Coletiva ou Disposições Legais - Grupo VI | H78: % | I78: Valor Mensal/unidade de serviço (R$)
A79: 1 | B79: Auxílio Alimentação | H79: =I79/$I$40 -> 0.13543929 | I79: =I97 -> 274.4
A80: =A79+1 -> 2 | B80: Auxílio Lanche | H80: =I80/$I$40 -> 0 | I80: =I93 -> 0
A81: =A80+1 -> 3 | B81: Plano de Saúde | H81: =I81/$I$40 -> 0 | I81: 0
A82: =A81+1 -> 4 | B82: Vale-Transporte⁽⁵⁾ | H82: =I82/$I$40 -> 0.074244817 | I82: =I89 -> 150.42
A83: =A82+1 -> 5 | B83: Adicional Intervalar | H83: =I83/$I$40 -> 0 | I83: =IF(I26="Não aplicável",0,((I10/H10)*1.5*I26)) -> 0
A84: =A83+1 -> 6 | B84: Outros | H84: =I84/$I$40 -> 0 | I84: =IF(I21="Não aplicável",0,I21) -> 0
A85: Total do Grupo VI | H85: =SUM(H79:H84) -> 0.20968411 | I85: =SUM(I79:I84) -> 424.82
A86: (5) | B86: O valor do vale-transporte pode variar de acordo com o modal fornecido pelo empregador.
A87: MEMÓRIA DE CÁLCULO DO VALE TRANSPORTE
A88: Valor Unitário | C88: Dias de Trabalho | D88: Vale p/dia | E88: Custo total | F88: Base de cálculo | G88: Percentual de desconto | H88: Valor desconto | I88: Custo efetivo
A89: =I12 -> 4.8 | C89: =I13 -> 22 | D89: 2 | E89: =A89*C89*D89 -> 211.2 | F89: =I31 -> 2026 | G89: =I14 -> 0.03 | H89: =F89*G89 -> 60.78 | I89: =IF((E89-H89)>0,E89-H89,0) -> 150.42
A91: MEMÓRIA DE CÁLCULO DO VALE LANCHE
A92: Valor Unitário | C92: Dias por mês | D92: Vale p/dia | E92: Custo total | F92: Base de cálculo | G92: Percentual de desconto | H92: Valor desconto | I92: Custo efetivo
A93: =I18 -> 0 | C93: =I19 -> 0 | D93: 1 | E93: =A93*C93*D93 -> 0 | F93: =E93 -> 0 | G93: =I20 -> 0 | H93: =F93*G93 -> 0 | I93: =E93-H93 -> 0
A95: MEMÓRIA DE CÁLCULO DO | F95: =A15 -> Vale Alimentação
A96: Valor Unitário | C96: Dias por mês | D96: Vale p/dia | E96: Custo total | F96: Base de cálculo | G96: Percentual de desconto | H96: =H88 -> Valor desconto | I96: Custo efetivo
A97: =I15 -> 343 | C97: =I16 -> 1 | D97: 1 | E97: =A97*C97*D97 -> 343 | F97: =E97 -> 343 | G97: =I17 -> 0.2 | H97: =F97*G97 -> 68.6 | I97: =E97-H97 -> 274.4
A99: TOTAL DO MONTANTE A (I + II + III+ IV + V +VI) | H99: =H40+H76+H85 -> 1.9612411 | I99: =I40+I76+I85 -> 3973.4745
A101: MONTANTE B
A102: I | B102: Despesas Diretas | H102: % | I102: Valor Mensal/unidade de serviço (R$)
A103: 1 | B103: Transporte (6) | H103: =I103/$I$114 -> 0 | I103: 0
A104: 2 | B104: Uniformes/EPI (6a) | H104: =I104/$I$114 -> 0 | I104: =IF(F112=10%,G112,0) -> 0
A105: 3 | B105: Seguro de vida | H105: =I105/$I$114 -> 0 | I105: 0
A106: 4 | B106: Materiais/Equipamentos | H106: =I106/$I$114 -> 0 | I106: 0
A107: 5 | B107: Mobilização (7) | H107: =I107/$I$114 -> 0 | I107: 0
A108: 6 | B108: Outros (especificar) | H108: =I108/$I$114 -> 0 | I108: 0
A109: Total de Despesas Diretas | H109: =H103+H104+H105+H106+H107+H108 -> 0 | I109: =SUM(I103:I108) -> 0
B110: (6) Somente será preenchido quando o licitante fornecer transporte próprio (6a) EPI - Equipamento de Proteção Individual (7) Tais custos de mobilização não são renováveis, devendo ser eliminados após o primeiro ano de contrato caso haja prorrogação
...

Sheet Gesseiro
A1: PLANILHA DE CUSTOS E FORMAÇÃO DE PREÇOS DE SERVIÇOS CONTINUADOS COM DEDICAÇÃO EXCLUSIVA DE MÃO DE OBRA (ANEXO III - DECRETO 52.768 de 15.12.2015)
A2: PROCESSO: | C2: 23/1244-0039138-3 | E2: REGIME DE TRIBUTAÇÃO: LUCRO REAL
A3: LICITAÇÃO/EDITAL | E3: ABERTURA:
A5: Cargo/Função: | D5: Gesseiro | G5: =IF(D6="12x36","Regime de trabalho:","Quantidade de HORAS/MÊS") -> Quantidade de HORAS/MÊS | I5: =IF(D6="12x36",D6,5*D6) -> 200
A6: =IF(D6="12x36","Regime de trabalho:","Regime de trabalho (horas semanais):") -> Regime de trabalho (horas semanais): | D6: 40
A7: Convenção Coletiva de Trabalho: | D7: RS002811/2024 | G7: INSALUBRIDADE (10%, 20%, 40%) | I7: Não aplicável
A8: Origem do salário: | D8: RS002811/2024
A9: Cidade: | D9: Porto Alegre | G9: PERICULOSIDADE (30%) | I9: Não aplicável
A10: Salário Normativo | G10: Vlr. do salário e nº de horas correspondentes | H10: 220 | I10: 2228.6
A11: ISS | G11: =D9 -> Porto Alegre | H11: Alíquota | I11: 0.05
A12: Tarifa Transporte | G12: CCT | H12: Vr. Unitário | I12: 4.8
H13: Dias | I13: 22
H14: Desconto | I14: 0.03
A15: Vale Alimentação | G15: CCT | H15: Vr. Unitário | I15: 343
H16: Mês | I16: 1
H17: Desconto | I17: 0.2
A18: Auxílio Lanche | G18: CCT | H18: Vr. Unitário | I18: 0
H19: Dias | I19: 0
H20: Desconto | I20: 0
A21: Outros | G21: CCT | H21: Valor mensal | I21: Não aplicável
A22: Adicional de Supervisor (37%) | H22: Porcentagem | I22: Não aplicável
A23: Base de cálculo da insalubridade | H23: Valor | I23: Não aplicável
A24: Quantitativo de horas trabalhadas em feriados no mês (estimado) - Não aplicável para postos 12x36 | H24: Horas por mês | I24: Não aplicável
H25: Acréscimo da hora extra | I25: Não aplicável
A26: Hora Intervalar (somente para postos 12x36, quando for o caso) | H26: Horas por mês | I26: Não aplicável
A27: Sem fornecimento de materiais ou apenas fornecimento de EPIs ou uniformes, utilizar 10%. Com fornecimento de materiais ou equipamentos, utilizar 20%. (Decreto 52.768/2015, alterado pelo Decreto 53.424/2017) | H27: Porcentagem | I27: 0.2
A29: MONTANTE A
A30: I | B30: Remuneração - Grupo I | H30: % | I30: Valor Mensal/unidade de serviço (R$)
A31: 1 | B31: Salário | H31: =I31/$I$40 -> 1 | I31: =IF(D6="12x36",I10,I10/H10*I5) -> 2026
A32: =A31+1 -> 2 | B32: Adicional Periculosidade 30% (Ver súmulas 364, 132 e 191 do TST) | H32: =I32/$I$40 -> 0 | I32: =IF(I9=30%,I31*I9,0) -> 0
A33: =A32+1 -> 3 | B33: Adicional Insalubridade 10% (Ver súmula 228 e 139 TST) | H33: =I33/$I$40 -> 0 | I33: =IF(I7=10%,I23*I7,0) -> 0
A34: =A33+1 -> 4 | B34: Adicional Insalubridade 20% (Ver súmula 228 e 139 TST) | H34: =I34/$I$40 -> 0 | I34: =IF(I7=20%,I23*I7,0) -> 0
A35: =A34+1 -> 5 | B35: Adicional Insalubridade 40% (Ver súmula 228 e 139 TST) | H35: =I35/$I$40 -> 0 | I35: =IF(I7=40%,I23*I7,0) -> 0
A36: =A35+1 -> 6 | B36: Adicional de Supervisor (IN 05/2017 MPOG SLTI) | H36: =I36/$I$40 -> 0 | I36: =IF(I22="Não aplicável",0,I31*I22) -> 0
A37: =A36+1 -> 7 | B37: Feriados | H37: =I37/$I$40 -> 0 | I37: =IF(I24="Não aplicável",0,(I31+I32+I33+I34+I35+I36+I39)/I5*I24*(1+I25)) -> 0
A38: =A37+1 -> 8 | B38: DSR = número total das horas extras do mês / número de dias úteis X domingos e feriados do mês X valor da hora extra com acréscimo | H38: =I38/$I$40 -> 0 | I38: =IF(I24="Não aplicável",0,I24/I13*5*(I10/H10*(1+I25))) -> 0
A39: =A38+1 -> 9 | B39: =IF(D6="12x36","Para postos 12x36 os feriados são considerados compensados, conforme parágrafo único, Art. 59-A da CLT","Outros") -> Outros | H39: =I39/$I$40 -> 0 | I39: 0
A40: Total de Remuneração | H40: =SUM(H31:H39) -> 1 | I40: =SUM(I31:I39) -> 2026
A42: II | B42: Encargos Sociais - Grupo II: Obrigações Sociais | H42: % | I42: Valor Mensal/unidade de serviço (R$)
A43: 1 | B43: INSS (art. 22, inc. I, Lei nº 8.212/91) | H43: 0.2 | I43: =$I$40*H43 -> 405.2
A44: 2 | B44: SESI ou SESC (art. 30, Lei nº 8.036/90) | H44: 0.015 | I44: =$I$40*H44 -> 30.39
A45: 3 | B45: SENAI ou SENAC (Decreto-Lei nº 2.318/86) | H45: 0.01 | I45: =$I$40*H45 -> 20.26
A46: 4 | B46: INCRA (art. 15I, Lei Complementar nº 011/71) | H46: 0.002 | I46: =$I$40*H46 -> 4.052
A47: 5 | B47: SALÁRIO EDUCAÇÃO (art. , inc. I, Decreto nº 87.043/82) | H47: 0.025 | I47: =$I$40*H47 -> 50.65
A48: 6 | B48: FGTS (art. 15, Lei nº 8.036/90) | H48: 0.08 | I48: =$I$40*H48 -> 162.08
A49: 7 | B49: SEG. ACIDENTE DO TRABALHO 1%, 2% e 3% (art. 22, inc. II, alíneas "b" e "c", da Lei nº 8.212/91) | H49: 0.03 | I49: =$I$40*H49 -> 60.78
A50: 8 | B50: SEBRAE (§ 3º, art. 8º, Lei nº 8.029/90) | H50: 0.006 | I50: =$I$40*H50 -> 12.156
A51: Total do Grupo II | H51: =SUM(H43:H50) -> 0.368 | I51: =SUM(I43:I50) -> 745.568
A52: Os percentuais para o SAT podem variar de 0,50% a 6,00% em função do Fator de Acidente Previdenciário (FAP), Decreto nº 6.957/2009
A53: Deverá obrigatoriamente acompanhar a proposta de preços e a planilha de custos e formação de preços a prova do Fator Acidentário de Prevenção – FAP por meio de impressão de consulta ao site do Ministério da Previdência Social (que pode ser obtido no endereço eletrônico http://www2.dataprev.gov.br/fap/fap.htm), independentemente de alteração da alíquota da parcela do Seguro Acidente de Trabalho disposta no Quadro II da referida planilha.
A54: III | B54: Encargos Sociais - Grupo III: Tempo Não Trabalhado | H54: % | I54: Valor Mensal/unidade de serviço (R$)
A55: 1 | B55: FÉRIAS GOZADAS + ADICIONAL DE FÉRIAS | H55: 0.119314 | I55: =$I$40*H55 -> 241.73016
A56: 2 | B56: FALTAS ABONADAS (3) | H56: 0.020479 | I56: =$I$40*H56 -> 41.490454
A57: 3 | B57: FALTAS LEGAIS (4) | H57: 0.012123 | I57: =$I$40*H57 -> 24.561198
A58: 4 | B58: LICENÇA MATERNIDADE | H58: 0.011436 | I58: =$I$40*H58 -> 23.169336
A59: 5 | B59: LICENÇA PATERNIDADE | H59: 0.000174 | I59: =$I$40*H59 -> 0.352524
A60: 6 | B60: ACIDENTE DE TRABALHO | H60: 0.000442 | I60: =$I$40*H60 -> 0.895492
A61: 7 | B61: AVISO PRÉVIO TRABALHADO | H61: 0.000185 | I61: =$I$40*H61 -> 0.37481
A62: 8 | B62: 13º SALÁRIO | H62: 0.09079 | I62: =$I$40*H62 -> 183.94054
A63: Total do Grupo III | H63: =SUM(H55:H62) -> 0.254943 | I63: =SUM(I55:I62) -> 516.51452
A64: (3) | B64: Faltas Justificadas por Auxílio Doença
A65: (4) | B65: Faltas Legais - Art. 473 CLT
A66: IV | B66: Encargos Sociais - Grupo IV: Indenizações | H66: % | I66: Valor Mensal/unidade de serviço (R$)
A67: 1 | B67: INDENIZAÇÕES | H67: 0.023627 | I67: =$I$40*H67 -> 47.868302
A68: 2 | B68: FGTS SOBRE INDENIZAÇÕES | H68: 0.001717 | I68: =$I$40*H68 -> 3.478642
A69: 3 | B69: INDENIZAÇÃO COMPENSATÓRIA POR DEMISSÃO SEM JUSTA CAUSA | H69: 0.009451 | I69: =$I$40*H69 -> 19.147726
A70: Total do Grupo IV | H70: =SUM(H67:H69) -> 0.034795 | I70: =SUM(I67:I69) -> 70.49467
A72: V | B72: Encargos Sociais - Grupo V: Incidências | H72: % | I72: Valor Mensal/unidade de serviço (R$)
A73: 1 | B73: INCIDÊNCIA GRUPO II (Obrigações Sociais) X GRUPO III (Tempo Não Trabalhado) | H73: =(H51*H63) -> 0.093819024 | I73: =$I$40*H73 -> 190.07734
A74: Total do Grupo V | H74: =SUM(H73:H73) -> 0.093819024 | I74: =I73 -> 190.07734
A76: TOTAL DOS ENCAGOS SOCIAIS (II + III + IV + V) | H76: =H51+H63+H70+H74 -> 0.75155702 | I76: =I51+I63+I70+I74 -> 1522.6545
A78: VI | B78: Demais custos relativos à Norma Coletiva ou Disposições Legais - Grupo VI | H78: % | I78: Valor Mensal/unidade de serviço (R$)
A79: 1 | B79: Auxílio Alimentação | H79: =I79/$I$40 -> 0.13543929 | I79: =I97 -> 274.4
A80: =A79+1 -> 2 | B80: Auxílio Lanche | H80: =I80/$I$40 -> 0 | I80: =I93 -> 0
A81: =A80+1 -> 3 | B81: Plano de Saúde | H81: =I81/$I$40 -> 0 | I81: 0
A82: =A81+1 -> 4 | B82: Vale-Transporte⁽⁵⁾ | H82: =I82/$I$40 -> 0.074244817 | I82: =I89 -> 150.42
A83: =A82+1 -> 5 | B83: Adicional Intervalar | H83: =I83/$I$40 -> 0 | I83: =IF(I26="Não aplicável",0,((I10/H10)*1.5*I26)) -> 0
A84: =A83+1 -> 6 | B84: Outros | H84: =I84/$I$40 -> 0 | I84: =IF(I21="Não aplicável",0,I21) -> 0
A85: Total do Grupo VI | H85: =SUM(H79:H84) -> 0.20968411 | I85: =SUM(I79:I84) -> 424.82
A86: (5) | B86: O valor do vale-transporte pode variar de acordo com o modal fornecido pelo empregador.
A87: MEMÓRIA DE CÁLCULO DO VALE TRANSPORTE
A88: Valor Unitário | C88: Dias de Trabalho | D88: Vale p/dia | E88: Custo total | F88: Base de cálculo | G88: Percentual de desconto | H88: Valor desconto | I88: Custo efetivo
A89: =I12 -> 4.8 | C89: =I13 -> 22 | D89: 2 | E89: =A89*C89*D89 -> 211.2 | F89: =I31 -> 2026 | G89: =I14 -> 0.03 | H89: =F89*G89 -> 60.78 | I89: =IF((E89-H89)>0,E89-H89,0) -> 150.42
A91: MEMÓRIA DE CÁLCULO DO VALE LANCHE
A92: Valor Unitário | C92: Dias por mês | D92: Vale p/dia | E92: Custo total | F92: Base de cálculo | G92: Percentual de desconto | H92: Valor desconto | I92: Custo efetivo
A93: =I18 -> 0 | C93: =I19 -> 0 | D93: 1 | E93: =A93*C93*D93 -> 0 | F93: =E93 -> 0 | G93: =I20 -> 0 | H93: =F93*G93 -> 0 | I93: =E93-H93 -> 0
A95: MEMÓRIA DE CÁLCULO DO | F95: =A15 -> Vale Alimentação
A96: Valor Unitário | C96: Dias por mês | D96: Vale p/dia | E96: Custo total | F96: Base de cálculo | G96: Percentual de desconto | H96: =H88 -> Valor desconto | I96: Custo efetivo
A97: =I15 -> 343 | C97: =I16 -> 1 | D97: 1 | E97: =A97*C97*D97 -> 343 | F97: =E97 -> 343 | G97: =I17 -> 0.2 | H97: =F97*G97 -> 68.6 | I97: =E97-H97 -> 274.4
A99: TOTAL DO MONTANTE A (I + II + III+ IV + V +VI) | H99: =H40+H76+H85 -> 1.9612411 | I99: =I40+I76+I85 -> 3973.4745
A101: MONTANTE B
A102: I | B102: Despesas Diretas | H102: % | I102: Valor Mensal/unidade de serviço (R$)
A103: 1 | B103: Transporte (6) | H103: =I103/$I$114 -> 0 | I103: 0
A104: 2 | B104: Uniformes/EPI (6a) | H104: =I104/$I$114 -> 0 | I104: =IF(F112=10%,G112,0) -> 0
A105: 3 | B105: Seguro de vida | H105: =I105/$I$114 -> 0 | I105: 0
A106: 4 | B106: Materiais/Equipamentos | H106: =I106/$I$114 -> 0 | I106: 0
A107: 5 | B107: Mobilização (7) | H107: =I107/$I$114 -> 0 | I107: 0
A108: 6 | B108: Outros (especificar) | H108: =I108/$I$114 -> 0 | I108: 0
A109: Total de Despesas Diretas | H109: =H103+H104+H105+H106+H107+H108 -> 0 | I109: =SUM(I103:I108) -> 0
B110: (6) Somente será preenchido quando o licitante fornecer transporte próprio (6a) EPI - Equipamento de Proteção Individual (7) Tais custos de mobilização não são renováveis, devendo ser eliminados após o primeiro ano de contrato caso haja prorrogação
...

Sheet Tec segurança trab
A1: PLANILHA DE CUSTOS E FORMAÇÃO DE PREÇOS DE SERVIÇOS CONTINUADOS COM DEDICAÇÃO EXCLUSIVA DE MÃO DE OBRA (ANEXO III - DECRETO 52.768 de 15.12.2015)
A2: PROCESSO: | C2: 23/1244-0039138-3 | E2: REGIME DE TRIBUTAÇÃO: LUCRO REAL
A3: LICITAÇÃO/EDITAL | E3: ABERTURA:
A5: Cargo/Função: | D5: Técnico em segurança do trabalho | G5: =IF(D6="12x36","Regime de trabalho:","Quantidade de HORAS/MÊS") -> Quantidade de HORAS/MÊS | I5: =IF(D6="12x36",D6,5*D6) -> 200
A6: =IF(D6="12x36","Regime de trabalho:","Regime de trabalho (horas semanais):") -> Regime de trabalho (horas semanais): | D6: 40
A7: Convenção Coletiva de Trabalho: | D7: RS003603/2023 | G7: INSALUBRIDADE (10%, 20%, 40%) | I7: Não aplicável
A8: Origem do salário: | D8: RS003603/2023
A9: Cidade: | D9: Porto Alegre | G9: PERICULOSIDADE (30%) | I9: Não aplicável
A10: Salário Normativo | G10: Vlr. do salário e nº de horas correspondentes | H10: 220 | I10: 3390.2
A11: ISS | G11: =D9 -> Porto Alegre | H11: Alíquota | I11: 0.05
A12: Tarifa Transporte | G12: CCT | H12: Vr. Unitário | I12: 4.8
H13: Dias | I13: 22
H14: Desconto | I14: 0.03
A15: Vale Alimentação | G15: CCT | H15: Vr. Unitário | I15: 319.97
H16: Mês | I16: 1
H17: Desconto | I17: 0.2
A18: Auxílio Lanche | G18: CCT | H18: Vr. Unitário | I18: 0
H19: Dias | I19: 0
H20: Desconto | I20: 0
A21: Outros | G21: CCT | H21: Valor mensal | I21: Não aplicável
A22: Adicional de Supervisor (37%) | H22: Porcentagem | I22: Não aplicável
A23: Base de cálculo da insalubridade | H23: Valor | I23: Não aplicável
A24: Quantitativo de horas trabalhadas em feriados no mês (estimado) - Não aplicável para postos 12x36 | H24: Horas por mês | I24: Não aplicável
H25: Acréscimo da hora extra | I25: Não aplicável
A26: Hora Intervalar (somente para postos 12x36, quando for o caso) | H26: Horas por mês | I26: Não aplicável
A27: Sem fornecimento de materiais ou apenas fornecimento de EPIs ou uniformes, utilizar 10%. Com fornecimento de materiais ou equipamentos, utilizar 20%. (Decreto 52.768/2015, alterado pelo Decreto 53.424/2017) | H27: Porcentagem | I27: 0.2
A29: MONTANTE A
A30: I | B30: Remuneração - Grupo I | H30: % | I30: Valor Mensal/unidade de serviço (R$)
A31: 1 | B31: Salário | H31: =I31/$I$40 -> 1 | I31: =IF(D6="12x36",I10,I10/H10*I5) -> 3082
A32: =A31+1 -> 2 | B32: Adicional Periculosidade 30% (Ver súmulas 364, 132 e 191 do TST) | H32: =I32/$I$40 -> 0 | I32: =IF(I9=30%,I31*I9,0) -> 0
A33: =A32+1 -> 3 | B33: Adicional Insalubridade 10% (Ver súmula 228 e 139 TST) | H33: =I33/$I$40 -> 0 | I33: =IF(I7=10%,I23*I7,0) -> 0
A34: =A33+1 -> 4 | B34: Adicional Insalubridade 20% (Ver súmula 228 e 139 TST) | H34: =I34/$I$40 -> 0 | I34: =IF(I7=20%,I23*I7,0) -> 0
A35: =A34+1 -> 5 | B35: Adicional Insalubridade 40% (Ver súmula 228 e 139 TST) | H35: =I35/$I$40 -> 0 | I35: =IF(I7=40%,I23*I7,0) -> 0
A36: =A35+1 -> 6 | B36: Adicional de Supervisor (IN 05/2017 MPOG SLTI) | H36: =I36/$I$40 -> 0 | I36: =IF(I22="Não aplicável",0,I31*I22) -> 0
A37: =A36+1 -> 7 | B37: Feriados | H37: =I37/$I$40 -> 0 | I37: =IF(I24="Não aplicável",0,(I31+I32+I33+I34+I35+I36+I39)/I5*I24*(1+I25)) -> 0
A38: =A37+1 -> 8 | B38: DSR = número total das horas extras do mês / número de dias úteis X domingos e feriados do mês X valor da hora extra com acréscimo | H38: =I38/$I$40 -> 0 | I38: =IF(I24="Não aplicável",0,I24/I13*5*(I10/H10*(1+I25))) -> 0
A39: =A38+1 -> 9 | B39: =IF(D6="12x36","Para postos 12x36 os feriados são considerados compensados, conforme parágrafo único, Art. 59-A da CLT","Outros") -> Outros | H39: =I39/$I$40 -> 0 | I39: 0
A40: Total de Remuneração | H40: =SUM(H31:H39) -> 1 | I40: =SUM(I31:I39) -> 3082
A42: II | B42: Encargos Sociais - Grupo II: Obrigações Sociais | H42: % | I42: Valor Mensal/unidade de serviço (R$)
A43: 1 | B43: INSS (art. 22, inc. I, Lei nº 8.212/91) | H43: 0.2 | I43: =$I$40*H43 -> 616.4
A44: 2 | B44: SESI ou SESC (art. 30, Lei nº 8.036/90) | H44: 0.015 | I44: =$I$40*H44 -> 46.23
A45: 3 | B45: SENAI ou SENAC (Decreto-Lei nº 2.318/86) | H45: 0.01 | I45: =$I$40*H45 -> 30.82
A46: 4 | B46: INCRA (art. 15I, Lei Complementar nº 011/71) | H46: 0.002 | I46: =$I$40*H46 -> 6.164
A47: 5 | B47: SALÁRIO EDUCAÇÃO (art. , inc. I, Decreto nº 87.043/82) | H47: 0.025 | I47: =$I$40*H47 -> 77.05
A48: 6 | B48: FGTS (art. 15, Lei nº 8.036/90) | H48: 0.08 | I48: =$I$40*H48 -> 246.56
A49: 7 | B49: SEG. ACIDENTE DO TRABALHO 1%, 2% e 3% (art. 22, inc. II, alíneas "b" e "c", da Lei nº 8.212/91) | H49: 0.03 | I49: =$I$40*H49 -> 92.46
A50: 8 | B50: SEBRAE (§ 3º, art. 8º, Lei nº 8.029/90) | H50: 0.006 | I50: =$I$40*H50 -> 18.492
A51: Total do Grupo II | H51: =SUM(H43:H50) -> 0.368 | I51: =SUM(I43:I50) -> 1134.176
A52: Os percentuais para o SAT podem variar de 0,50% a 6,00% em função do Fator de Acidente Previdenciário (FAP), Decreto nº 6.957/2009
A53: Deverá obrigatoriamente acompanhar a proposta de preços e a planilha de custos e formação de preços a prova do Fator Acidentário de Prevenção – FAP por meio de impressão de consulta ao site do Ministério da Previdência Social (que pode ser obtido no endereço eletrônico http://www2.dataprev.gov.br/fap/fap.htm), independentemente de alteração da alíquota da parcela do Seguro Acidente de Trabalho disposta no Quadro II da referida planilha.
A54: III | B54: Encargos Sociais - Grupo III: Tempo Não Trabalhado | H54: % | I54: Valor Mensal/unidade de serviço (R$)
A55: 1 | B55: FÉRIAS GOZADAS + ADICIONAL DE FÉRIAS | H55: 0.119314 | I55: =$I$40*H55 -> 367.72575
A56: 2 | B56: FALTAS ABONADAS (3) | H56: 0.020479 | I56: =$I$40*H56 -> 63.116278
A57: 3 | B57: FALTAS LEGAIS (4) | H57: 0.012123 | I57: =$I$40*H57 -> 37.363086
A58: 4 | B58: LICENÇA MATERNIDADE | H58: 0.011436 | I58: =$I$40*H58 -> 35.245752
A59: 5 | B59: LICENÇA PATERNIDADE | H59: 0.000174 | I59: =$I$40*H59 -> 0.536268
A60: 6 | B60: ACIDENTE DE TRABALHO | H60: 0.000442 | I60: =$I$40*H60 -> 1.362244
A61: 7 | B61: AVISO PRÉVIO TRABALHADO | H61: 0.000185 | I61: =$I$40*H61 -> 0.57017
A62: 8 | B62: 13º SALÁRIO | H62: 0.09079 | I62: =$I$40*H62 -> 279.81478
A63: Total do Grupo III | H63: =SUM(H55:H62) -> 0.254943 | I63: =SUM(I55:I62) -> 785.73433
A64: (3) | B64: Faltas Justificadas por Auxílio Doença
A65: (4) | B65: Faltas Legais - Art. 473 CLT
A66: IV | B66: Encargos Sociais - Grupo IV: Indenizações | H66: % | I66: Valor Mensal/unidade de serviço (R$)
A67: 1 | B67: INDENIZAÇÕES | H67: 0.023627 | I67: =$I$40*H67 -> 72.818414
A68: 2 | B68: FGTS SOBRE INDENIZAÇÕES | H68: 0.001717 | I68: =$I$40*H68 -> 5.291794
A69: 3 | B69: INDENIZAÇÃO COMPENSATÓRIA POR DEMISSÃO SEM JUSTA CAUSA | H69: 0.009451 | I69: =$I$40*H69 -> 29.127982
A70: Total do Grupo IV | H70: =SUM(H67:H69) -> 0.034795 | I70: =SUM(I67:I69) -> 107.23819
A72: V | B72: Encargos Sociais - Grupo V: Incidências | H72: % | I72: Valor Mensal/unidade de serviço (R$)
A73: 1 | B73: INCIDÊNCIA GRUPO II (Obrigações Sociais) X GRUPO III (Tempo Não Trabalhado) | H73: =(H51*H63) -> 0.093819024 | I73: =$I$40*H73 -> 289.15023
A74: Total do Grupo V | H74: =SUM(H73:H73) -> 0.093819024 | I74: =I73 -> 289.15023
A76: TOTAL DOS ENCAGOS SOCIAIS (II + III + IV + V) | H76: =H51+H63+H70+H74 -> 0.75155702 | I76: =I51+I63+I70+I74 -> 2316.2987
A78: VI | B78: Demais custos relativos à Norma Coletiva ou Disposições Legais - Grupo VI | H78: % | I78: Valor Mensal/unidade de serviço (R$)
A79: 1 | B79: Auxílio Alimentação | H79: =I79/$I$40 -> 0.083055159 | I79: =I97 -> 255.976
A80: =A79+1 -> 2 | B80: Auxílio Lanche | H80: =I80/$I$40 -> 0 | I80: =I93 -> 0
A81: =A80+1 -> 3 | B81: Plano de Saúde | H81: =I81/$I$40 -> 0 | I81: 0
A82: =A81+1 -> 4 | B82: Vale-Transporte⁽⁵⁾ | H82: =I82/$I$40 -> 0.038526931 | I82: =I89 -> 118.74
A83: =A82+1 -> 5 | B83: Adicional Intervalar | H83: =I83/$I$40 -> 0 | I83: =IF(I26="Não aplicável",0,((I10/H10)*1.5*I26)) -> 0
A84: =A83+1 -> 6 | B84: Outros | H84: =I84/$I$40 -> 0 | I84: =IF(I21="Não aplicável",0,I21) -> 0
A85: Total do Grupo VI | H85: =SUM(H79:H84) -> 0.12158209 | I85: =SUM(I79:I84) -> 374.716
A86: (5) | B86: O valor do vale-transporte pode variar de acordo com o modal fornecido pelo empregador.
A87: MEMÓRIA DE CÁLCULO DO VALE TRANSPORTE
A88: Valor Unitário | C88: Dias de Trabalho | D88: Vale p/dia | E88: Custo total | F88: Base de cálculo | G88: Percentual de desconto | H88: Valor desconto | I88: Custo efetivo
A89: =I12 -> 4.8 | C89: =I13 -> 22 | D89: 2 | E89: =A89*C89*D89 -> 211.2 | F89: =I31 -> 3082 | G89: =I14 -> 0.03 | H89: =F89*G89 -> 92.46 | I89: =IF((E89-H89)>0,E89-H89,0) -> 118.74
A91: MEMÓRIA DE CÁLCULO DO VALE LANCHE
A92: Valor Unitário | C92: Dias por mês | D92: Vale p/dia | E92: Custo total | F92: Base de cálculo | G92: Percentual de desconto | H92: Valor desconto | I92: Custo efetivo
A93: =I18 -> 0 | C93: =I19 -> 0 | D93: 1 | E93: =A93*C93*D93 -> 0 | F93: =E93 -> 0 | G93: =I20 -> 0 | H93: =F93*G93 -> 0 | I93: =E93-H93 -> 0
A95: MEMÓRIA DE CÁLCULO DO | F95: =A15 -> Vale Alimentação
A96: Valor Unitário | C96: Dias por mês | D96: Vale p/dia | E96: Custo total | F96: Base de cálculo | G96: Percentual de desconto | H96: =H88 -> Valor desconto | I96: Custo efetivo
A97: =I15 -> 319.97 | C97: =I16 -> 1 | D97: 1 | E97: =A97*C97*D97 -> 319.97 | F97: =E97 -> 319.97 | G97: =I17 -> 0.2 | H97: =F97*G97 -> 63.994 | I97: =E97-H97 -> 255.976
A99: TOTAL DO MONTANTE A (I + II + III+ IV + V +VI) | H99: =H40+H76+H85 -> 1.8731391 | I99: =I40+I76+I85 -> 5773.0147
A101: MONTANTE B
A102: I | B102: Despesas Diretas | H102: % | I102: Valor Mensal/unidade de serviço (R$)
A103: 1 | B103: Transporte (6) | H103: =I103/$I$114 -> 0 | I103: 0
A104: 2 | B104: Uniformes/EPI (6a) | H104: =I104/$I$114 -> 0 | I104: =IF(F112=10%,G112,0) -> 0
A105: 3 | B105: Seguro de vida | H105: =I105/$I$114 -> 0 | I105: 0
A106: 4 | B106: Materiais/Equipamentos | H106: =I106/$I$114 -> 0 | I106: 0
A107: 5 | B107: Mobilização (7) | H107: =I107/$I$114 -> 0 | I107: 0
A108: 6 | B108: Outros (especificar) | H108: =I108/$I$114 -> 0 | I108: 0
A109: Total de Despesas Diretas | H109: =H103+H104+H105+H106+H107+H108 -> 0 | I109: =SUM(I103:I108) -> 0
B110: (6) Somente será preenchido quando o licitante fornecer transporte próprio (6a) EPI - Equipamento de Proteção Individual (7) Tais custos de mobilização não são renováveis, devendo ser eliminados após o primeiro ano de contrato caso haja prorrogação
...

Sheet Téc edificações
A1: PLANILHA DE CUSTOS E FORMAÇÃO DE PREÇOS DE SERVIÇOS CONTINUADOS COM DEDICAÇÃO EXCLUSIVA DE MÃO DE OBRA (ANEXO III - DECRETO 52.768 de 15.12.2015)
A2: PROCESSO: | C2: 23/1244-0039138-3 | E2: REGIME DE TRIBUTAÇÃO: LUCRO REAL
A3: LICITAÇÃO/EDITAL | E3: ABERTURA:
A5: Cargo/Função: | D5: Técnico em Edificações | G5: =IF(D6="12x36","Regime de trabalho:","Quantidade de HORAS/MÊS") -> Quantidade de HORAS/MÊS | I5: =IF(D6="12x36",D6,5*D6) -> 200
A6: =IF(D6="12x36","Regime de trabalho:","Regime de trabalho (horas semanais):") -> Regime de trabalho (horas semanais): | D6: 40
A7: Convenção Coletiva de Trabalho: | D7: RS002555/2024 | G7: INSALUBRIDADE (10%, 20%, 40%) | I7: Não aplicável
A8: Origem do salário: | D8: RS002555/2024
A9: Cidade: | D9: Porto Alegre | G9: PERICULOSIDADE (30%) | I9: Não aplicável
A10: Salário Normativo | G10: Vlr. do salário e nº de horas correspondentes | H10: 220 | I10: 3313.2
A11: ISS | G11: =D9 -> Porto Alegre | H11: Alíquota | I11: 0.05
A12: Tarifa Transporte | G12: CCT | H12: Vr. Unitário | I12: 4.8
H13: Dias | I13: 22
H14: Desconto | I14: 0.06
A15: Auxílio Alimentação | G15: CCT | H15: Vr. Unitário | I15: 0
H16: Dias | I16: 22
H17: Desconto | I17: 0
A18: Auxílio Lanche | G18: CCT | H18: Vr. Unitário | I18: 0
H19: Dias | I19: 0
H20: Desconto | I20: 0
A21: Outros | G21: CCT | H21: Valor mensal | I21: Não aplicável
A22: Adicional de Supervisor (37%) | H22: Porcentagem | I22: Não aplicável
A23: Base de cálculo da insalubridade | H23: Valor | I23: Não aplicável
A24: Quantitativo de horas trabalhadas em feriados no mês (estimado) - Não aplicável para postos 12x36 | H24: Horas por mês | I24: Não aplicável
H25: Acréscimo da hora extra | I25: Não aplicável
A26: Hora Intervalar (somente para postos 12x36, quando for o caso) | H26: Horas por mês | I26: Não aplicável
A27: Sem fornecimento de materiais ou apenas fornecimento de EPIs ou uniformes, utilizar 10%. Com fornecimento de materiais ou equipamentos, utilizar 20%. (Decreto 52.768/2015, alterado pelo Decreto 53.424/2017) | H27: Porcentagem | I27: 0.2
A29: MONTANTE A
A30: I | B30: Remuneração - Grupo I | H30: % | I30: Valor Mensal/unidade de serviço (R$)
A31: 1 | B31: Salário | H31: =I31/$I$40 -> 1 | I31: =IF(D6="12x36",I10,I10/H10*I5) -> 3012
A32: =A31+1 -> 2 | B32: Adicional Periculosidade 30% (Ver súmulas 364, 132 e 191 do TST) | H32: =I32/$I$40 -> 0 | I32: =IF(I9=30%,I31*I9,0) -> 0
A33: =A32+1 -> 3 | B33: Adicional Insalubridade 10% (Ver súmula 228 e 139 TST) | H33: =I33/$I$40 -> 0 | I33: =IF(I7=10%,I23*I7,0) -> 0
A34: =A33+1 -> 4 | B34: Adicional Insalubridade 20% (Ver súmula 228 e 139 TST) | H34: =I34/$I$40 -> 0 | I34: =IF(I7=20%,I23*I7,0) -> 0
A35: =A34+1 -> 5 | B35: Adicional Insalubridade 40% (Ver súmula 228 e 139 TST) | H35: =I35/$I$40 -> 0 | I35: =IF(I7=40%,I23*I7,0) -> 0
A36: =A35+1 -> 6 | B36: Adicional de Supervisor (IN 05/2017 MPOG SLTI) | H36: =I36/$I$40 -> 0 | I36: =IF(I22="Não aplicável",0,I31*I22) -> 0
A37: =A36+1 -> 7 | B37: Feriados | H37: =I37/$I$40 -> 0 | I37: =IF(I24="Não aplicável",0,(I31+I32+I33+I34+I35+I36+I39)/I5*I24*(1+I25)) -> 0
A38: =A37+1 -> 8 | B38: DSR = número total das horas extras do mês / número de dias úteis X domingos e feriados do mês X valor da hora extra com acréscimo | H38: =I38/$I$40 -> 0 | I38: =IF(I24="Não aplicável",0,I24/I13*5*(I10/H10*(1+I25))) -> 0
A39: =A38+1 -> 9 | B39: =IF(D6="12x36","Para postos 12x36 os feriados são considerados compensados, conforme parágrafo único, Art. 59-A da CLT","Outros") -> Outros | H39: =I39/$I$40 -> 0 | I39: 0
A40: Total de Remuneração | H40: =SUM(H31:H39) -> 1 | I40: =SUM(I31:I39) -> 3012
A42: II | B42: Encargos Sociais - Grupo II: Obrigações Sociais | H42: % | I42: Valor Mensal/unidade de serviço (R$)
A43: 1 | B43: INSS (art. 22, inc. I, Lei nº 8.212/91) | H43: 0.2 | I43: =$I$40*H43 -> 602.4
A44: 2 | B44: SESI ou SESC (art. 30, Lei nº 8.036/90) | H44: 0.015 | I44: =$I$40*H44 -> 45.18
A45: 3 | B45: SENAI ou SENAC (Decreto-Lei nº 2.318/86) | H45: 0.01 | I45: =$I$40*H45 -> 30.12
A46: 4 | B46: INCRA (art. 15I, Lei Complementar nº 011/71) | H46: 0.002 | I46: =$I$40*H46 -> 6.024
A47: 5 | B47: SALÁRIO EDUCAÇÃO (art. , inc. I, Decreto nº 87.043/82) | H47: 0.025 | I47: =$I$40*H47 -> 75.3
A48: 6 | B48: FGTS (art. 15, Lei nº 8.036/90) | H48: 0.08 | I48: =$I$40*H48 -> 240.96
A49: 7 | B49: SEG. ACIDENTE DO TRABALHO 1%, 2% e 3% (art. 22, inc. II, alíneas "b" e "c", da Lei nº 8.212/91) | H49: 0.03 | I49: =$I$40*H49 -> 90.36
A50: 8 | B50: SEBRAE (§ 3º, art. 8º, Lei nº 8.029/90) | H50: 0.006 | I50: =$I$40*H50 -> 18.072
A51: Total do Grupo II | H51: =SUM(H43:H50) -> 0.368 | I51: =SUM(I43:I50) -> 1108.416
A52: Os percentuais para o SAT podem variar de 0,50% a 6,00% em função do Fator de Acidente Previdenciário (FAP), Decreto nº 6.957/2009
A53: Deverá obrigatoriamente acompanhar a proposta de preços e a planilha de custos e formação de preços a prova do Fator Acidentário de Prevenção – FAP por meio de impressão de consulta ao site do Ministério da Previdência Social (que pode ser obtido no endereço eletrônico http://www2.dataprev.gov.br/fap/fap.htm), independentemente de alteração da alíquota da parcela do Seguro Acidente de Trabalho disposta no Quadro II da referida planilha.
A54: III | B54: Encargos Sociais - Grupo III: Tempo Não Trabalhado | H54: % | I54: Valor Mensal/unidade de serviço (R$)
A55: 1 | B55: FÉRIAS GOZADAS + ADICIONAL DE FÉRIAS | H55: 0.119314 | I55: =$I$40*H55 -> 359.37377
A56: 2 | B56: FALTAS ABONADAS (3) | H56: 0.020479 | I56: =$I$40*H56 -> 61.682748
A57: 3 | B57: FALTAS LEGAIS (4) | H57: 0.012123 | I57: =$I$40*H57 -> 36.514476
A58: 4 | B58: LICENÇA MATERNIDADE | H58: 0.011436 | I58: =$I$40*H58 -> 34.445232
A59: 5 | B59: LICENÇA PATERNIDADE | H59: 0.000174 | I59: =$I$40*H59 -> 0.524088
A60: 6 | B60: ACIDENTE DE TRABALHO | H60: 0.000442 | I60: =$I$40*H60 -> 1.331304
A61: 7 | B61: AVISO PRÉVIO TRABALHADO | H61: 0.000185 | I61: =$I$40*H61 -> 0.55722
A62: 8 | B62: 13º SALÁRIO | H62: 0.09079 | I62: =$I$40*H62 -> 273.45948
A63: Total do Grupo III | H63: =SUM(H55:H62) -> 0.254943 | I63: =SUM(I55:I62) -> 767.88832
A64: (3) | B64: Faltas Justificadas por Auxílio Doença
A65: (4) | B65: Faltas Legais - Art. 473 CLT
A66: IV | B66: Encargos Sociais - Grupo IV: Indenizações | H66: % | I66: Valor Mensal/unidade de serviço (R$)
A67: 1 | B67: INDENIZAÇÕES | H67: 0.023627 | I67: =$I$40*H67 -> 71.164524
A68: 2 | B68: FGTS SOBRE INDENIZAÇÕES | H68: 0.001717 | I68: =$I$40*H68 -> 5.171604
A69: 3 | B69: INDENIZAÇÃO COMPENSATÓRIA POR DEMISSÃO SEM JUSTA CAUSA | H69: 0.009451 | I69: =$I$40*H69 -> 28.466412
A70: Total do Grupo IV | H70: =SUM(H67:H69) -> 0.034795 | I70: =SUM(I67:I69) -> 104.80254
A72: V | B72: Encargos Sociais - Grupo V: Incidências | H72: % | I72: Valor Mensal/unidade de serviço (R$)
A73: 1 | B73: INCIDÊNCIA GRUPO II (Obrigações Sociais) X GRUPO III (Tempo Não Trabalhado) | H73: =(H51*H63) -> 0.093819024 | I73: =$I$40*H73 -> 282.5829
A74: Total do Grupo V | H74: =SUM(H73:H73) -> 0.093819024 | I74: =I73 -> 282.5829
A76: TOTAL DOS ENCAGOS SOCIAIS (II + III + IV + V) | H76: =H51+H63+H70+H74 -> 0.75155702 | I76: =I51+I63+I70+I74 -> 2263.6898
A78: VI | B78: Demais custos relativos à Norma Coletiva ou Disposições Legais - Grupo VI | H78: % | I78: Valor Mensal/unidade de serviço (R$)
A79: 1 | B79: Auxílio Alimentação | H79: =I79/$I$40 -> 0 | I79: =I97 -> 0
A80: =A79+1 -> 2 | B80: Auxílio Lanche | H80: =I80/$I$40 -> 0 | I80: =I93 -> 0
A81: =A80+1 -> 3 | B81: Plano de Saúde | H81: =I81/$I$40 -> 0 | I81: 0
A82: =A81+1 -> 4 | B82: Vale-Transporte⁽⁵⁾ | H82: =I82/$I$40 -> 0.010119522 | I82: =I89 -> 30.48
A83: =A82+1 -> 5 | B83: Adicional Intervalar | H83: =I83/$I$40 -> 0 | I83: =IF(I26="Não aplicável",0,((I10/H10)*1.5*I26)) -> 0
A84: =A83+1 -> 6 | B84: Outros | H84: =I84/$I$40 -> 0 | I84: =IF(I21="Não aplicável",0,I21) -> 0
A85: Total do Grupo VI | H85: =SUM(H79:H84) -> 0.010119522 | I85: =SUM(I79:I84) -> 30.48
A86: (5) | B86: O valor do vale-transporte pode variar de acordo com o modal fornecido pelo empregador.
A87: MEMÓRIA DE CÁLCULO DO VALE TRANSPORTE
A88: Valor Unitário | C88: Dias de Trabalho | D88: Vale p/dia | E88: Custo total | F88: Base de cálculo | G88: Percentual de desconto | H88: Valor desconto | I88: Custo efetivo
A89: =I12 -> 4.8 | C89: =I13 -> 22 | D89: 2 | E89: =A89*C89*D89 -> 211.2 | F89: =I31 -> 3012 | G89: =I14 -> 0.06 | H89: =F89*G89 -> 180.72 | I89: =IF((E89-H89)>0,E89-H89,0) -> 30.48
A91: MEMÓRIA DE CÁLCULO DO VALE LANCHE
A92: Valor Unitário | C92: Dias por mês | D92: Vale p/dia | E92: Custo total | F92: Base de cálculo | G92: Percentual de desconto | H92: Valor desconto | I92: Custo efetivo
A93: =I18 -> 0 | C93: =I19 -> 0 | D93: 1 | E93: =A93*C93*D93 -> 0 | F93: =E93 -> 0 | G93: =I20 -> 0 | H93: =F93*G93 -> 0 | I93: =E93-H93 -> 0
A95: MEMÓRIA DE CÁLCULO DO | F95: =A15 -> Auxílio Alimentação
A96: Valor Unitário | C96: Dias por mês | D96: Vale p/dia | E96: Custo total | F96: Base de cálculo | G96: Percentual de desconto | H96: =H88 -> Valor desconto | I96: Custo efetivo
A97: =I15 -> 0 | C97: =I16 -> 22 | D97: 1 | E97: =A97*C97*D97 -> 0 | F97: =E97 -> 0 | G97: =I17 -> 0 | H97: =F97*G97 -> 0 | I97: =E97-H97 -> 0
A99: TOTAL DO MONTANTE A (I + II + III+ IV + V +VI) | H99: =H40+H76+H85 -> 1.7616765 | I99: =I40+I76+I85 -> 5306.1698
A101: MONTANTE B
A102: I | B102: Despesas Diretas | H102: % | I102: Valor Mensal/unidade de serviço (R$)
A103: 1 | B103: Transporte (6) | H103: =I103/$I$114 -> 0 | I103: 0
A104: 2 | B104: Uniformes/EPI (6a) | H104: =I104/$I$114 -> 0 | I104: =IF(F112=10%,G112,0) -> 0
A105: 3 | B105: Seguro de vida | H105: =I105/$I$114 -> 0 | I105: 0
A106: 4 | B106: Materiais/Equipamentos | H106: =I106/$I$114 -> 0 | I106: 0
A107: 5 | B107: Mobilização (7) | H107: =I107/$I$114 -> 0 | I107: 0
A108: 6 | B108: Outros (especificar) | H108: =I108/$I$114 -> 0 | I108: 0
A109: Total de Despesas Diretas | H109: =H103+H104+H105+H106+H107+H108 -> 0 | I109: =SUM(I103:I108) -> 0
B110: (6) Somente será preenchido quando o licitante fornecer transporte próprio (6a) EPI - Equipamento de Proteção Individual (7) Tais custos de mobilização não são renováveis, devendo ser eliminados após o primeiro ano de contrato caso haja prorrogação
...

Sheet Téc eletricista
A1: PLANILHA DE CUSTOS E FORMAÇÃO DE PREÇOS DE SERVIÇOS CONTINUADOS COM DEDICAÇÃO EXCLUSIVA DE MÃO DE OBRA (ANEXO III - DECRETO 52.768 de 15.12.2015)
A2: PROCESSO: | C2: 23/1244-0039138-3 | E2: REGIME DE TRIBUTAÇÃO: LUCRO REAL
A3: LICITAÇÃO/EDITAL | E3: ABERTURA:
A5: Cargo/Função: | D5: Técnico eletricista | G5: =IF(D6="12x36","Regime de trabalho:","Quantidade de HORAS/MÊS") -> Quantidade de HORAS/MÊS | I5: =IF(D6="12x36",D6,5*D6) -> 200
A6: =IF(D6="12x36","Regime de trabalho:","Regime de trabalho (horas semanais):") -> Regime de trabalho (horas semanais): | D6: 40
A7: Convenção Coletiva de Trabalho: | D7: RS002555/2024 | G7: INSALUBRIDADE (10%, 20%, 40%) | I7: Não aplicável
A8: Origem do salário: | D8: RS002555/2024
A9: Cidade: | D9: Porto Alegre | G9: PERICULOSIDADE (30%) | I9: 0.3
A10: Salário Normativo | G10: Vlr. do salário e nº de horas correspondentes | H10: 220 | I10: 3313.2
A11: ISS | G11: =D9 -> Porto Alegre | H11: Alíquota | I11: 0.05
A12: Tarifa Transporte | G12: CCT | H12: Vr. Unitário | I12: 4.8
H13: Dias | I13: 22
H14: Desconto | I14: 0.06
A15: Auxílio Alimentação | G15: CCT | H15: Vr. Unitário | I15: 0
H16: Dias | I16: 22
H17: Desconto | I17: 0
A18: Auxílio Lanche | G18: CCT | H18: Vr. Unitário | I18: 0
H19: Dias | I19: 0
H20: Desconto | I20: 0
A21: Outros | G21: CCT | H21: Valor mensal | I21: Não aplicável
A22: Adicional de Supervisor (37%) | H22: Porcentagem | I22: Não aplicável
A23: Base de cálculo da insalubridade | H23: Valor | I23: Não aplicável
A24: Quantitativo de horas trabalhadas em feriados no mês (estimado) - Não aplicável para postos 12x36 | H24: Horas por mês | I24: Não aplicável
H25: Acréscimo da hora extra | I25: Não aplicável
A26: Hora Intervalar (somente para postos 12x36, quando for o caso) | H26: Horas por mês | I26: Não aplicável
A27: Sem fornecimento de materiais ou apenas fornecimento de EPIs ou uniformes, utilizar 10%. Com fornecimento de materiais ou equipamentos, utilizar 20%. (Decreto 52.768/2015, alterado pelo Decreto 53.424/2017) | H27: Porcentagem | I27: 0.2
A29: MONTANTE A
A30: I | B30: Remuneração - Grupo I | H30: % | I30: Valor Mensal/unidade de serviço (R$)
A31: 1 | B31: Salário | H31: =I31/$I$40 -> 0.76923077 | I31: =IF(D6="12x36",I10,I10/H10*I5) -> 3012
A32: =A31+1 -> 2 | B32: Adicional Periculosidade 30% (Ver súmulas 364, 132 e 191 do TST) | H32: =I32/$I$40 -> 0.23076923 | I32: =IF(I9=30%,I31*I9,0) -> 903.6
A33: =A32+1 -> 3 | B33: Adicional Insalubridade 10% (Ver súmula 228 e 139 TST) | H33: =I33/$I$40 -> 0 | I33: =IF(I7=10%,I23*I7,0) -> 0
A34: =A33+1 -> 4 | B34: Adicional Insalubridade 20% (Ver súmula 228 e 139 TST) | H34: =I34/$I$40 -> 0 | I34: =IF(I7=20%,I23*I7,0) -> 0
A35: =A34+1 -> 5 | B35: Adicional Insalubridade 40% (Ver súmula 228 e 139 TST) | H35: =I35/$I$40 -> 0 | I35: =IF(I7=40%,I23*I7,0) -> 0
A36: =A35+1 -> 6 | B36: Adicional de Supervisor (IN 05/2017 MPOG SLTI) | H36: =I36/$I$40 -> 0 | I36: =IF(I22="Não aplicável",0,I31*I22) -> 0
A37: =A36+1 -> 7 | B37: Feriados | H37: =I37/$I$40 -> 0 | I37: =IF(I24="Não aplicável",0,(I31+I32+I33+I34+I35+I36+I39)/I5*I24*(1+I25)) -> 0
A38: =A37+1 -> 8 | B38: DSR = número total das horas extras do mês / número de dias úteis X domingos e feriados do mês X valor da hora extra com acréscimo | H38: =I38/$I$40 -> 0 | I38: =IF(I24="Não aplicável",0,I24/I13*5*(I10/H10*(1+I25))) -> 0
A39: =A38+1 -> 9 | B39: =IF(D6="12x36","Para postos 12x36 os feriados são considerados compensados, conforme parágrafo único, Art. 59-A da CLT","Outros") -> Outros | H39: =I39/$I$40 -> 0 | I39: 0
A40: Total de Remuneração | H40: =SUM(H31:H39) -> 1 | I40: =SUM(I31:I39) -> 3915.6
A42: II | B42: Encargos Sociais - Grupo II: Obrigações Sociais | H42: % | I42: Valor Mensal/unidade de serviço (R$)
A43: 1 | B43: INSS (art. 22, inc. I, Lei nº 8.212/91) | H43: 0.2 | I43: =$I$40*H43 -> 783.12
A44: 2 | B44: SESI ou SESC (art. 30, Lei nº 8.036/90) | H44: 0.015 | I44: =$I$40*H44 -> 58.734
A45: 3 | B45: SENAI ou SENAC (Decreto-Lei nº 2.318/86) | H45: 0.01 | I45: =$I$40*H45 -> 39.156
A46: 4 | B46: INCRA (art. 15I, Lei Complementar nº 011/71) | H46: 0.002 | I46: =$I$40*H46 -> 7.8312
A47: 5 | B47: SALÁRIO EDUCAÇÃO (art. , inc. I, Decreto nº 87.043/82) | H47: 0.025 | I47: =$I$40*H47 -> 97.89
A48: 6 | B48: FGTS (art. 15, Lei nº 8.036/90) | H48: 0.08 | I48: =$I$40*H48 -> 313.248
A49: 7 | B49: SEG. ACIDENTE DO TRABALHO 1%, 2% e 3% (art. 22, inc. II, alíneas "b" e "c", da Lei nº 8.212/91) | H49: 0.03 | I49: =$I$40*H49 -> 117.468
A50: 8 | B50: SEBRAE (§ 3º, art. 8º, Lei nº 8.029/90) | H50: 0.006 | I50: =$I$40*H50 -> 23.4936
A51: Total do Grupo II | H51: =SUM(H43:H50) -> 0.368 | I51: =SUM(I43:I50) -> 1440.9408
A52: Os percentuais para o SAT podem variar de 0,50% a 6,00% em função do Fator de Acidente Previdenciário (FAP), Decreto nº 6.957/2009
A53: Deverá obrigatoriamente acompanhar a proposta de preços e a planilha de custos e formação de preços a prova do Fator Acidentário de Prevenção – FAP por meio de impressão de consulta ao site do Ministério da Previdência Social (que pode ser obtido no endereço eletrônico http://www2.dataprev.gov.br/fap/fap.htm), independentemente de alteração da alíquota da parcela do Seguro Acidente de Trabalho disposta no Quadro II da referida planilha.
A54: III | B54: Encargos Sociais - Grupo III: Tempo Não Trabalhado | H54: % | I54: Valor Mensal/unidade de serviço (R$)
A55: 1 | B55: FÉRIAS GOZADAS + ADICIONAL DE FÉRIAS | H55: 0.119314 | I55: =$I$40*H55 -> 467.1859
A56: 2 | B56: FALTAS ABONADAS (3) | H56: 0.020479 | I56: =$I$40*H56 -> 80.187572
A57: 3 | B57: FALTAS LEGAIS (4) | H57: 0.012123 | I57: =$I$40*H57 -> 47.468819
A58: 4 | B58: LICENÇA MATERNIDADE | H58: 0.011436 | I58: =$I$40*H58 -> 44.778802
A59: 5 | B59: LICENÇA PATERNIDADE | H59: 0.000174 | I59: =$I$40*H59 -> 0.6813144
A60: 6 | B60: ACIDENTE DE TRABALHO | H60: 0.000442 | I60: =$I$40*H60 -> 1.7306952
A61: 7 | B61: AVISO PRÉVIO TRABALHADO | H61: 0.000185 | I61: =$I$40*H61 -> 0.724386
A62: 8 | B62: 13º SALÁRIO | H62: 0.09079 | I62: =$I$40*H62 -> 355.49732
A63: Total do Grupo III | H63: =SUM(H55:H62) -> 0.254943 | I63: =SUM(I55:I62) -> 998.25481
A64: (3) | B64: Faltas Justificadas por Auxílio Doença
A65: (4) | B65: Faltas Legais - Art. 473 CLT
A66: IV | B66: Encargos Sociais - Grupo IV: Indenizações | H66: % | I66: Valor Mensal/unidade de serviço (R$)
A67: 1 | B67: INDENIZAÇÕES | H67: 0.023627 | I67: =$I$40*H67 -> 92.513881
A68: 2 | B68: FGTS SOBRE INDENIZAÇÕES | H68: 0.001717 | I68: =$I$40*H68 -> 6.7230852
A69: 3 | B69: INDENIZAÇÃO COMPENSATÓRIA POR DEMISSÃO SEM JUSTA CAUSA | H69: 0.009451 | I69: =$I$40*H69 -> 37.006336
A70: Total do Grupo IV | H70: =SUM(H67:H69) -> 0.034795 | I70: =SUM(I67:I69) -> 136.2433
A72: V | B72: Encargos Sociais - Grupo V: Incidências | H72: % | I72: Valor Mensal/unidade de serviço (R$)
A73: 1 | B73: INCIDÊNCIA GRUPO II (Obrigações Sociais) X GRUPO III (Tempo Não Trabalhado) | H73: =(H51*H63) -> 0.093819024 | I73: =$I$40*H73 -> 367.35777
A74: Total do Grupo V | H74: =SUM(H73:H73) -> 0.093819024 | I74: =I73 -> 367.35777
A76: TOTAL DOS ENCAGOS SOCIAIS (II + III + IV + V) | H76: =H51+H63+H70+H74 -> 0.75155702 | I76: =I51+I63+I70+I74 -> 2942.7967
A78: VI | B78: Demais custos relativos à Norma Coletiva ou Disposições Legais - Grupo VI | H78: % | I78: Valor Mensal/unidade de serviço (R$)
A79: 1 | B79: Auxílio Alimentação | H79: =I79/$I$40 -> 0 | I79: =I97 -> 0
A80: =A79+1 -> 2 | B80: Auxílio Lanche | H80: =I80/$I$40 -> 0 | I80: =I93 -> 0
A81: =A80+1 -> 3 | B81: Plano de Saúde | H81: =I81/$I$40 -> 0 | I81: 0
A82: =A81+1 -> 4 | B82: Vale-Transporte⁽⁵⁾ | H82: =I82/$I$40 -> 0.0077842476 | I82: =I89 -> 30.48
A83: =A82+1 -> 5 | B83: Adicional Intervalar | H83: =I83/$I$40 -> 0 | I83: =IF(I26="Não aplicável",0,((I10/H10)*1.5*I26)) -> 0
A84: =A83+1 -> 6 | B84: Outros | H84: =I84/$I$40 -> 0 | I84: =IF(I21="Não aplicável",0,I21) -> 0
A85: Total do Grupo VI | H85: =SUM(H79:H84) -> 0.0077842476 | I85: =SUM(I79:I84) -> 30.48
A86: (5) | B86: O valor do vale-transporte pode variar de acordo com o modal fornecido pelo empregador.
A87: MEMÓRIA DE CÁLCULO DO VALE TRANSPORTE
A88: Valor Unitário | C88: Dias de Trabalho | D88: Vale p/dia | E88: Custo total | F88: Base de cálculo | G88: Percentual de desconto | H88: Valor desconto | I88: Custo efetivo
A89: =I12 -> 4.8 | C89: =I13 -> 22 | D89: 2 | E89: =A89*C89*D89 -> 211.2 | F89: =I31 -> 3012 | G89: =I14 -> 0.06 | H89: =F89*G89 -> 180.72 | I89: =IF((E89-H89)>0,E89-H89,0) -> 30.48
A91: MEMÓRIA DE CÁLCULO DO VALE LANCHE
A92: Valor Unitário | C92: Dias por mês | D92: Vale p/dia | E92: Custo total | F92: Base de cálculo | G92: Percentual de desconto | H92: Valor desconto | I92: Custo efetivo
A93: =I18 -> 0 | C93: =I19 -> 0 | D93: 1 | E93: =A93*C93*D93 -> 0 | F93: =E93 -> 0 | G93: =I20 -> 0 | H93: =F93*G93 -> 0 | I93: =E93-H93 -> 0
A95: MEMÓRIA DE CÁLCULO DO | F95: =A15 -> Auxílio Alimentação
A96: Valor Unitário | C96: Dias por mês | D96: Vale p/dia | E96: Custo total | F96: Base de cálculo | G96: Percentual de desconto | H96: =H88 -> Valor desconto | I96: Custo efetivo
A97: =I15 -> 0 | C97: =I16 -> 22 | D97: 1 | E97: =A97*C97*D97 -> 0 | F97: =E97 -> 0 | G97: =I17 -> 0 | H97: =F97*G97 -> 0 | I97: =E97-H97 -> 0
A99: TOTAL DO MONTANTE A (I + II + III+ IV + V +VI) | H99: =H40+H76+H85 -> 1.7593413 | I99: =I40+I76+I85 -> 6888.8767
A101: MONTANTE B
A102: I | B102: Despesas Diretas | H102: % | I102: Valor Mensal/unidade de serviço (R$)
A103: 1 | B103: Transporte (6) | H103: =I103/$I$114 -> 0 | I103: 0
A104: 2 | B104: Uniformes/EPI (6a) | H104: =I104/$I$114 -> 0 | I104: =IF(F112=10%,G112,0) -> 0
A105: 3 | B105: Seguro de vida | H105: =I105/$I$114 -> 0 | I105: 0
A106: 4 | B106: Materiais/Equipamentos | H106: =I106/$I$114 -> 0 | I106: 0
A107: 5 | B107: Mobilização (7) | H107: =I107/$I$114 -> 0 | I107: 0
A108: 6 | B108: Outros (especificar) | H108: =I108/$I$114 -> 0 | I108: 0
A109: Total de Despesas Diretas | H109: =H103+H104+H105+H106+H107+H108 -> 0 | I109: =SUM(I103:I108) -> 0
B110: (6) Somente será preenchido quando o licitante fornecer transporte próprio (6a) EPI - Equipamento de Proteção Individual (7) Tais custos de mobilização não são renováveis, devendo ser eliminados após o primeiro ano de contrato caso haja prorrogação
...

Sheet Téc telecomun
A1: PLANILHA DE CUSTOS E FORMAÇÃO DE PREÇOS DE SERVIÇOS CONTINUADOS COM DEDICAÇÃO EXCLUSIVA DE MÃO DE OBRA (ANEXO III - DECRETO 52.768 de 15.12.2015)
A2: PROCESSO: | C2: 23/1244-0039138-3 | E2: REGIME DE TRIBUTAÇÃO: LUCRO REAL
A3: LICITAÇÃO/EDITAL | E3: ABERTURA:
A5: Cargo/Função: | D5: Técnico em telecomunicações e rede lógica/sistema cabeado | G5: =IF(D6="12x36","Regime de trabalho:","Quantidade de HORAS/MÊS") -> Quantidade de HORAS/MÊS | I5: =IF(D6="12x36",D6,5*D6) -> 200
A6: =IF(D6="12x36","Regime de trabalho:","Regime de trabalho (horas semanais):") -> Regime de trabalho (horas semanais): | D6: 40
A7: Convenção Coletiva de Trabalho: | D7: RS002555/2024 | G7: INSALUBRIDADE (10%, 20%, 40%) | I7: Não aplicável
A8: Origem do salário: | D8: RS002555/2024
A9: Cidade: | D9: Porto Alegre | G9: PERICULOSIDADE (30%) | I9: Não aplicável
A10: Salário Normativo | G10: Vlr. do salário e nº de horas correspondentes | H10: 220 | I10: 3313.2
A11: ISS | G11: =D9 -> Porto Alegre | H11: Alíquota | I11: 0.05
A12: Tarifa Transporte | G12: CCT | H12: Vr. Unitário | I12: 4.8
H13: Dias | I13: 22
H14: Desconto | I14: 0.06
A15: Auxílio Alimentação | G15: CCT | H15: Vr. Unitário | I15: 0
H16: Dias | I16: 22
H17: Desconto | I17: 0
A18: Auxílio Lanche | G18: CCT | H18: Vr. Unitário | I18: 0
H19: Dias | I19: 0
H20: Desconto | I20: 0
A21: Outros | G21: CCT | H21: Valor mensal | I21: Não aplicável
A22: Adicional de Supervisor (37%) | H22: Porcentagem | I22: Não aplicável
A23: Base de cálculo da insalubridade | H23: Valor | I23: Não aplicável
A24: Quantitativo de horas trabalhadas em feriados no mês (estimado) - Não aplicável para postos 12x36 | H24: Horas por mês | I24: Não aplicável
H25: Acréscimo da hora extra | I25: Não aplicável
A26: Hora Intervalar (somente para postos 12x36, quando for o caso) | H26: Horas por mês | I26: Não aplicável
A27: Sem fornecimento de materiais ou apenas fornecimento de EPIs ou uniformes, utilizar 10%. Com fornecimento de materiais ou equipamentos, utilizar 20%. (Decreto 52.768/2015, alterado pelo Decreto 53.424/2017) | H27: Porcentagem | I27: 0.2
A29: MONTANTE A
A30: I | B30: Remuneração - Grupo I | H30: % | I30: Valor Mensal/unidade de serviço (R$)
A31: 1 | B31: Salário | H31: =I31/$I$40 -> 1 | I31: =IF(D6="12x36",I10,I10/H10*I5) -> 3012
A32: =A31+1 -> 2 | B32: Adicional Periculosidade 30% (Ver súmulas 364, 132 e 191 do TST) | H32: =I32/$I$40 -> 0 | I32: =IF(I9=30%,I31*I9,0) -> 0
A33: =A32+1 -> 3 | B33: Adicional Insalubridade 10% (Ver súmula 228 e 139 TST) | H33: =I33/$I$40 -> 0 | I33: =IF(I7=10%,I23*I7,0) -> 0
A34: =A33+1 -> 4 | B34: Adicional Insalubridade 20% (Ver súmula 228 e 139 TST) | H34: =I34/$I$40 -> 0 | I34: =IF(I7=20%,I23*I7,0) -> 0
A35: =A34+1 -> 5 | B35: Adicional Insalubridade 40% (Ver súmula 228 e 139 TST) | H35: =I35/$I$40 -> 0 | I35: =IF(I7=40%,I23*I7,0) -> 0
A36: =A35+1 -> 6 | B36: Adicional de Supervisor (IN 05/2017 MPOG SLTI) | H36: =I36/$I$40 -> 0 | I36: =IF(I22="Não aplicável",0,I31*I22) -> 0
A37: =A36+1 -> 7 | B37: Feriados | H37: =I37/$I$40 -> 0 | I37: =IF(I24="Não aplicável",0,(I31+I32+I33+I34+I35+I36+I39)/I5*I24*(1+I25)) -> 0
A38: =A37+1 -> 8 | B38: DSR = número total das horas extras do mês / número de dias úteis X domingos e feriados do mês X valor da hora extra com acréscimo | H38: =I38/$I$40 -> 0 | I38: =IF(I24="Não aplicável",0,I24/I13*5*(I10/H10*(1+I25))) -> 0
A39: =A38+1 -> 9 | B39: =IF(D6="12x36","Para postos 12x36 os feriados são considerados compensados, conforme parágrafo único, Art. 59-A da CLT","Outros") -> Outros | H39: =I39/$I$40 -> 0 | I39: 0
A40: Total de Remuneração | H40: =SUM(H31:H39) -> 1 | I40: =SUM(I31:I39) -> 3012
A42: II | B42: Encargos Sociais - Grupo II: Obrigações Sociais | H42: % | I42: Valor Mensal/unidade de serviço (R$)
A43: 1 | B43: INSS (art. 22, inc. I, Lei nº 8.212/91) | H43: 0.2 | I43: =$I$40*H43 -> 602.4
A44: 2 | B44: SESI ou SESC (art. 30, Lei nº 8.036/90) | H44: 0.015 | I44: =$I$40*H44 -> 45.18
A45: 3 | B45: SENAI ou SENAC (Decreto-Lei nº 2.318/86) | H45: 0.01 | I45: =$I$40*H45 -> 30.12
A46: 4 | B46: INCRA (art. 15I, Lei Complementar nº 011/71) | H46: 0.002 | I46: =$I$40*H46 -> 6.024
A47: 5 | B47: SALÁRIO EDUCAÇÃO (art. , inc. I, Decreto nº 87.043/82) | H47: 0.025 | I47: =$I$40*H47 -> 75.3
A48: 6 | B48: FGTS (art. 15, Lei nº 8.036/90) | H48: 0.08 | I48: =$I$40*H48 -> 240.96
A49: 7 | B49: SEG. ACIDENTE DO TRABALHO 1%, 2% e 3% (art. 22, inc. II, alíneas "b" e "c", da Lei nº 8.212/91) | H49: 0.03 | I49: =$I$40*H49 -> 90.36
A50: 8 | B50: SEBRAE (§ 3º, art. 8º, Lei nº 8.029/90) | H50: 0.006 | I50: =$I$40*H50 -> 18.072
A51: Total do Grupo II | H51: =SUM(H43:H50) -> 0.368 | I51: =SUM(I43:I50) -> 1108.416
A52: Os percentuais para o SAT podem variar de 0,50% a 6,00% em função do Fator de Acidente Previdenciário (FAP), Decreto nº 6.957/2009
A53: Deverá obrigatoriamente acompanhar a proposta de preços e a planilha de custos e formação de preços a prova do Fator Acidentário de Prevenção – FAP por meio de impressão de consulta ao site do Ministério da Previdência Social (que pode ser obtido no endereço eletrônico http://www2.dataprev.gov.br/fap/fap.htm), independentemente de alteração da alíquota da parcela do Seguro Acidente de Trabalho disposta no Quadro II da referida planilha.
A54: III | B54: Encargos Sociais - Grupo III: Tempo Não Trabalhado | H54: % | I54: Valor Mensal/unidade de serviço (R$)
A55: 1 | B55: FÉRIAS GOZADAS + ADICIONAL DE FÉRIAS | H55: 0.119314 | I55: =$I$40*H55 -> 359.37377
A56: 2 | B56: FALTAS ABONADAS (3) | H56: 0.020479 | I56: =$I$40*H56 -> 61.682748
A57: 3 | B57: FALTAS LEGAIS (4) | H57: 0.012123 | I57: =$I$40*H57 -> 36.514476
A58: 4 | B58: LICENÇA MATERNIDADE | H58: 0.011436 | I58: =$I$40*H58 -> 34.445232
A59: 5 | B59: LICENÇA PATERNIDADE | H59: 0.000174 | I59: =$I$40*H59 -> 0.524088
A60: 6 | B60: ACIDENTE DE TRABALHO | H60: 0.000442 | I60: =$I$40*H60 -> 1.331304
A61: 7 | B61: AVISO PRÉVIO TRABALHADO | H61: 0.000185 | I61: =$I$40*H61 -> 0.55722
A62: 8 | B62: 13º SALÁRIO | H62: 0.09079 | I62: =$I$40*H62 -> 273.45948
A63: Total do Grupo III | H63: =SUM(H55:H62) -> 0.254943 | I63: =SUM(I55:I62) -> 767.88832
A64: (3) | B64: Faltas Justificadas por Auxílio Doença
A65: (4) | B65: Faltas Legais - Art. 473 CLT
A66: IV | B66: Encargos Sociais - Grupo IV: Indenizações | H66: % | I66: Valor Mensal/unidade de serviço (R$)
A67: 1 | B67: INDENIZAÇÕES | H67: 0.023627 | I67: =$I$40*H67 -> 71.164524
A68: 2 | B68: FGTS SOBRE INDENIZAÇÕES | H68: 0.001717 | I68: =$I$40*H68 -> 5.171604
A69: 3 | B69: INDENIZAÇÃO COMPENSATÓRIA POR DEMISSÃO SEM JUSTA CAUSA | H69: 0.009451 | I69: =$I$40*H69 -> 28.466412
A70: Total do Grupo IV | H70: =SUM(H67:H69) -> 0.034795 | I70: =SUM(I67:I69) -> 104.80254
A72: V | B72: Encargos Sociais - Grupo V: Incidências | H72: % | I72: Valor Mensal/unidade de serviço (R$)
A73: 1 | B73: INCIDÊNCIA GRUPO II (Obrigações Sociais) X GRUPO III (Tempo Não Trabalhado) | H73: =(H51*H63) -> 0.093819024 | I73: =$I$40*H73 -> 282.5829
A74: Total do Grupo V | H74: =SUM(H73:H73) -> 0.093819024 | I74: =I73 -> 282.5829
A76: TOTAL DOS ENCAGOS SOCIAIS (II + III + IV + V) | H76: =H51+H63+H70+H74 -> 0.75155702 | I76: =I51+I63+I70+I74 -> 2263.6898
A78: VI | B78: Demais custos relativos à Norma Coletiva ou Disposições Legais - Grupo VI | H78: % | I78: Valor Mensal/unidade de serviço (R$)
A79: 1 | B79: Auxílio Alimentação | H79: =I79/$I$40 -> 0 | I79: =I97 -> 0
A80: =A79+1 -> 2 | B80: Auxílio Lanche | H80: =I80/$I$40 -> 0 | I80: =I93 -> 0
A81: =A80+1 -> 3 | B81: Plano de Saúde | H81: =I81/$I$40 -> 0 | I81: 0
A82: =A81+1 -> 4 | B82: Vale-Transporte⁽⁵⁾ | H82: =I82/$I$40 -> 0.010119522 | I82: =I89 -> 30.48
A83: =A82+1 -> 5 | B83: Adicional Intervalar | H83: =I83/$I$40 -> 0 | I83: =IF(I26="Não aplicável",0,((I10/H10)*1.5*I26)) -> 0
A84: =A83+1 -> 6 | B84: Outros | H84: =I84/$I$40 -> 0 | I84: =IF(I21="Não aplicável",0,I21) -> 0
A85: Total do Grupo VI | H85: =SUM(H79:H84) -> 0.010119522 | I85: =SUM(I79:I84) -> 30.48
A86: (5) | B86: O valor do vale-transporte pode variar de acordo com o modal fornecido pelo empregador.
A87: MEMÓRIA DE CÁLCULO DO VALE TRANSPORTE
A88: Valor Unitário | C88: Dias de Trabalho | D88: Vale p/dia | E88: Custo total | F88: Base de cálculo | G88: Percentual de desconto | H88: Valor desconto | I88: Custo efetivo
A89: =I12 -> 4.8 | C89: =I13 -> 22 | D89: 2 | E89: =A89*C89*D89 -> 211.2 | F89: =I31 -> 3012 | G89: =I14 -> 0.06 | H89: =F89*G89 -> 180.72 | I89: =IF((E89-H89)>0,E89-H89,0) -> 30.48
A91: MEMÓRIA DE CÁLCULO DO VALE LANCHE
A92: Valor Unitário | C92: Dias por mês | D92: Vale p/dia | E92: Custo total | F92: Base de cálculo | G92: Percentual de desconto | H92: Valor desconto | I92: Custo efetivo
A93: =I18 -> 0 | C93: =I19 -> 0 | D93: 1 | E93: =A93*C93*D93 -> 0 | F93: =E93 -> 0 | G93: =I20 -> 0 | H93: =F93*G93 -> 0 | I93: =E93-H93 -> 0
A95: MEMÓRIA DE CÁLCULO DO | F95: =A15 -> Auxílio Alimentação
A96: Valor Unitário | C96: Dias por mês | D96: Vale p/dia | E96: Custo total | F96: Base de cálculo | G96: Percentual de desconto | H96: =H88 -> Valor desconto | I96: Custo efetivo
A97: =I15 -> 0 | C97: =I16 -> 22 | D97: 1 | E97: =A97*C97*D97 -> 0 | F97: =E97 -> 0 | G97: =I17 -> 0 | H97: =F97*G97 -> 0 | I97: =E97-H97 -> 0
A99: TOTAL DO MONTANTE A (I + II + III+ IV + V +VI) | H99: =H40+H76+H85 -> 1.7616765 | I99: =I40+I76+I85 -> 5306.1698
A101: MONTANTE B
A102: I | B102: Despesas Diretas | H102: % | I102: Valor Mensal/unidade de serviço (R$)
A103: 1 | B103: Transporte (6) | H103: =I103/$I$114 -> 0 | I103: 0
A104: 2 | B104: Uniformes/EPI (6a) | H104: =I104/$I$114 -> 0 | I104: =IF(F112=10%,G112,0) -> 0
A105: 3 | B105: Seguro de vida | H105: =I105/$I$114 -> 0 | I105: 0
A106: 4 | B106: Materiais/Equipamentos | H106: =I106/$I$114 -> 0 | I106: 0
A107: 5 | B107: Mobilização (7) | H107: =I107/$I$114 -> 0 | I107: 0
A108: 6 | B108: Outros (especificar) | H108: =I108/$I$114 -> 0 | I108: 0
A109: Total de Despesas Diretas | H109: =H103+H104+H105+H106+H107+H108 -> 0 | I109: =SUM(I103:I108) -> 0
B110: (6) Somente será preenchido quando o licitante fornecer transporte próprio (6a) EPI - Equipamento de Proteção Individual (7) Tais custos de mobilização não são renováveis, devendo ser eliminados após o primeiro ano de contrato caso haja prorrogação
...

Sheet Téc refriger
A1: PLANILHA DE CUSTOS E FORMAÇÃO DE PREÇOS DE SERVIÇOS CONTINUADOS COM DEDICAÇÃO EXCLUSIVA DE MÃO DE OBRA (ANEXO III - DECRETO 52.768 de 15.12.2015)
A2: PROCESSO: | C2: 23/1244-0039138-3 | E2: REGIME DE TRIBUTAÇÃO: LUCRO REAL
A3: LICITAÇÃO/EDITAL | E3: ABERTURA:
A5: Cargo/Função: | D5: Técnico em Refrigeração | G5: =IF(D6="12x36","Regime de trabalho:","Quantidade de HORAS/MÊS") -> Quantidade de HORAS/MÊS | I5: =IF(D6="12x36",D6,5*D6) -> 200
A6: =IF(D6="12x36","Regime de trabalho:","Regime de trabalho (horas semanais):") -> Regime de trabalho (horas semanais): | D6: 40
A7: Convenção Coletiva de Trabalho: | D7: RS002555/2024 | G7: INSALUBRIDADE (10%, 20%, 40%) | I7: Não aplicável
A8: Origem do salário: | D8: RS002555/2024
A9: Cidade: | D9: Porto Alegre | G9: PERICULOSIDADE (30%) | I9: Não aplicável
A10: Salário Normativo | G10: Vlr. do salário e nº de horas correspondentes | H10: 220 | I10: 3313.2
A11: ISS | G11: =D9 -> Porto Alegre | H11: Alíquota | I11: 0.05
A12: Tarifa Transporte | G12: CCT | H12: Vr. Unitário | I12: 4.8
H13: Dias | I13: 22
H14: Desconto | I14: 0.06
A15: Auxílio Alimentação | G15: CCT | H15: Vr. Unitário | I15: 0
H16: Dias | I16: 22
H17: Desconto | I17: 0
A18: Auxílio Lanche | G18: CCT | H18: Vr. Unitário | I18: 0
H19: Dias | I19: 0
H20: Desconto | I20: 0
A21: Outros | G21: CCT | H21: Valor mensal | I21: Não aplicável
A22: Adicional de Supervisor (37%) | H22: Porcentagem | I22: Não aplicável
A23: Base de cálculo da insalubridade | H23: Valor | I23: Não aplicável
A24: Quantitativo de horas trabalhadas em feriados no mês (estimado) - Não aplicável para postos 12x36 | H24: Horas por mês | I24: Não aplicável
H25: Acréscimo da hora extra | I25: Não aplicável
A26: Hora Intervalar (somente para postos 12x36, quando for o caso) | H26: Horas por mês | I26: Não aplicável
A27: Sem fornecimento de materiais ou apenas fornecimento de EPIs ou uniformes, utilizar 10%. Com fornecimento de materiais ou equipamentos, utilizar 20%. (Decreto 52.768/2015, alterado pelo Decreto 53.424/2017) | H27: Porcentagem | I27: 0.2
A29: MONTANTE A
A30: I | B30: Remuneração - Grupo I | H30: % | I30: Valor Mensal/unidade de serviço (R$)
A31: 1 | B31: Salário | H31: =I31/$I$40 -> 1 | I31: =IF(D6="12x36",I10,I10/H10*I5) -> 3012
A32: =A31+1 -> 2 | B32: Adicional Periculosidade 30% (Ver súmulas 364, 132 e 191 do TST) | H32: =I32/$I$40 -> 0 | I32: =IF(I9=30%,I31*I9,0) -> 0
A33: =A32+1 -> 3 | B33: Adicional Insalubridade 10% (Ver súmula 228 e 139 TST) | H33: =I33/$I$40 -> 0 | I33: =IF(I7=10%,I23*I7,0) -> 0
A34: =A33+1 -> 4 | B34: Adicional Insalubridade 20% (Ver súmula 228 e 139 TST) | H34: =I34/$I$40 -> 0 | I34: =IF(I7=20%,I23*I7,0) -> 0
A35: =A34+1 -> 5 | B35: Adicional Insalubridade 40% (Ver súmula 228 e 139 TST) | H35: =I35/$I$40 -> 0 | I35: =IF(I7=40%,I23*I7,0) -> 0
A36: =A35+1 -> 6 | B36: Adicional de Supervisor (IN 05/2017 MPOG SLTI) | H36: =I36/$I$40 -> 0 | I36: =IF(I22="Não aplicável",0,I31*I22) -> 0
A37: =A36+1 -> 7 | B37: Feriados | H37: =I37/$I$40 -> 0 | I37: =IF(I24="Não aplicável",0,(I31+I32+I33+I34+I35+I36+I39)/I5*I24*(1+I25)) -> 0
A38: =A37+1 -> 8 | B38: DSR = número total das horas extras do mês / número de dias úteis X domingos e feriados do mês X valor da hora extra com acréscimo | H38: =I38/$I$40 -> 0 | I38: =IF(I24="Não aplicável",0,I24/I13*5*(I10/H10*(1+I25))) -> 0
A39: =A38+1 -> 9 | B39: =IF(D6="12x36","Para postos 12x36 os feriados são considerados compensados, conforme parágrafo único, Art. 59-A da CLT","Outros") -> Outros | H39: =I39/$I$40 -> 0 | I39: 0
A40: Total de Remuneração | H40: =SUM(H31:H39) -> 1 | I40: =SUM(I31:I39) -> 3012
A42: II | B42: Encargos Sociais - Grupo II: Obrigações Sociais | H42: % | I42: Valor Mensal/unidade de serviço (R$)
A43: 1 | B43: INSS (art. 22, inc. I, Lei nº 8.212/91) | H43: 0.2 | I43: =$I$40*H43 -> 602.4
A44: 2 | B44: SESI ou SESC (art. 30, Lei nº 8.036/90) | H44: 0.015 | I44: =$I$40*H44 -> 45.18
A45: 3 | B45: SENAI ou SENAC (Decreto-Lei nº 2.318/86) | H45: 0.01 | I45: =$I$40*H45 -> 30.12
A46: 4 | B46: INCRA (art. 15I, Lei Complementar nº 011/71) | H46: 0.002 | I46: =$I$40*H46 -> 6.024
A47: 5 | B47: SALÁRIO EDUCAÇÃO (art. , inc. I, Decreto nº 87.043/82) | H47: 0.025 | I47: =$I$40*H47 -> 75.3
A48: 6 | B48: FGTS (art. 15, Lei nº 8.036/90) | H48: 0.08 | I48: =$I$40*H48 -> 240.96
A49: 7 | B49: SEG. ACIDENTE DO TRABALHO 1%, 2% e 3% (art. 22, inc. II, alíneas "b" e "c", da Lei nº 8.212/91) | H49: 0.03 | I49: =$I$40*H49 -> 90.36
A50: 8 | B50: SEBRAE (§ 3º, art. 8º, Lei nº 8.029/90) | H50: 0.006 | I50: =$I$40*H50 -> 18.072
A51: Total do Grupo II | H51: =SUM(H43:H50) -> 0.368 | I51: =SUM(I43:I50) -> 1108.416
A52: Os percentuais para o SAT podem variar de 0,50% a 6,00% em função do Fator de Acidente Previdenciário (FAP), Decreto nº 6.957/2009
A53: Deverá obrigatoriamente acompanhar a proposta de preços e a planilha de custos e formação de preços a prova do Fator Acidentário de Prevenção – FAP por meio de impressão de consulta ao site do Ministério da Previdência Social (que pode ser obtido no endereço eletrônico http://www2.dataprev.gov.br/fap/fap.htm), independentemente de alteração da alíquota da parcela do Seguro Acidente de Trabalho disposta no Quadro II da referida planilha.
A54: III | B54: Encargos Sociais - Grupo III: Tempo Não Trabalhado | H54: % | I54: Valor Mensal/unidade de serviço (R$)
A55: 1 | B55: FÉRIAS GOZADAS + ADICIONAL DE FÉRIAS | H55: 0.119314 | I55: =$I$40*H55 -> 359.37377
A56: 2 | B56: FALTAS ABONADAS (3) | H56: 0.020479 | I56: =$I$40*H56 -> 61.682748
A57: 3 | B57: FALTAS LEGAIS (4) | H57: 0.012123 | I57: =$I$40*H57 -> 36.514476
A58: 4 | B58: LICENÇA MATERNIDADE | H58: 0.011436 | I58: =$I$40*H58 -> 34.445232
A59: 5 | B59: LICENÇA PATERNIDADE | H59: 0.000174 | I59: =$I$40*H59 -> 0.524088
A60: 6 | B60: ACIDENTE DE TRABALHO | H60: 0.000442 | I60: =$I$40*H60 -> 1.331304
A61: 7 | B61: AVISO PRÉVIO TRABALHADO | H61: 0.000185 | I61: =$I$40*H61 -> 0.55722
A62: 8 | B62: 13º SALÁRIO | H62: 0.09079 | I62: =$I$40*H62 -> 273.45948
A63: Total do Grupo III | H63: =SUM(H55:H62) -> 0.254943 | I63: =SUM(I55:I62) -> 767.88832
A64: (3) | B64: Faltas Justificadas por Auxílio Doença
A65: (4) | B65: Faltas Legais - Art. 473 CLT
A66: IV | B66: Encargos Sociais - Grupo IV: Indenizações | H66: % | I66: Valor Mensal/unidade de serviço (R$)
A67: 1 | B67: INDENIZAÇÕES | H67: 0.023627 | I67: =$I$40*H67 -> 71.164524
A68: 2 | B68: FGTS SOBRE INDENIZAÇÕES | H68: 0.001717 | I68: =$I$40*H68 -> 5.171604
A69: 3 | B69: INDENIZAÇÃO COMPENSATÓRIA POR DEMISSÃO SEM JUSTA CAUSA | H69: 0.009451 | I69: =$I$40*H69 -> 28.466412
A70: Total do Grupo IV | H70: =SUM(H67:H69) -> 0.034795 | I70: =SUM(I67:I69) -> 104.80254
A72: V | B72: Encargos Sociais - Grupo V: Incidências | H72: % | I72: Valor Mensal/unidade de serviço (R$)
A73: 1 | B73: INCIDÊNCIA GRUPO II (Obrigações Sociais) X GRUPO III (Tempo Não Trabalhado) | H73: =(H51*H63) -> 0.093819024 | I73: =$I$40*H73 -> 282.5829
A74: Total do Grupo V | H74: =SUM(H73:H73) -> 0.093819024 | I74: =I73 -> 282.5829
A76: TOTAL DOS ENCAGOS SOCIAIS (II + III + IV + V) | H76: =H51+H63+H70+H74 -> 0.75155702 | I76: =I51+I63+I70+I74 -> 2263.6898
A78: VI | B78: Demais custos relativos à Norma Coletiva ou Disposições Legais - Grupo VI | H78: % | I78: Valor Mensal/unidade de serviço (R$)
A79: 1 | B79: Auxílio Alimentação | H79: =I79/$I$40 -> 0 | I79: =I97 -> 0
A80: =A79+1 -> 2 | B80: Auxílio Lanche | H80: =I80/$I$40 -> 0 | I80: =I93 -> 0
A81: =A80+1 -> 3 | B81: Plano de Saúde | H81: =I81/$I$40 -> 0 | I81: 0
A82: =A81+1 -> 4 | B82: Vale-Transporte⁽⁵⁾ | H82: =I82/$I$40 -> 0.010119522 | I82: =I89 -> 30.48
A83: =A82+1 -> 5 | B83: Adicional Intervalar | H83: =I83/$I$40 -> 0 | I83: =IF(I26="Não aplicável",0,((I10/H10)*1.5*I26)) -> 0
A84: =A83+1 -> 6 | B84: Outros | H84: =I84/$I$40 -> 0 | I84: =IF(I21="Não aplicável",0,I21) -> 0
A85: Total do Grupo VI | H85: =SUM(H79:H84) -> 0.010119522 | I85: =SUM(I79:I84) -> 30.48
A86: (5) | B86: O valor do vale-transporte pode variar de acordo com o modal fornecido pelo empregador.
A87: MEMÓRIA DE CÁLCULO DO VALE TRANSPORTE
A88: Valor Unitário | C88: Dias de Trabalho | D88: Vale p/dia | E88: Custo total | F88: Base de cálculo | G88: Percentual de desconto | H88: Valor desconto | I88: Custo efetivo
A89: =I12 -> 4.8 | C89: =I13 -> 22 | D89: 2 | E89: =A89*C89*D89 -> 211.2 | F89: =I31 -> 3012 | G89: =I14 -> 0.06 | H89: =F89*G89 -> 180.72 | I89: =IF((E89-H89)>0,E89-H89,0) -> 30.48
A91: MEMÓRIA DE CÁLCULO DO VALE LANCHE
A92: Valor Unitário | C92: Dias por mês | D92: Vale p/dia | E92: Custo total | F92: Base de cálculo | G92: Percentual de desconto | H92: Valor desconto | I92: Custo efetivo
A93: =I18 -> 0 | C93: =I19 -> 0 | D93: 1 | E93: =A93*C93*D93 -> 0 | F93: =E93 -> 0 | G93: =I20 -> 0 | H93: =F93*G93 -> 0 | I93: =E93-H93 -> 0
A95: MEMÓRIA DE CÁLCULO DO | F95: =A15 -> Auxílio Alimentação
A96: Valor Unitário | C96: Dias por mês | D96: Vale p/dia | E96: Custo total | F96: Base de cálculo | G96: Percentual de desconto | H96: =H88 -> Valor desconto | I96: Custo efetivo
A97: =I15 -> 0 | C97: =I16 -> 22 | D97: 1 | E97: =A97*C97*D97 -> 0 | F97: =E97 -> 0 | G97: =I17 -> 0 | H97: =F97*G97 -> 0 | I97: =E97-H97 -> 0
A99: TOTAL DO MONTANTE A (I + II + III+ IV + V +VI) | H99: =H40+H76+H85 -> 1.7616765 | I99: =I40+I76+I85 -> 5306.1698
A101: MONTANTE B
A102: I | B102: Despesas Diretas | H102: % | I102: Valor Mensal/unidade de serviço (R$)
A103: 1 | B103: Transporte (6) | H103: =I103/$I$114 -> 0 | I103: 0
A104: 2 | B104: Uniformes/EPI (6a) | H104: =I104/$I$114 -> 0 | I104: =IF(F112=10%,G112,0) -> 0
A105: 3 | B105: Seguro de vida | H105: =I105/$I$114 -> 0 | I105: 0
A106: 4 | B106: Materiais/Equipamentos | H106: =I106/$I$114 -> 0 | I106: 0
A107: 5 | B107: Mobilização (7) | H107: =I107/$I$114 -> 0 | I107: 0
A108: 6 | B108: Outros (especificar) | H108: =I108/$I$114 -> 0 | I108: 0
A109: Total de Despesas Diretas | H109: =H103+H104+H105+H106+H107+H108 -> 0 | I109: =SUM(I103:I108) -> 0
B110: (6) Somente será preenchido quando o licitante fornecer transporte próprio (6a) EPI - Equipamento de Proteção Individual (7) Tais custos de mobilização não são renováveis, devendo ser eliminados após o primeiro ano de contrato caso haja prorrogação
...

Sheet Hidráulico
A1: PLANILHA DE CUSTOS E FORMAÇÃO DE PREÇOS DE SERVIÇOS CONTINUADOS COM DEDICAÇÃO EXCLUSIVA DE MÃO DE OBRA (ANEXO III - DECRETO 52.768 de 15.12.2015)
A2: PROCESSO: | C2: 23/1244-0039138-3 | E2: REGIME DE TRIBUTAÇÃO: LUCRO REAL
A3: LICITAÇÃO/EDITAL | E3: ABERTURA:
A5: Cargo/Função: | D5: Hidráulico | G5: =IF(D6="12x36","Regime de trabalho:","Quantidade de HORAS/MÊS") -> Quantidade de HORAS/MÊS | I5: =IF(D6="12x36",D6,5*D6) -> 200
A6: =IF(D6="12x36","Regime de trabalho:","Regime de trabalho (horas semanais):") -> Regime de trabalho (horas semanais): | D6: 40
A7: Convenção Coletiva de Trabalho: | D7: RS003659/2023 | G7: INSALUBRIDADE (10%, 20%, 40%) | I7: 0.4
A8: Origem do salário: | D8: RS003659/2023
A9: Cidade: | D9: Porto Alegre | G9: PERICULOSIDADE (30%) | I9: Não aplicável
A10: Salário Normativo | G10: Vlr. do salário e nº de horas correspondentes | H10: 220 | I10: 2162.6
A11: ISS | G11: =D9 -> Porto Alegre | H11: Alíquota | I11: 0.05
A12: Tarifa Transporte | G12: CCT | H12: Vr. Unitário | I12: 4.8
H13: Dias | I13: 22
H14: Desconto | I14: 0.03
A15: Auxílio Alimentação | G15: CCT | H15: Vr. Unitário | I15: 235
H16: Mês | I16: 1
H17: Desconto | I17: 0.15
A18: Auxílio Lanche | G18: CCT | H18: Vr. Unitário | I18: 0
H19: Dias | I19: 0
H20: Desconto | I20: 0
A21: Outros | G21: CCT | H21: Valor mensal | I21: Não aplicável
A22: Adicional de Supervisor (37%) | H22: Porcentagem | I22: Não aplicável
A23: Base de cálculo da insalubridade | H23: Valor | I23: 1412
A24: Quantitativo de horas trabalhadas em feriados no mês (estimado) - Não aplicável para postos 12x36 | H24: Horas por mês | I24: Não aplicável
H25: Acréscimo da hora extra | I25: Não aplicável
A26: Hora Intervalar (somente para postos 12x36, quando for o caso) | H26: Horas por mês | I26: Não aplicável
A27: Sem fornecimento de materiais ou apenas fornecimento de EPIs ou uniformes, utilizar 10%. Com fornecimento de materiais ou equipamentos, utilizar 20%. (Decreto 52.768/2015, alterado pelo Decreto 53.424/2017) | H27: Porcentagem | I27: 0.2
A29: MONTANTE A
A30: I | B30: Remuneração - Grupo I | H30: % | I30: Valor Mensal/unidade de serviço (R$)
A31: 1 | B31: Salário | H31: =I31/$I$40 -> 0.77682946 | I31: =IF(D6="12x36",I10,I10/H10*I5) -> 1966
A32: =A31+1 -> 2 | B32: Adicional Periculosidade 30% (Ver súmulas 364, 132 e 191 do TST) | H32: =I32/$I$40 -> 0 | I32: =IF(I9=30%,I31*I9,0) -> 0
A33: =A32+1 -> 3 | B33: Adicional Insalubridade 10% (Ver súmula 228 e 139 TST) | H33: =I33/$I$40 -> 0 | I33: =IF(I7=10%,I23*I7,0) -> 0
A34: =A33+1 -> 4 | B34: Adicional Insalubridade 20% (Ver súmula 228 e 139 TST) | H34: =I34/$I$40 -> 0 | I34: =IF(I7=20%,I23*I7,0) -> 0
A35: =A34+1 -> 5 | B35: Adicional Insalubridade 40% (Ver súmula 228 e 139 TST) | H35: =I35/$I$40 -> 0.22317054 | I35: =IF(I7=40%,I23*I7,0) -> 564.8
A36: =A35+1 -> 6 | B36: Adicional de Supervisor (IN 05/2017 MPOG SLTI) | H36: =I36/$I$40 -> 0 | I36: =IF(I22="Não aplicável",0,I31*I22) -> 0
A37: =A36+1 -> 7 | B37: Feriados | H37: =I37/$I$40 -> 0 | I37: =IF(I24="Não aplicável",0,(I31+I32+I33+I34+I35+I36+I39)/I5*I24*(1+I25)) -> 0
A38: =A37+1 -> 8 | B38: DSR = número total das horas extras do mês / número de dias úteis X domingos e feriados do mês X valor da hora extra com acréscimo | H38: =I38/$I$40 -> 0 | I38: =IF(I24="Não aplicável",0,I24/I13*5*(I10/H10*(1+I25))) -> 0
A39: =A38+1 -> 9 | B39: =IF(D6="12x36","Para postos 12x36 os feriados são considerados compensados, conforme parágrafo único, Art. 59-A da CLT","Outros") -> Outros | H39: =I39/$I$40 -> 0 | I39: 0
A40: Total de Remuneração | H40: =SUM(H31:H39) -> 1 | I40: =SUM(I31:I39) -> 2530.8
A42: II | B42: Encargos Sociais - Grupo II: Obrigações Sociais | H42: % | I42: Valor Mensal/unidade de serviço (R$)
A43: 1 | B43: INSS (art. 22, inc. I, Lei nº 8.212/91) | H43: 0.2 | I43: =$I$40*H43 -> 506.16
A44: 2 | B44: SESI ou SESC (art. 30, Lei nº 8.036/90) | H44: 0.015 | I44: =$I$40*H44 -> 37.962
A45: 3 | B45: SENAI ou SENAC (Decreto-Lei nº 2.318/86) | H45: 0.01 | I45: =$I$40*H45 -> 25.308
A46: 4 | B46: INCRA (art. 15I, Lei Complementar nº 011/71) | H46: 0.002 | I46: =$I$40*H46 -> 5.0616
A47: 5 | B47: SALÁRIO EDUCAÇÃO (art. , inc. I, Decreto nº 87.043/82) | H47: 0.025 | I47: =$I$40*H47 -> 63.27
A48: 6 | B48: FGTS (art. 15, Lei nº 8.036/90) | H48: 0.08 | I48: =$I$40*H48 -> 202.464
A49: 7 | B49: SEG. ACIDENTE DO TRABALHO 1%, 2% e 3% (art. 22, inc. II, alíneas "b" e "c", da Lei nº 8.212/91) | H49: 0.03 | I49: =$I$40*H49 -> 75.924
A50: 8 | B50: SEBRAE (§ 3º, art. 8º, Lei nº 8.029/90) | H50: 0.006 | I50: =$I$40*H50 -> 15.1848
A51: Total do Grupo II | H51: =SUM(H43:H50) -> 0.368 | I51: =SUM(I43:I50) -> 931.3344
A52: Os percentuais para o SAT podem variar de 0,50% a 6,00% em função do Fator de Acidente Previdenciário (FAP), Decreto nº 6.957/2009
A53: Deverá obrigatoriamente acompanhar a proposta de preços e a planilha de custos e formação de preços a prova do Fator Acidentário de Prevenção – FAP por meio de impressão de consulta ao site do Ministério da Previdência Social (que pode ser obtido no endereço eletrônico http://www2.dataprev.gov.br/fap/fap.htm), independentemente de alteração da alíquota da parcela do Seguro Acidente de Trabalho disposta no Quadro II da referida planilha.
A54: III | B54: Encargos Sociais - Grupo III: Tempo Não Trabalhado | H54: % | I54: Valor Mensal/unidade de serviço (R$)
A55: 1 | B55: FÉRIAS GOZADAS + ADICIONAL DE FÉRIAS | H55: 0.119314 | I55: =$I$40*H55 -> 301.95987
A56: 2 | B56: FALTAS ABONADAS (3) | H56: 0.020479 | I56: =$I$40*H56 -> 51.828253
A57: 3 | B57: FALTAS LEGAIS (4) | H57: 0.012123 | I57: =$I$40*H57 -> 30.680888
A58: 4 | B58: LICENÇA MATERNIDADE | H58: 0.011436 | I58: =$I$40*H58 -> 28.942229
A59: 5 | B59: LICENÇA PATERNIDADE | H59: 0.000174 | I59: =$I$40*H59 -> 0.4403592
A60: 6 | B60: ACIDENTE DE TRABALHO | H60: 0.000442 | I60: =$I$40*H60 -> 1.1186136
A61: 7 | B61: AVISO PRÉVIO TRABALHADO | H61: 0.000185 | I61: =$I$40*H61 -> 0.468198
A62: 8 | B62: 13º SALÁRIO | H62: 0.09079 | I62: =$I$40*H62 -> 229.77133
A63: Total do Grupo III | H63: =SUM(H55:H62) -> 0.254943 | I63: =SUM(I55:I62) -> 645.20974
A64: (3) | B64: Faltas Justificadas por Auxílio Doença
A65: (4) | B65: Faltas Legais - Art. 473 CLT
A66: IV | B66: Encargos Sociais - Grupo IV: Indenizações | H66: % | I66: Valor Mensal/unidade de serviço (R$)
A67: 1 | B67: INDENIZAÇÕES | H67: 0.023627 | I67: =$I$40*H67 -> 59.795212
A68: 2 | B68: FGTS SOBRE INDENIZAÇÕES | H68: 0.001717 | I68: =$I$40*H68 -> 4.3453836
A69: 3 | B69: INDENIZAÇÃO COMPENSATÓRIA POR DEMISSÃO SEM JUSTA CAUSA | H69: 0.009451 | I69: =$I$40*H69 -> 23.918591
A70: Total do Grupo IV | H70: =SUM(H67:H69) -> 0.034795 | I70: =SUM(I67:I69) -> 88.059186
A72: V | B72: Encargos Sociais - Grupo V: Incidências | H72: % | I72: Valor Mensal/unidade de serviço (R$)
A73: 1 | B73: INCIDÊNCIA GRUPO II (Obrigações Sociais) X GRUPO III (Tempo Não Trabalhado) | H73: =(H51*H63) -> 0.093819024 | I73: =$I$40*H73 -> 237.43719
A74: Total do Grupo V | H74: =SUM(H73:H73) -> 0.093819024 | I74: =I73 -> 237.43719
A76: TOTAL DOS ENCAGOS SOCIAIS (II + III + IV + V) | H76: =H51+H63+H70+H74 -> 0.75155702 | I76: =I51+I63+I70+I74 -> 1902.0405
A78: VI | B78: Demais custos relativos à Norma Coletiva ou Disposições Legais - Grupo VI | H78: % | I78: Valor Mensal/unidade de serviço (R$)
A79: 1 | B79: Auxílio Alimentação | H79: =I79/$I$40 -> 0.078927612 | I79: =I97 -> 199.75
A80: =A79+1 -> 2 | B80: Auxílio Lanche | H80: =I80/$I$40 -> 0 | I80: =I93 -> 0
A81: =A80+1 -> 3 | B81: Plano de Saúde | H81: =I81/$I$40 -> 0 | I81: 0
A82: =A81+1 -> 4 | B82: Vale-Transporte⁽⁵⁾ | H82: =I82/$I$40 -> 0.060146989 | I82: =I89 -> 152.22
A83: =A82+1 -> 5 | B83: Adicional Intervalar | H83: =I83/$I$40 -> 0 | I83: =IF(I26="Não aplicável",0,((I10/H10)*1.5*I26)) -> 0
A84: =A83+1 -> 6 | B84: Outros | H84: =I84/$I$40 -> 0 | I84: =IF(I21="Não aplicável",0,I21) -> 0
A85: Total do Grupo VI | H85: =SUM(H79:H84) -> 0.1390746 | I85: =SUM(I79:I84) -> 351.97
A86: (5) | B86: O valor do vale-transporte pode variar de acordo com o modal fornecido pelo empregador.
A87: MEMÓRIA DE CÁLCULO DO VALE TRANSPORTE
A88: Valor Unitário | C88: Dias de Trabalho | D88: Vale p/dia | E88: Custo total | F88: Base de cálculo | G88: Percentual de desconto | H88: Valor desconto | I88: Custo efetivo
A89: =I12 -> 4.8 | C89: =I13 -> 22 | D89: 2 | E89: =A89*C89*D89 -> 211.2 | F89: =I31 -> 1966 | G89: =I14 -> 0.03 | H89: =F89*G89 -> 58.98 | I89: =IF((E89-H89)>0,E89-H89,0) -> 152.22
A91: MEMÓRIA DE CÁLCULO DO VALE LANCHE
A92: Valor Unitário | C92: Dias por mês | D92: Vale p/dia | E92: Custo total | F92: Base de cálculo | G92: Percentual de desconto | H92: Valor desconto | I92: Custo efetivo
A93: =I18 -> 0 | C93: =I19 -> 0 | D93: 1 | E93: =A93*C93*D93 -> 0 | F93: =E93 -> 0 | G93: =I20 -> 0 | H93: =F93*G93 -> 0 | I93: =E93-H93 -> 0
A95: MEMÓRIA DE CÁLCULO DO | F95: =A15 -> Auxílio Alimentação
A96: Valor Unitário | C96: Dias por mês | D96: Vale p/dia | E96: Custo total | F96: Base de cálculo | G96: Percentual de desconto | H96: =H88 -> Valor desconto | I96: Custo efetivo
A97: =I15 -> 235 | C97: =I16 -> 1 | D97: 1 | E97: =A97*C97*D97 -> 235 | F97: =E97 -> 235 | G97: =I17 -> 0.15 | H97: =F97*G97 -> 35.25 | I97: =E97-H97 -> 199.75
A99: TOTAL DO MONTANTE A (I + II + III+ IV + V +VI) | H99: =H40+H76+H85 -> 1.8906316 | I99: =I40+I76+I85 -> 4784.8105
A101: MONTANTE B
A102: I | B102: Despesas Diretas | H102: % | I102: Valor Mensal/unidade de serviço (R$)
A103: 1 | B103: Transporte (6) | H103: =I103/$I$114 -> 0 | I103: 0
A104: 2 | B104: Uniformes/EPI (6a) | H104: =I104/$I$114 -> 0 | I104: =IF(F112=10%,G112,0) -> 0
A105: 3 | B105: Seguro de vida | H105: =I105/$I$114 -> 0 | I105: 0
A106: 4 | B106: Materiais/Equipamentos | H106: =I106/$I$114 -> 0 | I106: 0
A107: 5 | B107: Mobilização (7) | H107: =I107/$I$114 -> 0 | I107: 0
A108: 6 | B108: Outros (especificar) | H108: =I108/$I$114 -> 0 | I108: 0
A109: Total de Despesas Diretas | H109: =H103+H104+H105+H106+H107+H108 -> 0 | I109: =SUM(I103:I108) -> 0
B110: (6) Somente será preenchido quando o licitante fornecer transporte próprio (6a) EPI - Equipamento de Proteção Individual (7) Tais custos de mobilização não são renováveis, devendo ser eliminados após o primeiro ano de contrato caso haja prorrogação
...

Sheet Engenheiro 40h
A1: PLANILHA DE CUSTOS E FORMAÇÃO DE PREÇOS DE SERVIÇOS CONTINUADOS COM DEDICAÇÃO EXCLUSIVA DE MÃO DE OBRA (ANEXO III - DECRETO 52.768 de 15.12.2015)
A2: PROCESSO: | C2: 23/1244-0039138-3 | E2: REGIME DE TRIBUTAÇÃO: LUCRO REAL
A3: LICITAÇÃO/EDITAL | E3: ABERTURA:
A5: Cargo/Função: | D5: Engenheiro eletricista (40h) | G5: =IF(D6="12x36","Regime de trabalho:","Quantidade de HORAS/MÊS") -> Quantidade de HORAS/MÊS | I5: =IF(D6="12x36",D6,5*D6) -> 200
A6: =IF(D6="12x36","Regime de trabalho:","Regime de trabalho (horas semanais):") -> Regime de trabalho (horas semanais): | D6: 40
A7: Convenção Coletiva de Trabalho: | D7: - | G7: INSALUBRIDADE (10%, 20%, 40%) | I7: Não aplicável
A8: Origem do salário: | D8: PROA 23/1244-0039138-3 (fl. 426)
A9: Cidade: | D9: Porto Alegre | G9: PERICULOSIDADE (30%) | I9: Não aplicável
A10: Salário Normativo | G10: Vlr. do salário e nº de horas correspondentes | H10: 200 | I10: 10830.77
A11: ISS | G11: =D9 -> Porto Alegre | H11: Alíquota | I11: 0.05
A12: Tarifa Transporte | G12: CCT | H12: Vr. Unitário | I12: 4.8
H13: Dias | I13: 22
H14: Desconto | I14: 0.06
A15: Auxílio Alimentação | G15: CCT | H15: Vr. Unitário | I15: 0
H16: Dias | I16: 0
H17: Desconto | I17: 0
A18: Auxílio Lanche | G18: CCT | H18: Vr. Unitário | I18: 0
H19: Dias | I19: 0
H20: Desconto | I20: 0
A21: Outros | G21: CCT | H21: Valor mensal | I21: Não aplicável
A22: Adicional de Supervisor | H22: Porcentagem | I22: Não aplicável
A23: Base de cálculo da insalubridade | H23: Valor | I23: Não aplicável
A24: Quantitativo de horas trabalhadas em feriados no mês (estimado) - Não aplicável para postos 12x36 | H24: Horas por mês | I24: Não aplicável
H25: Acréscimo da hora extra | I25: Não aplicável
A26: Hora Intervalar (somente para postos 12x36, quando for o caso) | H26: Horas por mês | I26: Não aplicável
A27: Sem fornecimento de materiais ou apenas fornecimento de EPIs ou uniformes, utilizar 10%. Com fornecimento de materiais ou equipamentos, utilizar 20%. (Decreto 52.768/2015, alterado pelo Decreto 53.424/2017) | H27: Porcentagem | I27: 0.2
A29: MONTANTE A
A30: I | B30: Remuneração - Grupo I | H30: % | I30: Valor Mensal/unidade de serviço (R$)
A31: 1 | B31: Salário | H31: =I31/$I$40 -> 1 | I31: =IF(D6="12x36",I10,I10/H10*I5) -> 10830.77
A32: =A31+1 -> 2 | B32: Adicional Periculosidade 30% (Ver súmulas 364, 132 e 191 do TST) | H32: =I32/$I$40 -> 0 | I32: =IF(I9=30%,I31*I9,0) -> 0
A33: =A32+1 -> 3 | B33: Adicional Insalubridade 10% (Ver súmula 228 e 139 TST) | H33: =I33/$I$40 -> 0 | I33: =IF(I7=10%,I23*I7,0) -> 0
A34: =A33+1 -> 4 | B34: Adicional Insalubridade 20% (Ver súmula 228 e 139 TST) | H34: =I34/$I$40 -> 0 | I34: =IF(I7=20%,I23*I7,0) -> 0
A35: =A34+1 -> 5 | B35: Adicional Insalubridade 40% (Ver súmula 228 e 139 TST) | H35: =I35/$I$40 -> 0 | I35: =IF(I7=40%,I23*I7,0) -> 0
A36: =A35+1 -> 6 | B36: Adicional de Supervisor (IN 05/2017 MPOG SLTI) | H36: =I36/$I$40 -> 0 | I36: =IF(I22="Não aplicável",0,I31*I22) -> 0
A37: =A36+1 -> 7 | B37: Feriados | H37: =I37/$I$40 -> 0 | I37: =IF(I24="Não aplicável",0,(I31+I32+I33+I34+I35+I36+I39)/I5*I24*(1+I25)) -> 0
A38: =A37+1 -> 8 | B38: DSR = número total das horas extras do mês / número de dias úteis X domingos e feriados do mês X valor da hora extra com acréscimo | H38: =I38/$I$40 -> 0 | I38: =IF(I24="Não aplicável",0,I24/I13*5*(I10/H10*(1+I25))) -> 0
A39: =A38+1 -> 9 | B39: =IF(D6="12x36","Para postos 12x36 os feriados são considerados compensados, conforme parágrafo único, Art. 59-A da CLT","Outros") -> Outros | H39: =I39/$I$40 -> 0 | I39: 0
A40: Total de Remuneração | H40: =SUM(H31:H39) -> 1 | I40: =SUM(I31:I39) -> 10830.77
A42: II | B42: Encargos Sociais - Grupo II: Obrigações Sociais | H42: % | I42: Valor Mensal/unidade de serviço (R$)
A43: 1 | B43: INSS (art. 22, inc. I, Lei nº 8.212/91) | H43: 0.2 | I43: =$I$40*H43 -> 2166.154
A44: 2 | B44: SESI ou SESC (art. 30, Lei nº 8.036/90) | H44: 0.015 | I44: =$I$40*H44 -> 162.46155
A45: 3 | B45: SENAI ou SENAC (Decreto-Lei nº 2.318/86) | H45: 0.01 | I45: =$I$40*H45 -> 108.3077
A46: 4 | B46: INCRA (art. 15I, Lei Complementar nº 011/71) | H46: 0.002 | I46: =$I$40*H46 -> 21.66154
A47: 5 | B47: SALÁRIO EDUCAÇÃO (art. , inc. I, Decreto nº 87.043/82) | H47: 0.025 | I47: =$I$40*H47 -> 270.76925
A48: 6 | B48: FGTS (art. 15, Lei nº 8.036/90) | H48: 0.08 | I48: =$I$40*H48 -> 866.4616
A49: 7 | B49: SEG. ACIDENTE DO TRABALHO 1%, 2% e 3% (art. 22, inc. II, alíneas "b" e "c", da Lei nº 8.212/91) | H49: 0.03 | I49: =$I$40*H49 -> 324.9231
A50: 8 | B50: SEBRAE (§ 3º, art. 8º, Lei nº 8.029/90) | H50: 0.006 | I50: =$I$40*H50 -> 64.98462
A51: Total do Grupo II | H51: =SUM(H43:H50) -> 0.368 | I51: =SUM(I43:I50) -> 3985.7234
A52: Os percentuais para o SAT podem variar de 0,50% a 6,00% em função do Fator de Acidente Previdenciário (FAP), Decreto nº 6.957/2009
A53: Deverá obrigatoriamente acompanhar a proposta de preços e a planilha de custos e formação de preços a prova do Fator Acidentário de Prevenção – FAP por meio de impressão de consulta ao site do Ministério da Previdência Social (que pode ser obtido no endereço eletrônico http://www2.dataprev.gov.br/fap/fap.htm), independentemente de alteração da alíquota da parcela do Seguro Acidente de Trabalho disposta no Quadro II da referida planilha.
A54: III | B54: Encargos Sociais - Grupo III: Tempo Não Trabalhado | H54: % | I54: Valor Mensal/unidade de serviço (R$)
A55: 1 | B55: FÉRIAS GOZADAS + ADICIONAL DE FÉRIAS | H55: 0.119314 | I55: =$I$40*H55 -> 1292.2625
A56: 2 | B56: FALTAS ABONADAS (3) | H56: 0.020479 | I56: =$I$40*H56 -> 221.80334
A57: 3 | B57: FALTAS LEGAIS (4) | H57: 0.012123 | I57: =$I$40*H57 -> 131.30142
A58: 4 | B58: LICENÇA MATERNIDADE | H58: 0.011436 | I58: =$I$40*H58 -> 123.86069
A59: 5 | B59: LICENÇA PATERNIDADE | H59: 0.000174 | I59: =$I$40*H59 -> 1.884554
A60: 6 | B60: ACIDENTE DE TRABALHO | H60: 0.000442 | I60: =$I$40*H60 -> 4.7872003
A61: 7 | B61: AVISO PRÉVIO TRABALHADO | H61: 0.000185 | I61: =$I$40*H61 -> 2.0036924
A62: 8 | B62: 13º SALÁRIO | H62: 0.09079 | I62: =$I$40*H62 -> 983.32561
A63: Total do Grupo III | H63: =SUM(H55:H62) -> 0.254943 | I63: =SUM(I55:I62) -> 2761.229
A64: (3) | B64: Faltas Justificadas por Auxílio Doença
A65: (4) | B65: Faltas Legais - Art. 473 CLT
A66: IV | B66: Encargos Sociais - Grupo IV: Indenizações | H66: % | I66: Valor Mensal/unidade de serviço (R$)
A67: 1 | B67: INDENIZAÇÕES | H67: 0.023627 | I67: =$I$40*H67 -> 255.8986
A68: 2 | B68: FGTS SOBRE INDENIZAÇÕES | H68: 0.001717 | I68: =$I$40*H68 -> 18.596432
A69: 3 | B69: INDENIZAÇÃO COMPENSATÓRIA POR DEMISSÃO SEM JUSTA CAUSA | H69: 0.009451 | I69: =$I$40*H69 -> 102.36161
A70: Total do Grupo IV | H70: =SUM(H67:H69) -> 0.034795 | I70: =SUM(I67:I69) -> 376.85664
A72: V | B72: Encargos Sociais - Grupo V: Incidências | H72: % | I72: Valor Mensal/unidade de serviço (R$)
A73: 1 | B73: INCIDÊNCIA GRUPO II (Obrigações Sociais) X GRUPO III (Tempo Não Trabalhado) | H73: =(H51*H63) -> 0.093819024 | I73: =$I$40*H73 -> 1016.1323
A74: Total do Grupo V | H74: =SUM(H73:H73) -> 0.093819024 | I74: =I73 -> 1016.1323
A76: TOTAL DOS ENCAGOS SOCIAIS (II + III + IV + V) | H76: =H51+H63+H70+H74 -> 0.75155702 | I76: =I51+I63+I70+I74 -> 8139.9413
A78: VI | B78: Demais custos relativos à Norma Coletiva ou Disposições Legais - Grupo VI | H78: % | I78: Valor Mensal/unidade de serviço (R$)
A79: 1 | B79: Auxílio Alimentação | H79: =I79/$I$40 -> 0 | I79: =I97 -> 0
A80: =A79+1 -> 2 | B80: Auxílio Lanche | H80: =I80/$I$40 -> 0 | I80: =I93 -> 0
A81: =A80+1 -> 3 | B81: Plano de Saúde | H81: =I81/$I$40 -> 0 | I81: 0
A82: =A81+1 -> 4 | B82: Vale-Transporte⁽⁵⁾ | H82: =I82/$I$40 -> 0 | I82: =I89 -> 0
A83: =A82+1 -> 5 | B83: Adicional Intervalar | H83: =I83/$I$40 -> 0 | I83: =IF(I26="Não aplicável",0,((I10/H10)*1.5*I26)) -> 0
A84: =A83+1 -> 6 | B84: Outros | H84: =I84/$I$40 -> 0 | I84: =IF(I21="Não aplicável",0,I21) -> 0
A85: Total do Grupo VI | H85: =SUM(H79:H84) -> 0 | I85: =SUM(I79:I84) -> 0
A86: (5) | B86: O valor do vale-transporte pode variar de acordo com o modal fornecido pelo empregador.
A87: MEMÓRIA DE CÁLCULO DO VALE TRANSPORTE
A88: Valor Unitário | C88: Dias de Trabalho | D88: Vale p/dia | E88: Custo total | F88: Base de cálculo | G88: Percentual de desconto | H88: Valor desconto | I88: Custo efetivo
A89: =I12 -> 4.8 | C89: =I13 -> 22 | D89: 2 | E89: =A89*C89*D89 -> 211.2 | F89: =I31 -> 10830.77 | G89: =I14 -> 0.06 | H89: =F89*G89 -> 649.8462 | I89: =IF((E89-H89)>0,E89-H89,0) -> 0
A91: MEMÓRIA DE CÁLCULO DO VALE LANCHE
A92: Valor Unitário | C92: Dias por mês | D92: Vale p/dia | E92: Custo total | F92: Base de cálculo | G92: Percentual de desconto | H92: Valor desconto | I92: Custo efetivo
A93: =I18 -> 0 | C93: =I19 -> 0 | D93: 1 | E93: =A93*C93*D93 -> 0 | F93: =E93 -> 0 | G93: =I20 -> 0 | H93: =F93*G93 -> 0 | I93: =E93-H93 -> 0
A95: MEMÓRIA DE CÁLCULO DO | F95: =A15 -> Auxílio Alimentação
A96: Valor Unitário | C96: Dias por mês | D96: Vale p/dia | E96: Custo total | F96: Base de cálculo | G96: Percentual de desconto | H96: =H88 -> Valor desconto | I96: Custo efetivo
A97: =I15 -> 0 | C97: =I16 -> 0 | D97: 1 | E97: =A97*C97*D97 -> 0 | F97: =E97 -> 0 | G97: =I17 -> 0 | H97: =F97*G97 -> 0 | I97: =E97-H97 -> 0
A99: TOTAL DO MONTANTE A (I + II + III+ IV + V +VI) | H99: =H40+H76+H85 -> 1.751557 | I99: =I40+I76+I85 -> 18970.711
A101: MONTANTE B
A102: I | B102: Despesas Diretas | H102: % | I102: Valor Mensal/unidade de serviço (R$)
A103: 1 | B103: Transporte (6) | H103: =I103/$I$114 -> 0 | I103: 0
A104: 2 | B104: Uniformes/EPI (6a) | H104: =I104/$I$114 -> 0 | I104: =IF(F112=10%,G112,0) -> 0
A105: 3 | B105: Seguro de vida | H105: =I105/$I$114 -> 0 | I105: 0
A106: 4 | B106: Materiais/Equipamentos | H106: =I106/$I$114 -> 0 | I106: 0
A107: 5 | B107: Mobilização (7) | H107: =I107/$I$114 -> 0 | I107: 0
A108: 6 | B108: Outros (especificar) | H108: =I108/$I$114 -> 0 | I108: 0
A109: Total de Despesas Diretas | H109: =H103+H104+H105+H106+H107+H108 -> 0 | I109: =SUM(I103:I108) -> 0
B110: (6) Somente será preenchido quando o licitante fornecer transporte próprio (6a) EPI - Equipamento de Proteção Individual (7) Tais custos de mobilização não são renováveis, devendo ser eliminados após o primeiro ano de contrato caso haja prorrogação
...

Sheet Engenheiro 20h 
A1: PLANILHA DE CUSTOS E FORMAÇÃO DE PREÇOS DE SERVIÇOS CONTINUADOS COM DEDICAÇÃO EXCLUSIVA DE MÃO DE OBRA (ANEXO III - DECRETO 52.768 de 15.12.2015)
A2: PROCESSO: | C2: 23/1244-0039138-3 | E2: REGIME DE TRIBUTAÇÃO: LUCRO REAL
A3: LICITAÇÃO/EDITAL | E3: ABERTURA:
A5: Cargo/Função: | D5: Engenheiro eletricista (20h) | G5: =IF(D6="12x36","Regime de trabalho:","Quantidade de HORAS/MÊS") -> Quantidade de HORAS/MÊS | I5: =IF(D6="12x36",D6,5*D6) -> 100
A6: =IF(D6="12x36","Regime de trabalho:","Regime de trabalho (horas semanais):") -> Regime de trabalho (horas semanais): | D6: 20
A7: Convenção Coletiva de Trabalho: | D7: - | G7: INSALUBRIDADE (10%, 20%, 40%) | I7: Não aplicável
A8: Origem do salário: | D8: PROA 23/1244-0039138-3 (fl. 426)
A9: Cidade: | D9: Porto Alegre | G9: PERICULOSIDADE (30%) | I9: Não aplicável
A10: Salário Normativo | G10: Vlr. do salário e nº de horas correspondentes | H10: 200 | I10: 10830.77
A11: ISS | G11: =D9 -> Porto Alegre | H11: Alíquota | I11: 0.05
A12: Tarifa Transporte | G12: CCT | H12: Vr. Unitário | I12: 4.8
H13: Dias | I13: 22
H14: Desconto | I14: 0.06
A15: Auxílio Alimentação | G15: CCT | H15: Vr. Unitário | I15: 0
H16: Dias | I16: 0
H17: Desconto | I17: 0
A18: Auxílio Lanche | G18: CCT | H18: Vr. Unitário | I18: 0
H19: Dias | I19: 0
H20: Desconto | I20: 0
A21: Outros | G21: CCT | H21: Valor mensal | I21: Não aplicável
A22: Adicional de Supervisor | H22: Porcentagem | I22: Não aplicável
A23: Base de cálculo da insalubridade | H23: Valor | I23: Não aplicável
A24: Quantitativo de horas trabalhadas em feriados no mês (estimado) - Não aplicável para postos 12x36 | H24: Horas por mês | I24: Não aplicável
H25: Acréscimo da hora extra | I25: Não aplicável
A26: Hora Intervalar (somente para postos 12x36, quando for o caso) | H26: Horas por mês | I26: Não aplicável
A27: Sem fornecimento de materiais ou apenas fornecimento de EPIs ou uniformes, utilizar 10%. Com fornecimento de materiais ou equipamentos, utilizar 20%. (Decreto 52.768/2015, alterado pelo Decreto 53.424/2017) | H27: Porcentagem | I27: 0.2
A29: MONTANTE A
A30: I | B30: Remuneração - Grupo I | H30: % | I30: Valor Mensal/unidade de serviço (R$)
A31: 1 | B31: Salário | H31: =I31/$I$40 -> 1 | I31: =IF(D6="12x36",I10,I10/H10*I5) -> 5415.385
A32: =A31+1 -> 2 | B32: Adicional Periculosidade 30% (Ver súmulas 364, 132 e 191 do TST) | H32: =I32/$I$40 -> 0 | I32: =IF(I9=30%,I31*I9,0) -> 0
A33: =A32+1 -> 3 | B33: Adicional Insalubridade 10% (Ver súmula 228 e 139 TST) | H33: =I33/$I$40 -> 0 | I33: =IF(I7=10%,I23*I7,0) -> 0
A34: =A33+1 -> 4 | B34: Adicional Insalubridade 20% (Ver súmula 228 e 139 TST) | H34: =I34/$I$40 -> 0 | I34: =IF(I7=20%,I23*I7,0) -> 0
A35: =A34+1 -> 5 | B35: Adicional Insalubridade 40% (Ver súmula 228 e 139 TST) | H35: =I35/$I$40 -> 0 | I35: =IF(I7=40%,I23*I7,0) -> 0
A36: =A35+1 -> 6 | B36: Adicional de Supervisor (IN 05/2017 MPOG SLTI) | H36: =I36/$I$40 -> 0 | I36: =IF(I22="Não aplicável",0,I31*I22) -> 0
A37: =A36+1 -> 7 | B37: Feriados | H37: =I37/$I$40 -> 0 | I37: =IF(I24="Não aplicável",0,(I31+I32+I33+I34+I35+I36+I39)/I5*I24*(1+I25)) -> 0
A38: =A37+1 -> 8 | B38: DSR = número total das horas extras do mês / número de dias úteis X domingos e feriados do mês X valor da hora extra com acréscimo | H38: =I38/$I$40 -> 0 | I38: =IF(I24="Não aplicável",0,I24/I13*5*(I10/H10*(1+I25))) -> 0
A39: =A38+1 -> 9 | B39: =IF(D6="12x36","Para postos 12x36 os feriados são considerados compensados, conforme parágrafo único, Art. 59-A da CLT","Outros") -> Outros | H39: =I39/$I$40 -> 0 | I39: 0
A40: Total de Remuneração | H40: =SUM(H31:H39) -> 1 | I40: =SUM(I31:I39) -> 5415.385
A42: II | B42: Encargos Sociais - Grupo II: Obrigações Sociais | H42: % | I42: Valor Mensal/unidade de serviço (R$)
A43: 1 | B43: INSS (art. 22, inc. I, Lei nº 8.212/91) | H43: 0.2 | I43: =$I$40*H43 -> 1083.077
A44: 2 | B44: SESI ou SESC (art. 30, Lei nº 8.036/90) | H44: 0.015 | I44: =$I$40*H44 -> 81.230775
A45: 3 | B45: SENAI ou SENAC (Decreto-Lei nº 2.318/86) | H45: 0.01 | I45: =$I$40*H45 -> 54.15385
A46: 4 | B46: INCRA (art. 15I, Lei Complementar nº 011/71) | H46: 0.002 | I46: =$I$40*H46 -> 10.83077
A47: 5 | B47: SALÁRIO EDUCAÇÃO (art. , inc. I, Decreto nº 87.043/82) | H47: 0.025 | I47: =$I$40*H47 -> 135.38462
A48: 6 | B48: FGTS (art. 15, Lei nº 8.036/90) | H48: 0.08 | I48: =$I$40*H48 -> 433.2308
A49: 7 | B49: SEG. ACIDENTE DO TRABALHO 1%, 2% e 3% (art. 22, inc. II, alíneas "b" e "c", da Lei nº 8.212/91) | H49: 0.03 | I49: =$I$40*H49 -> 162.46155
A50: 8 | B50: SEBRAE (§ 3º, art. 8º, Lei nº 8.029/90) | H50: 0.006 | I50: =$I$40*H50 -> 32.49231
A51: Total do Grupo II | H51: =SUM(H43:H50) -> 0.368 | I51: =SUM(I43:I50) -> 1992.8617
A52: Os percentuais para o SAT podem variar de 0,50% a 6,00% em função do Fator de Acidente Previdenciário (FAP), Decreto nº 6.957/2009
A53: Deverá obrigatoriamente acompanhar a proposta de preços e a planilha de custos e formação de preços a prova do Fator Acidentário de Prevenção – FAP por meio de impressão de consulta ao site do Ministério da Previdência Social (que pode ser obtido no endereço eletrônico http://www2.dataprev.gov.br/fap/fap.htm), independentemente de alteração da alíquota da parcela do Seguro Acidente de Trabalho disposta no Quadro II da referida planilha.
A54: III | B54: Encargos Sociais - Grupo III: Tempo Não Trabalhado | H54: % | I54: Valor Mensal/unidade de serviço (R$)
A55: 1 | B55: FÉRIAS GOZADAS + ADICIONAL DE FÉRIAS | H55: 0.119314 | I55: =$I$40*H55 -> 646.13125
A56: 2 | B56: FALTAS ABONADAS (3) | H56: 0.020479 | I56: =$I$40*H56 -> 110.90167
A57: 3 | B57: FALTAS LEGAIS (4) | H57: 0.012123 | I57: =$I$40*H57 -> 65.650712
A58: 4 | B58: LICENÇA MATERNIDADE | H58: 0.011436 | I58: =$I$40*H58 -> 61.930343
A59: 5 | B59: LICENÇA PATERNIDADE | H59: 0.000174 | I59: =$I$40*H59 -> 0.94227699
A60: 6 | B60: ACIDENTE DE TRABALHO | H60: 0.000442 | I60: =$I$40*H60 -> 2.3936002
A61: 7 | B61: AVISO PRÉVIO TRABALHADO | H61: 0.000185 | I61: =$I$40*H61 -> 1.0018462
A62: 8 | B62: 13º SALÁRIO | H62: 0.09079 | I62: =$I$40*H62 -> 491.6628
A63: Total do Grupo III | H63: =SUM(H55:H62) -> 0.254943 | I63: =SUM(I55:I62) -> 1380.6145
A64: (3) | B64: Faltas Justificadas por Auxílio Doença
A65: (4) | B65: Faltas Legais - Art. 473 CLT
A66: IV | B66: Encargos Sociais - Grupo IV: Indenizações | H66: % | I66: Valor Mensal/unidade de serviço (R$)
A67: 1 | B67: INDENIZAÇÕES | H67: 0.023627 | I67: =$I$40*H67 -> 127.9493
A68: 2 | B68: FGTS SOBRE INDENIZAÇÕES | H68: 0.001717 | I68: =$I$40*H68 -> 9.298216
A69: 3 | B69: INDENIZAÇÃO COMPENSATÓRIA POR DEMISSÃO SEM JUSTA CAUSA | H69: 0.009451 | I69: =$I$40*H69 -> 51.180804
A70: Total do Grupo IV | H70: =SUM(H67:H69) -> 0.034795 | I70: =SUM(I67:I69) -> 188.42832
A72: V | B72: Encargos Sociais - Grupo V: Incidências | H72: % | I72: Valor Mensal/unidade de serviço (R$)
A73: 1 | B73: INCIDÊNCIA GRUPO II (Obrigações Sociais) X GRUPO III (Tempo Não Trabalhado) | H73: =(H51*H63) -> 0.093819024 | I73: =$I$40*H73 -> 508.06614
A74: Total do Grupo V | H74: =SUM(H73:H73) -> 0.093819024 | I74: =I73 -> 508.06614
A76: TOTAL DOS ENCAGOS SOCIAIS (II + III + IV + V) | H76: =H51+H63+H70+H74 -> 0.75155702 | I76: =I51+I63+I70+I74 -> 4069.9706
A78: VI | B78: Demais custos relativos à Norma Coletiva ou Disposições Legais - Grupo VI | H78: % | I78: Valor Mensal/unidade de serviço (R$)
A79: 1 | B79: Auxílio Alimentação | H79: =I79/$I$40 -> 0 | I79: =I97 -> 0
A80: =A79+1 -> 2 | B80: Auxílio Lanche | H80: =I80/$I$40 -> 0 | I80: =I93 -> 0
A81: =A80+1 -> 3 | B81: Plano de Saúde | H81: =I81/$I$40 -> 0 | I81: 0
A82: =A81+1 -> 4 | B82: Vale-Transporte⁽⁵⁾ | H82: =I82/$I$40 -> 0 | I82: =I89 -> 0
A83: =A82+1 -> 5 | B83: Adicional Intervalar | H83: =I83/$I$40 -> 0 | I83: =IF(I26="Não aplicável",0,((I10/H10)*1.5*I26)) -> 0
A84: =A83+1 -> 6 | B84: Outros | H84: =I84/$I$40 -> 0 | I84: =IF(I21="Não aplicável",0,I21) -> 0
A85: Total do Grupo VI | H85: =SUM(H79:H84) -> 0 | I85: =SUM(I79:I84) -> 0
A86: (5) | B86: O valor do vale-transporte pode variar de acordo com o modal fornecido pelo empregador.
A87: MEMÓRIA DE CÁLCULO DO VALE TRANSPORTE
A88: Valor Unitário | C88: Dias de Trabalho | D88: Vale p/dia | E88: Custo total | F88: Base de cálculo | G88: Percentual de desconto | H88: Valor desconto | I88: Custo efetivo
A89: =I12 -> 4.8 | C89: =I13 -> 22 | D89: 2 | E89: =A89*C89*D89 -> 211.2 | F89: =I31 -> 5415.385 | G89: =I14 -> 0.06 | H89: =F89*G89 -> 324.9231 | I89: =IF((E89-H89)>0,E89-H89,0) -> 0
A91: MEMÓRIA DE CÁLCULO DO VALE LANCHE
A92: Valor Unitário | C92: Dias por mês | D92: Vale p/dia | E92: Custo total | F92: Base de cálculo | G92: Percentual de desconto | H92: Valor desconto | I92: Custo efetivo
A93: =I18 -> 0 | C93: =I19 -> 0 | D93: 1 | E93: =A93*C93*D93 -> 0 | F93: =E93 -> 0 | G93: =I20 -> 0 | H93: =F93*G93 -> 0 | I93: =E93-H93 -> 0
A95: MEMÓRIA DE CÁLCULO DO | F95: =A15 -> Auxílio Alimentação
A96: Valor Unitário | C96: Dias por mês | D96: Vale p/dia | E96: Custo total | F96: Base de cálculo | G96: Percentual de desconto | H96: =H88 -> Valor desconto | I96: Custo efetivo
A97: =I15 -> 0 | C97: =I16 -> 0 | D97: 1 | E97: =A97*C97*D97 -> 0 | F97: =E97 -> 0 | G97: =I17 -> 0 | H97: =F97*G97 -> 0 | I97: =E97-H97 -> 0
A99: TOTAL DO MONTANTE A (I + II + III+ IV + V +VI) | H99: =H40+H76+H85 -> 1.751557 | I99: =I40+I76+I85 -> 9485.3556
A101: MONTANTE B
A102: I | B102: Despesas Diretas | H102: % | I102: Valor Mensal/unidade de serviço (R$)
A103: 1 | B103: Transporte (6) | H103: =I103/$I$114 -> 0 | I103: 0
A104: 2 | B104: Uniformes/EPI (6a) | H104: =I104/$I$114 -> 0 | I104: =IF(F112=10%,G112,0) -> 0
A105: 3 | B105: Seguro de vida | H105: =I105/$I$114 -> 0 | I105: 0
A106: 4 | B106: Materiais/Equipamentos | H106: =I106/$I$114 -> 0 | I106: 0
A107: 5 | B107: Mobilização (7) | H107: =I107/$I$114 -> 0 | I107: 0
A108: 6 | B108: Outros (especificar) | H108: =I108/$I$114 -> 0 | I108: 0
A109: Total de Despesas Diretas | H109: =H103+H104+H105+H106+H107+H108 -> 0 | I109: =SUM(I103:I108) -> 0
B110: (6) Somente será preenchido quando o licitante fornecer transporte próprio (6a) EPI - Equipamento de Proteção Individual (7) Tais custos de mobilização não são renováveis, devendo ser eliminados após o primeiro ano de contrato caso haja prorrogação
...

Sheet Arquiteto
A1: PLANILHA DE CUSTOS E FORMAÇÃO DE PREÇOS DE SERVIÇOS CONTINUADOS COM DEDICAÇÃO EXCLUSIVA DE MÃO DE OBRA (ANEXO III - DECRETO 52.768 de 15.12.2015)
A2: PROCESSO: | C2: 23/1244-0039138-3 | E2: REGIME DE TRIBUTAÇÃO: LUCRO REAL
A3: LICITAÇÃO/EDITAL | E3: ABERTURA:
A5: Cargo/Função: | D5: Arquiteto | G5: =IF(D6="12x36","Regime de trabalho:","Quantidade de HORAS/MÊS") -> Quantidade de HORAS/MÊS | I5: =IF(D6="12x36",D6,5*D6) -> 200
A6: =IF(D6="12x36","Regime de trabalho:","Regime de trabalho (horas semanais):") -> Regime de trabalho (horas semanais): | D6: 40
A7: Convenção Coletiva de Trabalho: | D7: - | G7: INSALUBRIDADE (10%, 20%, 40%) | I7: Não aplicável
A8: Origem do salário: | D8: PROA 23/1244-0039138-3 (fl. 426)
A9: Cidade: | D9: Porto Alegre | G9: PERICULOSIDADE (30%) | I9: Não aplicável
A10: Salário Normativo | G10: Vlr. do salário e nº de horas correspondentes | H10: 200 | I10: 10830.77
A11: ISS | G11: =D9 -> Porto Alegre | H11: Alíquota | I11: 0.05
A12: Tarifa Transporte | G12: CCT | H12: Vr. Unitário | I12: 4.8
H13: Dias | I13: 22
H14: Desconto | I14: 0.06
A15: Auxílio Alimentação | G15: CCT | H15: Vr. Unitário | I15: 0
H16: Dias | I16: 0
H17: Desconto | I17: 0
A18: Auxílio Lanche | G18: CCT | H18: Vr. Unitário | I18: 0
H19: Dias | I19: 0
H20: Desconto | I20: 0
A21: Outros | G21: CCT | H21: Valor mensal | I21: Não aplicável
A22: Adicional de Supervisor | H22: Porcentagem | I22: Não aplicável
A23: Base de cálculo da insalubridade | H23: Valor | I23: Não aplicável
A24: Quantitativo de horas trabalhadas em feriados no mês (estimado) - Não aplicável para postos 12x36 | H24: Horas por mês | I24: Não aplicável
H25: Acréscimo da hora extra | I25: Não aplicável
A26: Hora Intervalar (somente para postos 12x36, quando for o caso) | H26: Horas por mês | I26: Não aplicável
A27: Sem fornecimento de materiais ou apenas fornecimento de EPIs ou uniformes, utilizar 10%. Com fornecimento de materiais ou equipamentos, utilizar 20%. (Decreto 52.768/2015, alterado pelo Decreto 53.424/2017) | H27: Porcentagem | I27: 0.2
A29: MONTANTE A
A30: I | B30: Remuneração - Grupo I | H30: % | I30: Valor Mensal/unidade de serviço (R$)
A31: 1 | B31: Salário | H31: =I31/$I$40 -> 1 | I31: =IF(D6="12x36",I10,I10/H10*I5) -> 10830.77
A32: =A31+1 -> 2 | B32: Adicional Periculosidade 30% (Ver súmulas 364, 132 e 191 do TST) | H32: =I32/$I$40 -> 0 | I32: =IF(I9=30%,I31*I9,0) -> 0
A33: =A32+1 -> 3 | B33: Adicional Insalubridade 10% (Ver súmula 228 e 139 TST) | H33: =I33/$I$40 -> 0 | I33: =IF(I7=10%,I23*I7,0) -> 0
A34: =A33+1 -> 4 | B34: Adicional Insalubridade 20% (Ver súmula 228 e 139 TST) | H34: =I34/$I$40 -> 0 | I34: =IF(I7=20%,I23*I7,0) -> 0
A35: =A34+1 -> 5 | B35: Adicional Insalubridade 40% (Ver súmula 228 e 139 TST) | H35: =I35/$I$40 -> 0 | I35: =IF(I7=40%,I23*I7,0) -> 0
A36: =A35+1 -> 6 | B36: Adicional de Supervisor (IN 05/2017 MPOG SLTI) | H36: =I36/$I$40 -> 0 | I36: =IF(I22="Não aplicável",0,I31*I22) -> 0
A37: =A36+1 -> 7 | B37: Feriados | H37: =I37/$I$40 -> 0 | I37: =IF(I24="Não aplicável",0,(I31+I32+I33+I34+I35+I36+I39)/I5*I24*(1+I25)) -> 0
A38: =A37+1 -> 8 | B38: DSR = número total das horas extras do mês / número de dias úteis X domingos e feriados do mês X valor da hora extra com acréscimo | H38: =I38/$I$40 -> 0 | I38: =IF(I24="Não aplicável",0,I24/I13*5*(I10/H10*(1+I25))) -> 0
A39: =A38+1 -> 9 | B39: =IF(D6="12x36","Para postos 12x36 os feriados são considerados compensados, conforme parágrafo único, Art. 59-A da CLT","Outros") -> Outros | H39: =I39/$I$40 -> 0 | I39: 0
A40: Total de Remuneração | H40: =SUM(H31:H39) -> 1 | I40: =SUM(I31:I39) -> 10830.77
A42: II | B42: Encargos Sociais - Grupo II: Obrigações Sociais | H42: % | I42: Valor Mensal/unidade de serviço (R$)
A43: 1 | B43: INSS (art. 22, inc. I, Lei nº 8.212/91) | H43: 0.2 | I43: =$I$40*H43 -> 2166.154
A44: 2 | B44: SESI ou SESC (art. 30, Lei nº 8.036/90) | H44: 0.015 | I44: =$I$40*H44 -> 162.46155
A45: 3 | B45: SENAI ou SENAC (Decreto-Lei nº 2.318/86) | H45: 0.01 | I45: =$I$40*H45 -> 108.3077
A46: 4 | B46: INCRA (art. 15I, Lei Complementar nº 011/71) | H46: 0.002 | I46: =$I$40*H46 -> 21.66154
A47: 5 | B47: SALÁRIO EDUCAÇÃO (art. , inc. I, Decreto nº 87.043/82) | H47: 0.025 | I47: =$I$40*H47 -> 270.76925
A48: 6 | B48: FGTS (art. 15, Lei nº 8.036/90) | H48: 0.08 | I48: =$I$40*H48 -> 866.4616
A49: 7 | B49: SEG. ACIDENTE DO TRABALHO 1%, 2% e 3% (art. 22, inc. II, alíneas "b" e "c", da Lei nº 8.212/91) | H49: 0.03 | I49: =$I$40*H49 -> 324.9231
A50: 8 | B50: SEBRAE (§ 3º, art. 8º, Lei nº 8.029/90) | H50: 0.006 | I50: =$I$40*H50 -> 64.98462
A51: Total do Grupo II | H51: =SUM(H43:H50) -> 0.368 | I51: =SUM(I43:I50) -> 3985.7234
A52: Os percentuais para o SAT podem variar de 0,50% a 6,00% em função do Fator de Acidente Previdenciário (FAP), Decreto nº 6.957/2009
A53: Deverá obrigatoriamente acompanhar a proposta de preços e a planilha de custos e formação de preços a prova do Fator Acidentário de Prevenção – FAP por meio de impressão de consulta ao site do Ministério da Previdência Social (que pode ser obtido no endereço eletrônico http://www2.dataprev.gov.br/fap/fap.htm), independentemente de alteração da alíquota da parcela do Seguro Acidente de Trabalho disposta no Quadro II da referida planilha.
A54: III | B54: Encargos Sociais - Grupo III: Tempo Não Trabalhado | H54: % | I54: Valor Mensal/unidade de serviço (R$)
A55: 1 | B55: FÉRIAS GOZADAS + ADICIONAL DE FÉRIAS | H55: 0.119314 | I55: =$I$40*H55 -> 1292.2625
A56: 2 | B56: FALTAS ABONADAS (3) | H56: 0.020479 | I56: =$I$40*H56 -> 221.80334
A57: 3 | B57: FALTAS LEGAIS (4) | H57: 0.012123 | I57: =$I$40*H57 -> 131.30142
A58: 4 | B58: LICENÇA MATERNIDADE | H58: 0.011436 | I58: =$I$40*H58 -> 123.86069
A59: 5 | B59: LICENÇA PATERNIDADE | H59: 0.000174 | I59: =$I$40*H59 -> 1.884554
A60: 6 | B60: ACIDENTE DE TRABALHO | H60: 0.000442 | I60: =$I$40*H60 -> 4.7872003
A61: 7 | B61: AVISO PRÉVIO TRABALHADO | H61: 0.000185 | I61: =$I$40*H61 -> 2.0036924
A62: 8 | B62: 13º SALÁRIO | H62: 0.09079 | I62: =$I$40*H62 -> 983.32561
A63: Total do Grupo III | H63: =SUM(H55:H62) -> 0.254943 | I63: =SUM(I55:I62) -> 2761.229
A64: (3) | B64: Faltas Justificadas por Auxílio Doença
A65: (4) | B65: Faltas Legais - Art. 473 CLT
A66: IV | B66: Encargos Sociais - Grupo IV: Indenizações | H66: % | I66: Valor Mensal/unidade de serviço (R$)
A67: 1 | B67: INDENIZAÇÕES | H67: 0.023627 | I67: =$I$40*H67 -> 255.8986
A68: 2 | B68: FGTS SOBRE INDENIZAÇÕES | H68: 0.001717 | I68: =$I$40*H68 -> 18.596432
A69: 3 | B69: INDENIZAÇÃO COMPENSATÓRIA POR DEMISSÃO SEM JUSTA CAUSA | H69: 0.009451 | I69: =$I$40*H69 -> 102.36161
A70: Total do Grupo IV | H70: =SUM(H67:H69) -> 0.034795 | I70: =SUM(I67:I69) -> 376.85664
A72: V | B72: Encargos Sociais - Grupo V: Incidências | H72: % | I72: Valor Mensal/unidade de serviço (R$)
A73: 1 | B73: INCIDÊNCIA GRUPO II (Obrigações Sociais) X GRUPO III (Tempo Não Trabalhado) | H73: =(H51*H63) -> 0.093819024 | I73: =$I$40*H73 -> 1016.1323
A74: Total do Grupo V | H74: =SUM(H73:H73) -> 0.093819024 | I74: =I73 -> 1016.1323
A76: TOTAL DOS ENCAGOS SOCIAIS (II + III + IV + V) | H76: =H51+H63+H70+H74 -> 0.75155702 | I76: =I51+I63+I70+I74 -> 8139.9413
A78: VI | B78: Demais custos relativos à Norma Coletiva ou Disposições Legais - Grupo VI | H78: % | I78: Valor Mensal/unidade de serviço (R$)
A79: 1 | B79: Auxílio Alimentação | H79: =I79/$I$40 -> 0 | I79: =I97 -> 0
A80: =A79+1 -> 2 | B80: Auxílio Lanche | H80: =I80/$I$40 -> 0 | I80: =I93 -> 0
A81: =A80+1 -> 3 | B81: Plano de Saúde | H81: =I81/$I$40 -> 0 | I81: 0
A82: =A81+1 -> 4 | B82: Vale-Transporte⁽⁵⁾ | H82: =I82/$I$40 -> 0 | I82: =I89 -> 0
A83: =A82+1 -> 5 | B83: Adicional Intervalar | H83: =I83/$I$40 -> 0 | I83: =IF(I26="Não aplicável",0,((I10/H10)*1.5*I26)) -> 0
A84: =A83+1 -> 6 | B84: Outros | H84: =I84/$I$40 -> 0 | I84: =IF(I21="Não aplicável",0,I21) -> 0
A85: Total do Grupo VI | H85: =SUM(H79:H84) -> 0 | I85: =SUM(I79:I84) -> 0
A86: (5) | B86: O valor do vale-transporte pode variar de acordo com o modal fornecido pelo empregador.
A87: MEMÓRIA DE CÁLCULO DO VALE TRANSPORTE
A88: Valor Unitário | C88: Dias de Trabalho | D88: Vale p/dia | E88: Custo total | F88: Base de cálculo | G88: Percentual de desconto | H88: Valor desconto | I88: Custo efetivo
A89: =I12 -> 4.8 | C89: =I13 -> 22 | D89: 2 | E89: =A89*C89*D89 -> 211.2 | F89: =I31 -> 10830.77 | G89: =I14 -> 0.06 | H89: =F89*G89 -> 649.8462 | I89: =IF((E89-H89)>0,E89-H89,0) -> 0
A91: MEMÓRIA DE CÁLCULO DO VALE LANCHE
A92: Valor Unitário | C92: Dias por mês | D92: Vale p/dia | E92: Custo total | F92: Base de cálculo | G92: Percentual de desconto | H92: Valor desconto | I92: Custo efetivo
A93: =I18 -> 0 | C93: =I19 -> 0 | D93: 1 | E93: =A93*C93*D93 -> 0 | F93: =E93 -> 0 | G93: =I20 -> 0 | H93: =F93*G93 -> 0 | I93: =E93-H93 -> 0
A95: MEMÓRIA DE CÁLCULO DO | F95: =A15 -> Auxílio Alimentação
A96: Valor Unitário | C96: Dias por mês | D96: Vale p/dia | E96: Custo total | F96: Base de cálculo | G96: Percentual de desconto | H96: =H88 -> Valor desconto | I96: Custo efetivo
A97: =I15 -> 0 | C97: =I16 -> 0 | D97: 1 | E97: =A97*C97*D97 -> 0 | F97: =E97 -> 0 | G97: =I17 -> 0 | H97: =F97*G97 -> 0 | I97: =E97-H97 -> 0
A99: TOTAL DO MONTANTE A (I + II + III+ IV + V +VI) | H99: =H40+H76+H85 -> 1.751557 | I99: =I40+I76+I85 -> 18970.711
A101: MONTANTE B
A102: I | B102: Despesas Diretas | H102: % | I102: Valor Mensal/unidade de serviço (R$)
A103: 1 | B103: Transporte (6) | H103: =I103/$I$114 -> 0 | I103: 0
A104: 2 | B104: Uniformes/EPI (6a) | H104: =I104/$I$114 -> 0 | I104: =IF(F112=10%,G112,0) -> 0
A105: 3 | B105: Seguro de vida | H105: =I105/$I$114 -> 0 | I105: 0
A106: 4 | B106: Materiais/Equipamentos | H106: =I106/$I$114 -> 0 | I106: 0
A107: 5 | B107: Mobilização (7) | H107: =I107/$I$114 -> 0 | I107: 0
A108: 6 | B108: Outros (especificar) | H108: =I108/$I$114 -> 0 | I108: 0
A109: Total de Despesas Diretas | H109: =H103+H104+H105+H106+H107+H108 -> 0 | I109: =SUM(I103:I108) -> 0
B110: (6) Somente será preenchido quando o licitante fornecer transporte próprio (6a) EPI - Equipamento de Proteção Individual (7) Tais custos de mobilização não são renováveis, devendo ser eliminados após o primeiro ano de contrato caso haja prorrogação
...

Sheet Gerente de Manut
A1: PLANILHA DE CUSTOS E FORMAÇÃO DE PREÇOS DE SERVIÇOS CONTINUADOS COM DEDICAÇÃO EXCLUSIVA DE MÃO DE OBRA (ANEXO III - DECRETO 52.768 de 15.12.2015)
A2: PROCESSO: | C2: 23/1244-0039138-3 | E2: REGIME DE TRIBUTAÇÃO: LUCRO REAL
A3: LICITAÇÃO/EDITAL | E3: ABERTURA:
A5: Cargo/Função: | D5: Gerente de Manutenção (técnico em edificações com experiência como encarregado ou gerente de manutenção, comprovada em carteira de trabalho) | G5: =IF(D6="12x36","Regime de trabalho:","Quantidade de HORAS/MÊS") -> Quantidade de HORAS/MÊS | I5: =IF(D6="12x36",D6,5*D6) -> 200
A6: =IF(D6="12x36","Regime de trabalho:","Regime de trabalho (horas semanais):") -> Regime de trabalho (horas semanais): | D6: 40
A7: Convenção Coletiva de Trabalho: | D7: RS002555/2024 | G7: INSALUBRIDADE (10%, 20%, 40%) | I7: Não aplicável
A8: Origem do salário: | D8: RS002555/2024
A9: Cidade: | D9: Porto Alegre | G9: PERICULOSIDADE (30%) | I9: Não aplicável
A10: Salário Normativo | G10: Vlr. do salário e nº de horas correspondentes | H10: 220 | I10: 3313.2
A11: ISS | G11: =D9 -> Porto Alegre | H11: Alíquota | I11: 0.05
A12: Tarifa Transporte | G12: CCT | H12: Vr. Unitário | I12: 4.8
H13: Dias | I13: 22
H14: Desconto | I14: 0.06
A15: Auxílio Alimentação | G15: CCT | H15: Vr. Unitário | I15: 0
H16: Dias | I16: 22
H17: Desconto | I17: 0
A18: Auxílio Lanche | G18: CCT | H18: Vr. Unitário | I18: 0
H19: Dias | I19: 0
H20: Desconto | I20: 0
A21: Outros | G21: CCT | H21: Valor mensal | I21: Não aplicável
A22: Adicional de Supervisor (40%) | H22: Porcentagem | I22: 0.4
A23: Base de cálculo da insalubridade | H23: Valor | I23: Não aplicável
A24: Quantitativo de horas trabalhadas em feriados no mês (estimado) - Não aplicável para postos 12x36 | H24: Horas por mês | I24: Não aplicável
H25: Acréscimo da hora extra | I25: Não aplicável
A26: Hora Intervalar (somente para postos 12x36, quando for o caso) | H26: Horas por mês | I26: Não aplicável
A27: Sem fornecimento de materiais ou apenas fornecimento de EPIs ou uniformes, utilizar 10%. Com fornecimento de materiais ou equipamentos, utilizar 20%. (Decreto 52.768/2015, alterado pelo Decreto 53.424/2017) | H27: Porcentagem | I27: 0.2
A29: MONTANTE A
A30: I | B30: Remuneração - Grupo I | H30: % | I30: Valor Mensal/unidade de serviço (R$)
A31: 1 | B31: Salário | H31: =I31/$I$40 -> 0.71428571 | I31: =IF(D6="12x36",I10,I10/H10*I5) -> 3012
A32: =A31+1 -> 2 | B32: Adicional Periculosidade 30% (Ver súmulas 364, 132 e 191 do TST) | H32: =I32/$I$40 -> 0 | I32: =IF(I9=30%,I31*I9,0) -> 0
A33: =A32+1 -> 3 | B33: Adicional Insalubridade 10% (Ver súmula 228 e 139 TST) | H33: =I33/$I$40 -> 0 | I33: =IF(I7=10%,I23*I7,0) -> 0
A34: =A33+1 -> 4 | B34: Adicional Insalubridade 20% (Ver súmula 228 e 139 TST) | H34: =I34/$I$40 -> 0 | I34: =IF(I7=20%,I23*I7,0) -> 0
A35: =A34+1 -> 5 | B35: Adicional Insalubridade 40% (Ver súmula 228 e 139 TST) | H35: =I35/$I$40 -> 0 | I35: =IF(I7=40%,I23*I7,0) -> 0
A36: =A35+1 -> 6 | B36: Adicional de Supervisor (IN 05/2017 MPOG SLTI) | H36: =I36/$I$40 -> 0.28571429 | I36: =IF(I22="Não aplicável",0,I31*I22) -> 1204.8
A37: =A36+1 -> 7 | B37: Feriados | H37: =I37/$I$40 -> 0 | I37: =IF(I24="Não aplicável",0,(I31+I32+I33+I34+I35+I36+I39)/I5*I24*(1+I25)) -> 0
A38: =A37+1 -> 8 | B38: DSR = número total das horas extras do mês / número de dias úteis X domingos e feriados do mês X valor da hora extra com acréscimo | H38: =I38/$I$40 -> 0 | I38: =IF(I24="Não aplicável",0,I24/I13*5*(I10/H10*(1+I25))) -> 0
A39: =A38+1 -> 9 | B39: =IF(D6="12x36","Para postos 12x36 os feriados são considerados compensados, conforme parágrafo único, Art. 59-A da CLT","Outros") -> Outros | H39: =I39/$I$40 -> 0 | I39: 0
A40: Total de Remuneração | H40: =SUM(H31:H39) -> 1 | I40: =SUM(I31:I39) -> 4216.8
A42: II | B42: Encargos Sociais - Grupo II: Obrigações Sociais | H42: % | I42: Valor Mensal/unidade de serviço (R$)
A43: 1 | B43: INSS (art. 22, inc. I, Lei nº 8.212/91) | H43: 0.2 | I43: =$I$40*H43 -> 843.36
A44: 2 | B44: SESI ou SESC (art. 30, Lei nº 8.036/90) | H44: 0.015 | I44: =$I$40*H44 -> 63.252
A45: 3 | B45: SENAI ou SENAC (Decreto-Lei nº 2.318/86) | H45: 0.01 | I45: =$I$40*H45 -> 42.168
A46: 4 | B46: INCRA (art. 15I, Lei Complementar nº 011/71) | H46: 0.002 | I46: =$I$40*H46 -> 8.4336
A47: 5 | B47: SALÁRIO EDUCAÇÃO (art. , inc. I, Decreto nº 87.043/82) | H47: 0.025 | I47: =$I$40*H47 -> 105.42
A48: 6 | B48: FGTS (art. 15, Lei nº 8.036/90) | H48: 0.08 | I48: =$I$40*H48 -> 337.344
A49: 7 | B49: SEG. ACIDENTE DO TRABALHO 1%, 2% e 3% (art. 22, inc. II, alíneas "b" e "c", da Lei nº 8.212/91) | H49: 0.03 | I49: =$I$40*H49 -> 126.504
A50: 8 | B50: SEBRAE (§ 3º, art. 8º, Lei nº 8.029/90) | H50: 0.006 | I50: =$I$40*H50 -> 25.3008
A51: Total do Grupo II | H51: =SUM(H43:H50) -> 0.368 | I51: =SUM(I43:I50) -> 1551.7824
A52: Os percentuais para o SAT podem variar de 0,50% a 6,00% em função do Fator de Acidente Previdenciário (FAP), Decreto nº 6.957/2009
A53: Deverá obrigatoriamente acompanhar a proposta de preços e a planilha de custos e formação de preços a prova do Fator Acidentário de Prevenção – FAP por meio de impressão de consulta ao site do Ministério da Previdência Social (que pode ser obtido no endereço eletrônico http://www2.dataprev.gov.br/fap/fap.htm), independentemente de alteração da alíquota da parcela do Seguro Acidente de Trabalho disposta no Quadro II da referida planilha.
A54: III | B54: Encargos Sociais - Grupo III: Tempo Não Trabalhado | H54: % | I54: Valor Mensal/unidade de serviço (R$)
A55: 1 | B55: FÉRIAS GOZADAS + ADICIONAL DE FÉRIAS | H55: 0.119314 | I55: =$I$40*H55 -> 503.12328
A56: 2 | B56: FALTAS ABONADAS (3) | H56: 0.020479 | I56: =$I$40*H56 -> 86.355847
A57: 3 | B57: FALTAS LEGAIS (4) | H57: 0.012123 | I57: =$I$40*H57 -> 51.120266
A58: 4 | B58: LICENÇA MATERNIDADE | H58: 0.011436 | I58: =$I$40*H58 -> 48.223325
A59: 5 | B59: LICENÇA PATERNIDADE | H59: 0.000174 | I59: =$I$40*H59 -> 0.7337232
A60: 6 | B60: ACIDENTE DE TRABALHO | H60: 0.000442 | I60: =$I$40*H60 -> 1.8638256
A61: 7 | B61: AVISO PRÉVIO TRABALHADO | H61: 0.000185 | I61: =$I$40*H61 -> 0.780108
A62: 8 | B62: 13º SALÁRIO | H62: 0.09079 | I62: =$I$40*H62 -> 382.84327
A63: Total do Grupo III | H63: =SUM(H55:H62) -> 0.254943 | I63: =SUM(I55:I62) -> 1075.0436
A64: (3) | B64: Faltas Justificadas por Auxílio Doença
A65: (4) | B65: Faltas Legais - Art. 473 CLT
A66: IV | B66: Encargos Sociais - Grupo IV: Indenizações | H66: % | I66: Valor Mensal/unidade de serviço (R$)
A67: 1 | B67: INDENIZAÇÕES | H67: 0.023627 | I67: =$I$40*H67 -> 99.630334
A68: 2 | B68: FGTS SOBRE INDENIZAÇÕES | H68: 0.001717 | I68: =$I$40*H68 -> 7.2402456
A69: 3 | B69: INDENIZAÇÃO COMPENSATÓRIA POR DEMISSÃO SEM JUSTA CAUSA | H69: 0.009451 | I69: =$I$40*H69 -> 39.852977
A70: Total do Grupo IV | H70: =SUM(H67:H69) -> 0.034795 | I70: =SUM(I67:I69) -> 146.72356
A72: V | B72: Encargos Sociais - Grupo V: Incidências | H72: % | I72: Valor Mensal/unidade de serviço (R$)
A73: 1 | B73: INCIDÊNCIA GRUPO II (Obrigações Sociais) X GRUPO III (Tempo Não Trabalhado) | H73: =(H51*H63) -> 0.093819024 | I73: =$I$40*H73 -> 395.61606
A74: Total do Grupo V | H74: =SUM(H73:H73) -> 0.093819024 | I74: =I73 -> 395.61606
A76: TOTAL DOS ENCAGOS SOCIAIS (II + III + IV + V) | H76: =H51+H63+H70+H74 -> 0.75155702 | I76: =I51+I63+I70+I74 -> 3169.1657
A78: VI | B78: Demais custos relativos à Norma Coletiva ou Disposições Legais - Grupo VI | H78: % | I78: Valor Mensal/unidade de serviço (R$)
A79: 1 | B79: Auxílio Alimentação | H79: =I79/$I$40 -> 0 | I79: =I97 -> 0
A80: =A79+1 -> 2 | B80: Auxílio Lanche | H80: =I80/$I$40 -> 0 | I80: =I93 -> 0
A81: =A80+1 -> 3 | B81: Plano de Saúde | H81: =I81/$I$40 -> 0 | I81: 0
A82: =A81+1 -> 4 | B82: Vale-Transporte⁽⁵⁾ | H82: =I82/$I$40 -> 0.0072282299 | I82: =I89 -> 30.48
A83: =A82+1 -> 5 | B83: Adicional Intervalar | H83: =I83/$I$40 -> 0 | I83: =IF(I26="Não aplicável",0,((I10/H10)*1.5*I26)) -> 0
A84: =A83+1 -> 6 | B84: Outros | H84: =I84/$I$40 -> 0 | I84: =IF(I21="Não aplicável",0,I21) -> 0
A85: Total do Grupo VI | H85: =SUM(H79:H84) -> 0.0072282299 | I85: =SUM(I79:I84) -> 30.48
A86: (5) | B86: O valor do vale-transporte pode variar de acordo com o modal fornecido pelo empregador.
A87: MEMÓRIA DE CÁLCULO DO VALE TRANSPORTE
A88: Valor Unitário | C88: Dias de Trabalho | D88: Vale p/dia | E88: Custo total | F88: Base de cálculo | G88: Percentual de desconto | H88: Valor desconto | I88: Custo efetivo
A89: =I12 -> 4.8 | C89: =I13 -> 22 | D89: 2 | E89: =A89*C89*D89 -> 211.2 | F89: =I31 -> 3012 | G89: =I14 -> 0.06 | H89: =F89*G89 -> 180.72 | I89: =IF((E89-H89)>0,E89-H89,0) -> 30.48
A91: MEMÓRIA DE CÁLCULO DO VALE LANCHE
A92: Valor Unitário | C92: Dias por mês | D92: Vale p/dia | E92: Custo total | F92: Base de cálculo | G92: Percentual de desconto | H92: Valor desconto | I92: Custo efetivo
A93: =I18 -> 0 | C93: =I19 -> 0 | D93: 1 | E93: =A93*C93*D93 -> 0 | F93: =E93 -> 0 | G93: =I20 -> 0 | H93: =F93*G93 -> 0 | I93: =E93-H93 -> 0
A95: MEMÓRIA DE CÁLCULO DO | F95: =A15 -> Auxílio Alimentação
A96: Valor Unitário | C96: Dias por mês | D96: Vale p/dia | E96: Custo total | F96: Base de cálculo | G96: Percentual de desconto | H96: =H88 -> Valor desconto | I96: Custo efetivo
A97: =I15 -> 0 | C97: =I16 -> 22 | D97: 1 | E97: =A97*C97*D97 -> 0 | F97: =E97 -> 0 | G97: =I17 -> 0 | H97: =F97*G97 -> 0 | I97: =E97-H97 -> 0
A99: TOTAL DO MONTANTE A (I + II + III+ IV + V +VI) | H99: =H40+H76+H85 -> 1.7587853 | I99: =I40+I76+I85 -> 7416.4457
A101: MONTANTE B
A102: I | B102: Despesas Diretas | H102: % | I102: Valor Mensal/unidade de serviço (R$)
A103: 1 | B103: Transporte (6) | H103: =I103/$I$114 -> 0 | I103: 0
A104: 2 | B104: Uniformes/EPI (6a) | H104: =I104/$I$114 -> 0 | I104: =IF(F112=10%,G112,0) -> 0
A105: 3 | B105: Seguro de vida | H105: =I105/$I$114 -> 0 | I105: 0
A106: 4 | B106: Materiais/Equipamentos | H106: =I106/$I$114 -> 0 | I106: 0
A107: 5 | B107: Mobilização (7) | H107: =I107/$I$114 -> 0 | I107: 0
A108: 6 | B108: Outros (especificar) | H108: =I108/$I$114 -> 0 | I108: 0
A109: Total de Despesas Diretas | H109: =H103+H104+H105+H106+H107+H108 -> 0 | I109: =SUM(I103:I108) -> 0
B110: (6) Somente será preenchido quando o licitante fornecer transporte próprio (6a) EPI - Equipamento de Proteção Individual (7) Tais custos de mobilização não são renováveis, devendo ser eliminados após o primeiro ano de contrato caso haja prorrogação
...

Sheet Resumo
A1: Quadro Resumo Mensal
A2: Função | B2: Valor Unitário | C2: Nº de Postos | D2: Valor Total
A3: Engenheiro Eletricista (40h) | B3: ='Engenheiro 40h'!I174 -> 22123.278 | C3: 1 | D3: =C3*B3 -> 22123.278
A4: Engenheiro Eletricista (20h) | B4: ='Engenheiro 20h '!I174 -> 11061.639 | C4: 1 | D4: =C4*B4 -> 11061.639
A5: Arquiteto | B5: =Arquiteto!I174 -> 22123.278 | C5: 1 | D5: =C5*B5 -> 22123.278
A6: Técnico em segurança do trabalho | B6: ='Tec segurança trab'!I174 -> 6732.3787 | C6: 1 | D6: =C6*B6 -> 6732.3787
A7: Gerente de manutenção | B7: ='Gerente de Manut'!I174 -> 8648.9162 | C7: 1 | D7: =C7*B7 -> 8648.9162
A8: Almoxarife | B8: =Almoxarife!I174 -> 4633.7895 | C8: 1 | D8: =C8*B8 -> 4633.7895
A9: Técnico em edificações | B9: ='Téc edificações'!I174 -> 6187.9531 | C9: 3 | D9: =C9*B9 -> 18563.859
A10: Técnico eletricista | B10: ='Téc eletricista'!I174 -> 8033.6754 | C10: 2 | D10: =C10*B10 -> 16067.351
A11: Técnico em telecomunicações e rede lógica/sistema cabeado | B11: ='Téc telecomun'!I174 -> 6187.9531 | C11: 2 | D11: =C11*B11 -> 12375.906
A12: Hidráulico | B12: =Hidráulico!I174 -> 5579.954 | C12: 1 | D12: =C12*B12 -> 5579.954
A13: Marceneiros/carpinteiros | B13: =MarcenCarpint!I174 -> 4633.7895 | C13: 2 | D13: =C13*B13 -> 9267.5791
A14: Técnico em Refrigeração | B14: ='Téc refriger'!I174 -> 6187.9531 | C14: 1 | D14: =C14*B14 -> 6187.9531
A15: Pedreiro | B15: =Pedreiro!I174 -> 4633.7895 | C15: 1 | D15: =C15*B15 -> 4633.7895
A16: Auxiliar de Manutenção | B16: ='Aux de Manutenção'!I174 -> 5048.4222 | C16: 5 | D16: =C16*B16 -> 25242.111
A17: Pintor | B17: =Pintor!I174 -> 4633.7895 | C17: 1 | D17: =C17*B17 -> 4633.7895
A18: Gesseiro | B18: =Gesseiro!I174 -> 4633.7895 | C18: 1 | D18: =C18*B18 -> 4633.7895
A19: TOTAL | C19: =SUM(C3:C18) -> 25 | D19: =SUM(D3:D18) -> 182509.36
I106: 0
I117: 0
I118: 0
I122: 0
